Workbook

Sheet SEPTIEMBRE DECE-5
B8: ÀREA FINANCIERA | M8: DECE-5
A10: UNIDAD DE CIRUGIA CARDIOVASCULAR DE GUATEMALA
A11: 5a. AVENIDA 6-22 ZONA 11
A12: dgunicar@yahoo.es Tel. 24163000
A14: Programación y ejecucion mensual por tipo de gasto año 2024, Expresado en Quetzales primer cuatrimestre 2024
A15: No. | B15: CATEGORIA DEL GASTO DE FUNCIONAMIENTO | E15: Enero | G15: Febrero | I15: Marzo | K15: Abril | M15: Total Cuatrimestre
E16: PROG. | F16: EJECUTADO | G16: PROG. | H16: EJECUTADO | I16: PROG. | J16: EJECUTADO | K16: PROG. | L16: EJECUTADO | M16: PROG. | N16: EJECUTADO
B17: RECURSO HUMANO
A18: 011 | B18: SUELOS Y SALARIOS | E18: 3606534.1 | F18: 3001907.1 | G18: 3606534.1 | H18: 3000995.4 | I18: 3606534.1 | J18: 3740944 | K18: 3606534.1 | L18: 3231004 | M18: =+E18+G18+I18+K18 -> 14426136 | N18: =+F18+H18+J18+L18 -> 12974851
B19: BONO 14 | E19: 0 | F19: 0 | G19: 0 | H19: 0 | I19: 0 | J19: 0 | K19: 0 | L19: 0 | M19: =+E19+G19+I19+K19 -> 0 | N19: =+F19+H19+J19+L19 -> 0
B20: CUOTA PATRONAL | E20: 0 | F20: 0 | G20: 0 | H20: 0 | I20: 0 | J20: 1192233.1 | K20: 0 | L20: 395269.37 | M20: =+E20+G20+I20+K20 -> 0 | N20: =+F20+H20+J20+L20 -> 1587502.4
B21: TOTAL RECURSO HUMANO | E21: =SUM(E18:E20) -> 3606534.1 | F21: =SUM(F18:F20) -> 3001907.1 | G21: =SUM(G18:G20) -> 3606534.1 | H21: =SUM(H18:H20) -> 3000995.4 | I21: =SUM(I18:I20) -> 3606534.1 | J21: =SUM(J18:J20) -> 4933177.1 | K21: =SUM(K18:K20) -> 3606534.1 | L21: =SUM(L18:L20) -> 3626273.4 | ... N21: =SUM(N18:N20) -> 14562353
B23: GASTOS DE OPERACIÓN
A24: 111 | B24: ENERGIA ELECTRICA | C24: ENERGIA ELECTRICA | D24: =C24=B24 -> TRUE | G24: 98000 | I24: 98000 | J24: 101723 | K24: 98000 | L24: 107641.7 | M24: =+E24+G24+I24+K24 -> 294000 | N24: =+F24+H24+J24+L24 -> 209364.7
A25: 113 | B25: SERVICIO DE INTERNET Y TELEFONIA | C25: SERVICIO DE INTERNET Y TELEFONIA | D25: =C25=B25 -> TRUE | G25: 11595 | H25: 11403.26 | I25: 11595 | J25: 11384.76 | K25: 11595 | L25: 11897.66 | M25: =+E25+G25+I25+K25 -> 34785 | N25: =+F25+H25+J25+L25 -> 34685.68
A26: 122 | B26: IMPRESIÓN, ENCUADERNACION Y REPRODUCCION | C26: IMPRESIÓN, ENCUADERNACION Y REPRODUCCION | D26: =C26=B26 -> TRUE | G26: 0 | I26: 8510.25 | J26: 0 | K26: 8510.25 | L26: 0 | M26: =+E26+G26+I26+K26 -> 17020.5 | N26: =+F26+H26+J26+L26 -> 0
A27: 163 | B27: MANT. Y REP. EQUIPO MEDICO SANITARIO Y DE LAB. | C27: MANT. Y REP. EQUIPO MEDICO SANITARIO Y DE LAB. | D27: =C27=B27 -> TRUE | G27: 14200 | I27: =214457+40000 -> 254457 | J27: 0 | K27: 40000 | L27: 31050 | M27: =+E27+G27+I27+K27 -> 308657 | N27: =+F27+H27+J27+L27 -> 31050
A28: 169 | B28: MANT. Y REP. DE OTRAS MAQ. Y EQUIPO | C28: MANT. Y REP. DE OTRAS MAQ. Y EQUIPO | D28: =C28=B28 -> TRUE | G28: 0 | I28: 0 | J28: 0 | K28: 20000 | L28: 0 | M28: =+E28+G28+I28+K28 -> 20000 | N28: =+F28+H28+J28+L28 -> 0
A29: 171 | B29: MANT. Y REPARACION DE EDIFICIOS | C29: MANT. Y REPARACION DE EDIFICIOS | D29: =C29=B29 -> TRUE | G29: 0 | I29: 20000 | J29: 0 | K29: 12810 | L29: 1200 | M29: =+E29+G29+I29+K29 -> 32810 | N29: =+F29+H29+J29+L29 -> 1200
A30: 174 | B30: MANT. Y REP. DE INSTALACIONES | C30: MANT. Y REP. DE INSTALACIONES | D30: =C30=B30 -> TRUE | E30: 3340 | G30: 3340 | I30: =4765+2000 -> 6765 | J30: 6370 | K30: =4765+2000 -> 6765 | L30: 5885 | M30: =+E30+G30+I30+K30 -> 20210 | N30: =+F30+H30+J30+L30 -> 12255
A31: 182 | B31: SERVICIOS MEDICO-SANITARIOS | C31: SERVICIOS MEDICO-SANITARIOS | D31: =C31=B31 -> TRUE | G31: 100775 | I31: 100125 | J31: 148800 | K31: 98100 | L31: 60500 | M31: =+E31+G31+I31+K31 -> 299000 | N31: =+F31+H31+J31+L31 -> 209300
A32: 197 | B32: SERVICIOS DE VIGILANCIA | C32: SERVICIOS DE VIGILANCIA | D32: =C32=B32 -> TRUE | G32: 0 | I32: 65000 | J32: 0 | K32: 65000 | L32: 52000 | M32: =+E32+G32+I32+K32 -> 130000 | N32: =+F32+H32+J32+L32 -> 52000
A33: 199 | B33: OTROS SERVICIOS NO PERSONALES | C33: OTROS SERVICIOS NO PERSONALES | D33: =C33=B33 -> TRUE | G33: 126308.4 | I33: 49158 | J33: 64692.5 | K33: 49158 | L33: 61174.3 | M33: =+E33+G33+I33+K33 -> 224624.4 | N33: =+F33+H33+J33+L33 -> 125866.8
A34: 261 | B34: ELEMENTOS Y COMPUESTOS QUIMICOS | C34: ELEMENTOS Y COMPUESTOS QUIMICOS | D34: =C34=B34 -> TRUE | G34: 0 | I34: 112906.1 | J34: 63717.17 | K34: 112906.1 | L34: 52569.06 | M34: =+E34+G34+I34+K34 -> 225812.2 | N34: =+F34+H34+J34+L34 -> 116286.23
A35: 262 | B35: COMBUSTIBLES Y LUBRICANTES | C35: COMBUSTIBLES Y LUBRICANTES | D35: =C35=B35 -> TRUE | G35: 0 | I35: 1200 | J35: 0 | K35: 1200 | L35: 0 | M35: =+E35+G35+I35+K35 -> 2400 | N35: =+F35+H35+J35+L35 -> 0
A36: 266 | B36: PRODUCTOS MEDICINALES Y FARMACEUTICOS | C36: PRODUCTOS MEDICINALES Y FARMACEUTICOS | D36: =C36=B36 -> TRUE | G36: 0 | I36: 175013.55 | J36: 45000 | K36: 175013.55 | L36: 7547.5 | M36: =+E36+G36+I36+K36 -> 350027.1 | N36: =+F36+H36+J36+L36 -> 52547.5
A37: 267 | B37: TINTES, PINTURAS Y COLORANTES | C37: TINTES, PINTURAS Y COLORANTES | D37: =C37=B37 -> TRUE | G37: 0 | I37: 2000 | J37: 0 | K37: 2000 | L37: 0 | M37: =+E37+G37+I37+K37 -> 4000 | N37: =+F37+H37+J37+L37 -> 0
A38: 268 | B38: PRODUCTOS PLASTICOS, NYLON, VINIL Y PVC | C38: PRODUCTOS PLASTICOS, NYLON, VINIL Y PVC | D38: =C38=B38 -> TRUE | G38: 0 | I38: 17555.4 | J38: 73841.75 | K38: 17555.4 | L38: 9995 | M38: =+E38+G38+I38+K38 -> 35110.8 | N38: =+F38+H38+J38+L38 -> 83836.75
A39: 269 | B39: OTROS PRODUCTOS QUIMICOS Y CONEXOS | C39: OTROS PRODUCTOS QUIMICOS Y CONEXOS | D39: =C39=B39 -> TRUE | G39: 0 | I39: 1000 | J39: 0 | K39: 1000 | L39: 0 | M39: =+E39+G39+I39+K39 -> 2000 | N39: =+F39+H39+J39+L39 -> 0
A40: 292 | B40: UTILES DE LIMPIEZA Y PRODUCTOS SANITARIOS | C40: UTILES DE LIMPIEZA Y PRODUCTOS SANITARIOS | D40: =C40=B40 -> TRUE | G40: 0 | I40: 0 | J40: 0 | K40: 42390.56 | L40: 41437 | M40: =+E40+G40+I40+K40 -> 42390.56 | N40: =+F40+H40+J40+L40 -> 41437
A41: 295 | B41: UTILES MENORES MEDICO QUIRURGICOS Y DE LAB. | C41: UTILES MENORES MEDICO QUIRURGICOS Y DE LAB. | D41: =C41=B41 -> TRUE | G41: 0 | I41: 2080137.7 | J41: 1047617.1 | K41: 2080137.7 | L41: 634838.76 | M41: =+E41+G41+I41+K41 -> 4160275.5 | N41: =+F41+H41+J41+L41 -> 1682455.9
A42: 297 | B42: UTILES, ACCESORIOS Y MATERIALES ELECTRICOS | C42: UTILES, ACCESORIOS Y MATERIALES ELECTRICOS | D42: =C42=B42 -> TRUE | G42: 0 | I42: 1000 | J42: 5105 | K42: =1000+16731.62 -> 17731.62 | L42: 0 | M42: =+E42+G42+I42+K42 -> 18731.62 | N42: =+F42+H42+J42+L42 -> 5105
A43: 298 | B43: ACCESORIOS Y REPUESTOS EN GENERAL | C43: ACCESORIOS Y REPUESTOS EN GENERAL | D43: =C43=B43 -> TRUE | G43: 0 | I43: 50000 | J43: 6815 | K43: 50000 | L43: 57850 | M43: =+E43+G43+I43+K43 -> 100000 | N43: =+F43+H43+J43+L43 -> 64665
A44: 299 | B44: OTROS MATERIALES Y SUMINISTROS | C44: OTROS MATERIALES Y SUMINISTROS | D44: =C44=B44 -> TRUE | G44: 0 | I44: 40000 | J44: 19450 | K44: 40000 | L44: 42875 | M44: =+E44+G44+I44+K44 -> 80000 | N44: =+F44+H44+J44+L44 -> 62325
A45: 323 | B45: EQUIPO MEDICO-SANITARIO Y DE LABORATORIO | C45: EQUIPO MEDICO-SANITARIO Y DE LABORATORIO | D45: =C45=B45 -> TRUE | G45: 0 | I45: 0 | K45: 0 | L45: 0 | M45: =+E45+G45+I45+K45 -> 0 | N45: =+F45+H45+J45+L45 -> 0
B46: TOTAL GASTOS DE OPERACIÓN | E46: =SUM(E24:E45) -> 3340 | F46: =SUM(F24:F45) -> 0 | G46: =SUM(G24:G45) -> 354218.4 | H46: =SUM(H24:H45) -> 11403.26 | I46: =SUM(I24:I45) -> 3094423 | J46: =SUM(J24:J45) -> 1594516.3 | K46: =SUM(K24:K45) -> 2949873.2 | L46: =SUM(L24:L45) -> 1178461 | ... N46: =SUM(N24:N45) -> 2784380.5
B47: TOTAL GENERAL | E47: =+E46+E21 -> 3609874.1 | F47: =+F46+F21 -> 3001907.1 | G47: =+G46+G21 -> 3960752.5 | H47: =+H46+H21 -> 3012398.6 | I47: =+I46+I21 -> 6700957.1 | J47: =+J46+J21 -> 6527693.4 | K47: =+K46+K21 -> 6556407.3 | L47: =+L46+L21 -> 4804734.4 | ... N47: =+N46+N21 -> 17346734
A49: Programación y ejecucion mensual por tipo de gasto año 2024, Expresado en Quetzales segundo cuatrimestre 2024
A50: No. | B50: =+B15 -> CATEGORIA DEL GASTO DE FUNCIONAMIENTO | E50: Mayo | G50: Junio | I50: Julio | K50: Agosto | M50: Total Cuatrimestre | O50: Total Acumulado
E51: PROG. | F51: EJECUTADO | G51: PROG. | H51: EJECUTADO | I51: PROG. | J51: EJECUTADO | K51: PROG. | L51: EJECUTADO | M51: PROG. | N51: EJECUTADO | O51: PROG. | P51: EJECUTADO
A52: 011 | B52: RECURSO HUMANO
B53: SUELOS Y SALARIOS | E53: 3606534.1 | F53: =3655693.14-398462.42 -> 3257230.7 | G53: 3606534.1 | H53: =3662737.1-399293.9 -> 3263443.2 | I53: =3606534.09+3039852.25 -> 6646386.3 | J53: 3227469.6 | K53: 3606534.1 | L53: =3627010.22-395385.03 -> 3231625.2 | M53: =+E53+G53+I53+K53 -> 17465989 | N53: =+F53+H53+J53+L53 -> 12979769 | O53: =+M53+M18 -> 31892125 | P53: =+N53+N18 -> 25954619
B54: BONO 14 | F54: 0 | J54: 3022422.3 | M54: =+E54+G54+I54+K54 -> 0 | N54: =+F54+H54+J54+L54 -> 3022422.3 | O54: =+M54+M19 -> 0 | P54: =+N54+N19 -> 3022422.3
B55: CUOTA PATRONAL | F55: 398462.42 | H55: 399293.9 | J55: 394858.52 | L55: 395385.03 | M55: =+E55+G55+I55+K55 -> 0 | N55: =+F55+H55+J55+L55 -> 1587999.9 | O55: =+M55+M20 -> 0 | P55: =+N55+N20 -> 3175502.3
B56: TOTAL RECURSO HUMANO | E56: =SUM(E53:E55) -> 3606534.1 | F56: =SUM(F53:F55) -> 3655693.1 | G56: =SUM(G53:G55) -> 3606534.1 | H56: =SUM(H53:H55) -> 3662737.1 | I56: =SUM(I53:I55) -> 6646386.3 | J56: =SUM(J53:J55) -> 6644750.4 | K56: =SUM(K53:K55) -> 3606534.1 | L56: =SUM(L53:L55) -> 3627010.2 | ... P56: =SUM(P53:P55) -> 32152544
B58: GASTOS DE OPERACIÓN
A59: 111 | B59: ENERGIA ELECTRICA | C59: ENERGIA ELECTRICA | D59: =C59=B59 -> TRUE | E59: 98000 | F59: 108403.74 | G59: 98000 | H59: 119555.35 | I59: 98000 | J59: 114620.73 | K59: 98000 | L59: 110433.58 | M59: =+E59+G59+I59+K59 -> 392000 | N59: =+F59+H59+J59+L59 -> 453013.4 | O59: =+M59+M24 -> 686000 | P59: =+N59+N24 -> 662378.1
A60: 113 | B60: SERVICIO DE INTERNET Y TELEFONIA | C60: SERVICIO DE INTERNET Y TELEFONIA | D60: =C60=B60 -> TRUE | E60: 11595 | F60: 11434.41 | G60: 11595 | H60: 8432.36 | I60: 11595 | J60: 11346.78 | K60: 11595 | L60: 14206.34 | M60: =+E60+G60+I60+K60 -> 46380 | N60: =+F60+H60+J60+L60 -> 45419.89 | O60: =+M60+M25 -> 81165 | P60: =+N60+N25 -> 80105.57
A61: 122 | B61: IMPRESIÓN, ENCUADERNACION Y REPRODUCCION | C61: IMPRESIÓN, ENCUADERNACION Y REPRODUCCION | D61: =C61=B61 -> TRUE | E61: 8510.25 | F61: 40582 | G61: 8510.25 | H61: 2851.5 | I61: 8510.25 | J61: 31822.6 | K61: 8510.26 | L61: 1131 | M61: =+E61+G61+I61+K61 -> 34041.01 | N61: =+F61+H61+J61+L61 -> 76387.1 | O61: =+M61+M26 -> 51061.51 | P61: =+N61+N26 -> 76387.1
A62: 163 | B62: MANT. Y REP. EQUIPO MEDICO SANITARIO Y DE LAB. | C62: MANT. Y REP. EQUIPO MEDICO SANITARIO Y DE LAB. | D62: =C62=B62 -> TRUE | E62: =40000+199634 -> 239634 | F62: 92068.87 | G62: 58400 | H62: 45230.13 | I62: =40000+175207 -> 215207 | J62: 94936.5 | K62: 40000 | L62: 27395 | M62: =+E62+G62+I62+K62 -> 553241 | N62: =+F62+H62+J62+L62 -> 259630.5 | O62: =+M62+M27 -> 861898 | P62: =+N62+N27 -> 290680.5
A63: 169 | B63: MANT. Y REP. DE OTRAS MAQ. Y EQUIPO | C63: MANT. Y REP. DE OTRAS MAQ. Y EQUIPO | D63: =C63=B63 -> TRUE | E63: 13815 | F63: 0 | G63: 0 | H63: 4850 | I63: 0 | J63: 5276 | K63: 0 | L63: 5000 | M63: =+E63+G63+I63+K63 -> 13815 | N63: =+F63+H63+J63+L63 -> 15126 | O63: =+M63+M28 -> 33815 | P63: =+N63+N28 -> 15126
A64: 171 | B64: MANT. Y REPARACION DE EDIFICIOS | C64: MANT. Y REPARACION DE EDIFICIOS | D64: =C64=B64 -> TRUE | E64: 0 | F64: 7400 | G64: 0 | H64: 1200 | I64: 6510 | J64: 1200 | K64: 0 | L64: 1200 | M64: =+E64+G64+I64+K64 -> 6510 | N64: =+F64+H64+J64+L64 -> 11000 | O64: =+M64+M29 -> 39320 | P64: =+N64+N29 -> 12200
A65: 174 | B65: MANT. Y REP. DE INSTALACIONES | C65: MANT. Y REP. DE INSTALACIONES | D65: =C65=B65 -> TRUE | E65: =28390+2000 -> 30390 | F65: 3185 | G65: 6765 | H65: 4535 | I65: 6765 | J65: 4535 | K65: 6765 | L65: 4535 | M65: =+E65+G65+I65+K65 -> 50685 | N65: =+F65+H65+J65+L65 -> 16790 | O65: =+M65+M30 -> 70895 | P65: =+N65+N30 -> 29045
A66: 182 | B66: SERVICIOS MEDICO-SANITARIOS | C66: SERVICIOS MEDICO-SANITARIOS | D66: =C66=B66 -> TRUE | E66: 51600 | F66: 60500 | G66: 18600 | H66: 106500 | I66: 18600 | J66: 61100 | K66: 18600 | L66: 31000 | M66: =+E66+G66+I66+K66 -> 107400 | N66: =+F66+H66+J66+L66 -> 259100 | O66: =+M66+M31 -> 406400 | P66: =+N66+N31 -> 468400
A67: 197 | B67: SERVICIOS DE VIGILANCIA | C67: SERVICIOS DE VIGILANCIA | D67: =C67=B67 -> TRUE | E67: 65000 | F67: 52000 | G67: 65000 | H67: 52000 | I67: 65000 | J67: 52000 | K67: 65000 | L67: 52000 | M67: =+E67+G67+I67+K67 -> 260000 | N67: =+F67+H67+J67+L67 -> 208000 | O67: =+M67+M32 -> 390000 | P67: =+N67+N32 -> 260000
A68: 199 | B68: OTROS SERVICIOS NO PERSONALES | C68: OTROS SERVICIOS NO PERSONALES | D68: =C68=B68 -> TRUE | E68: 59158 | F68: 59162.82 | G68: 51208.2 | H68: 64972.52 | I68: 102358 | J68: 41487.82 | K68: 49158 | L68: 87720.12 | M68: =+E68+G68+I68+K68 -> 261882.2 | N68: =+F68+H68+J68+L68 -> 253343.28 | O68: =+M68+M33 -> 486506.6 | P68: =+N68+N33 -> 379210.08
A69: 261 | B69: ELEMENTOS Y COMPUESTOS QUIMICOS | C69: ELEMENTOS Y COMPUESTOS QUIMICOS | D69: =C69=B69 -> TRUE | E69: 112906.11 | F69: 68095.06 | G69: 112906.11 | H69: 81627.59 | I69: 112906.11 | J69: 68384.59 | K69: 112906.11 | L69: 86430.59 | M69: =+E69+G69+I69+K69 -> 451624.44 | N69: =+F69+H69+J69+L69 -> 304537.83 | O69: =+M69+M34 -> 677436.64 | P69: =+N69+N34 -> 420824.06
A70: 262 | B70: COMBUSTIBLES Y LUBRICANTES | C70: COMBUSTIBLES Y LUBRICANTES | D70: =C70=B70 -> TRUE | E70: 1200 | F70: 0 | G70: 1200 | H70: 0 | I70: 1200 | J70: 7222.5 | K70: 1200 | L70: 0 | M70: =+E70+G70+I70+K70 -> 4800 | N70: =+F70+H70+J70+L70 -> 7222.5 | O70: =+M70+M35 -> 7200 | P70: =+N70+N35 -> 7222.5
A71: 266 | B71: PRODUCTOS MEDICINALES Y FARMACEUTICOS | C71: PRODUCTOS MEDICINALES Y FARMACEUTICOS | D71: =C71=B71 -> TRUE | E71: 175013.55 | F71: 92631 | G71: 175013.55 | H71: 668640 | I71: 175013.55 | J71: 0 | K71: 175013.54 | L71: 691681.98 | M71: =+E71+G71+I71+K71 -> 700054.19 | N71: =+F71+H71+J71+L71 -> 1452953 | O71: =+M71+M36 -> 1050081.3 | P71: =+N71+N36 -> 1505500.5
A72: 267 | B72: TINTES, PINTURAS Y COLORANTES | C72: TINTES, PINTURAS Y COLORANTES | D72: =C72=B72 -> TRUE | E72: 2000 | F72: 0 | G72: 2000 | H72: 0 | I72: 2000 | J72: 0 | K72: 2000 | L72: 0 | M72: =+E72+G72+I72+K72 -> 8000 | N72: =+F72+H72+J72+L72 -> 0 | O72: =+M72+M37 -> 12000 | P72: =+N72+N37 -> 0
A73: 268 | B73: PRODUCTOS PLASTICOS, NYLON, VINIL Y PVC | C73: PRODUCTOS PLASTICOS, NYLON, VINIL Y PVC | D73: =C73=B73 -> TRUE | E73: 17555.4 | F73: 0 | G73: 17555.4 | H73: 0 | I73: 17555.4 | J73: 0 | K73: 17555.4 | L73: 14685 | M73: =+E73+G73+I73+K73 -> 70221.6 | N73: =+F73+H73+J73+L73 -> 14685 | O73: =+M73+M38 -> 105332.4 | P73: =+N73+N38 -> 98521.75
A74: 269 | B74: OTROS PRODUCTOS QUIMICOS Y CONEXOS | C74: OTROS PRODUCTOS QUIMICOS Y CONEXOS | D74: =C74=B74 -> TRUE | E74: 1000 | F74: 0 | G74: 1000 | H74: 0 | I74: 1000 | J74: 0 | K74: 1000 | L74: 0 | M74: =+E74+G74+I74+K74 -> 4000 | N74: =+F74+H74+J74+L74 -> 0 | O74: =+M74+M39 -> 6000 | P74: =+N74+N39 -> 0
A75: 292 | B75: UTILES DE LIMPIEZA Y PRODUCTOS SANITARIOS | C75: UTILES DE LIMPIEZA Y PRODUCTOS SANITARIOS | D75: =C75=B75 -> TRUE | E75: 42390.56 | F75: 0 | G75: 0 | H75: 8446.55 | I75: 24427.57 | J75: 0 | K75: 24427.57 | L75: 0 | M75: =+E75+G75+I75+K75 -> 91245.7 | N75: =+F75+H75+J75+L75 -> 8446.55 | O75: =+M75+M40 -> 133636.26 | P75: =+N75+N40 -> 49883.55
A76: 295 | B76: UTILES MENORES MEDICO QUIRURGICOS Y DE LAB. | C76: UTILES MENORES MEDICO QUIRURGICOS Y DE LAB. | D76: =C76=B76 -> TRUE | E76: 2080137.7 | F76: 2935332.3 | G76: 2080137.7 | H76: 2975878.2 | I76: 2080137.7 | J76: 2648926.5 | K76: 2080137.7 | L76: 1441322.8 | M76: =+E76+G76+I76+K76 -> 8320551 | N76: =+F76+H76+J76+L76 -> 10001460 | O76: =+M76+M41 -> 12480826 | P76: =+N76+N41 -> 11683916
A77: 297 | B77: UTILES, ACCESORIOS Y MATERIALES ELECTRICOS | C77: UTILES, ACCESORIOS Y MATERIALES ELECTRICOS | D77: =C77=B77 -> TRUE | E77: 1000 | F77: 16622.1 | G77: 1000 | H77: 0 | I77: 1000 | J77: 0 | K77: 1000 | L77: 0 | M77: =+E77+G77+I77+K77 -> 4000 | N77: =+F77+H77+J77+L77 -> 16622.1 | O77: =+M77+M42 -> 22731.62 | P77: =+N77+N42 -> 21727.1
... A80: 323 | B80: EQUIPO MEDICO-SANITARIO Y DE LABORATORIO | C80: EQUIPO MEDICO-SANITARIO Y DE LABORATORIO | D80: =C80=B80 -> TRUE | E80: 415000 | F80: 0 | G80: 35778.32 | H80: 0 | I80: 400000 | J80: 0 | K80: 0 | L80: 0 | M80: =+E80+G80+I80+K80 -> 850778.32 | N80: =+F80+H80+J80+L80 -> 0 | O80: =+M80+M45 -> 850778.32 | P80: =+N80+N45 -> 0
B81: TOTAL GASTOS DE OPERACIÓN | E81: =SUM(E59:E80) -> 3515905.6 | F81: =SUM(F59:F80) -> 3556500.3 | G81: =SUM(G59:G80) -> 2834669.6 | H81: =SUM(H59:H80) -> 4299904 | I81: =SUM(I59:I80) -> 3437785.6 | J81: =SUM(J59:J80) -> 3189628 | K81: =SUM(K59:K80) -> 2802868.6 | L81: =SUM(L59:L80) -> 2614010.7 | ... P81: =SUM(P59:P80) -> 16444424
B82: TOTAL GENERAL | E82: =+E81+E56 -> 7122439.7 | F82: =+F81+F56 -> 7212193.5 | G82: =+G81+G56 -> 6441203.7 | H82: =+H81+H56 -> 7962641.1 | I82: =+I81+I56 -> 10084172 | J82: =+J81+J56 -> 9834378.4 | K82: =+K81+K56 -> 6409402.7 | L82: =+L81+L56 -> 6241020.9 | ... P82: =+P81+P56 -> 48596968
A84: Programación y ejecucion mensual por tipo de gasto año 2024, Expresado en Quetzales tercer cuatrimestre 2024
A85: No. | B85: CATEGORIA DE GASTO | E85: SEPTIEMBRE | G85: OCTUBRE | I85: NOVIEMBRE | K85: DICIEMBRE | M85: TOTAL CUATRIMESTRE | O85: Total Acumulado Anual
E86: PROG. | F86: EJECUTADO | G86: PROG. | H86: EJECUTADO | I86: PROG. | J86: EJECUTADO | K86: PROG. | L86: EJECUTADO | M86: PROG. | N86: EJECUTADO | O86: PROG. | P86: EJECUTADO
A87: 011 | B87: RECURSO HUMANO
B88: SUELOS Y SALARIOS | E88: 3606534.1 | F88: 3238104.9 | M88: =+E88+G88+I88+K88 -> 3606534.1 | N88: =+F88+H88+J88+L88 -> 3238104.9 | O88: =+M88+O53 -> 35498659 | P88: =+N88+P53 -> 29192724
B89: BONO 14 | M89: =+E89+G89+I89+K89 -> 0 | N89: =+F89+H89+J89+L89 -> 0 | O89: =+M89+O54 -> 0 | P89: =+N89+P54 -> 3022422.3
B90: CUOTA PATRONAL | F90: 364558.55 | M90: =+E90+G90+I90+K90 -> 0 | N90: =+F90+H90+J90+L90 -> 364558.55 | O90: =+M90+O54 -> 0 | P90: =+N90+P55 -> 3540060.8
B91: TOTAL RECURSO HUMANO | E91: =SUM(E88:E90) -> 3606534.1 | F91: =SUM(F88:F90) -> 3602663.4 | G91: =SUM(G88:G90) -> 0 | H91: =SUM(H88:H90) -> 0 | I91: =SUM(I88:I90) -> 0 | J91: =SUM(J88:J90) -> 0 | K91: =SUM(K88:K90) -> 0 | L91: =SUM(L88:L90) -> 0 | ... P91: =SUM(P88:P90) -> 35755207
B93: GASTOS DE FUNCIONAMIENTO
A94: 111 | B94: ENERGIA ELECTRICA | E94: 98000 | F94: 109574.14 | M94: =+E94+G94+I94+K94 -> 98000 | N94: =+F94+H94+J94+L94 -> 109574.14 | O94: =+M94+O59 -> 784000 | P94: =+N94+P59 -> 771952.24
A95: 113 | B95: SERVICIO DE INTERNET Y TELEFONIA | E95: 11595 | F95: 11373.95 | M95: =+E95+G95+I95+K95 -> 11595 | N95: =+F95+H95+J95+L95 -> 11373.95 | O95: =+M95+O60 -> 92760 | P95: =+N95+P60 -> 91479.52
A96: 122 | B96: IMPRESIÓN, ENCUADERNACION Y REPRODUCCION | E96: 8510.26 | F96: 1200 | M96: =+E96+G96+I96+K96 -> 8510.26 | N96: =+F96+H96+J96+L96 -> 1200 | O96: =+M96+O61 -> 59571.77 | P96: =+N96+P61 -> 77587.1
A97: 163 | B97: MANT. Y REP. EQUIPO MEDICO SANITARIO Y DE LAB. | E97: =40000+60260 -> 100260 | F97: 94769 | M97: =+E97+G97+I97+K97 -> 100260 | N97: =+F97+H97+J97+L97 -> 94769 | O97: =+M97+O62 -> 962158 | P97: =+N97+P62 -> 385449.5
A98: 169 | B98: MANT. Y REP. DE OTRAS MAQ. Y EQUIPO | E98: 0 | F98: 1600 | M98: =+E98+G98+I98+K98 -> 0 | N98: =+F98+H98+J98+L98 -> 1600 | O98: =+M98+O63 -> 33815 | P98: =+N98+P63 -> 16726
A99: 171 | B99: MANT. Y REPARACION DE EDIFICIOS | E99: 0 | F99: 7400 | M99: =+E99+G99+I99+K99 -> 0 | N99: =+F99+H99+J99+L99 -> 7400 | O99: =+M99+O64 -> 39320 | P99: =+N99+P64 -> 19600
A100: 174 | B100: MANT. Y REP. DE INSTALACIONES | E100: 6765 | F100: 4535 | M100: =+E100+G100+I100+K100 -> 6765 | N100: =+F100+H100+J100+L100 -> 4535 | O100: =+M100+O65 -> 77660 | P100: =+N100+P65 -> 33580
A101: 182 | B101: SERVICIOS MEDICO-SANITARIOS | E101: 18600 | F101: 0 | M101: =+E101+G101+I101+K101 -> 18600 | N101: =+F101+H101+J101+L101 -> 0 | O101: =+M101+O66 -> 425000 | P101: =+N101+P66 -> 468400
A102: 197 | B102: SERVICIOS DE VIGILANCIA | E102: 65000 | F102: 52000 | M102: =+E102+G102+I102+K102 -> 65000 | N102: =+F102+H102+J102+L102 -> 52000 | O102: =+M102+O67 -> 455000 | P102: =+N102+P67 -> 312000
A103: 199 | B103: OTROS SERVICIOS NO PERSONALES | E103: 59158 | F103: 37959.42 | M103: =+E103+G103+I103+K103 -> 59158 | N103: =+F103+H103+J103+L103 -> 37959.42 | O103: =+M103+O68 -> 545664.6 | P103: =+N103+P68 -> 417169.5
A104: 261 | B104: ELEMENTOS Y COMPUESTOS QUIMICOS | E104: 112906.11 | F104: 72232.52 | M104: =+E104+G104+I104+K104 -> 112906.11 | N104: =+F104+H104+J104+L104 -> 72232.52 | O104: =+M104+O69 -> 790342.75 | P104: =+N104+P69 -> 493056.58
A105: 262 | B105: COMBUSTIBLES Y LUBRICANTES | E105: 1200 | F105: 4756.17 | M105: =+E105+G105+I105+K105 -> 1200 | N105: =+F105+H105+J105+L105 -> 4756.17 | O105: =+M105+O70 -> 8400 | P105: =+N105+P70 -> 11978.67
A106: 266 | B106: PRODUCTOS MEDICINALES Y FARMACEUTICOS | E106: 175013.54 | F106: 63524.96 | M106: =+E106+G106+I106+K106 -> 175013.54 | N106: =+F106+H106+J106+L106 -> 63524.96 | O106: =+M106+O71 -> 1225094.8 | P106: =+N106+P71 -> 1569025.4
A107: 267 | B107: TINTES, PINTURAS Y COLORANTES | E107: 2000 | F107: 0 | M107: =+E107+G107+I107+K107 -> 2000 | N107: =+F107+H107+J107+L107 -> 0 | O107: =+M107+O72 -> 14000 | P107: =+N107+P72 -> 0
A108: 268 | B108: PRODUCTOS PLASTICOS, NYLON, VINIL Y PVC | E108: 17555.4 | F108: 0 | M108: =+E108+G108+I108+K108 -> 17555.4 | N108: =+F108+H108+J108+L108 -> 0 | O108: =+M108+O73 -> 122887.8 | P108: =+N108+P73 -> 98521.75
A109: 269 | B109: OTROS PRODUCTOS QUIMICOS Y CONEXOS | E109: 1000 | F109: 0 | M109: =+E109+G109+I109+K109 -> 1000 | N109: =+F109+H109+J109+L109 -> 0 | O109: =+M109+O74 -> 7000 | P109: =+N109+P74 -> 0
... A115: 323 | B115: EQUIPO MEDICO-SANITARIO Y DE LABORATORIO | E115: 0 | F115: 358400 | M115: =+E115+G115+I115+K115 -> 0 | N115: =+F115+H115+J115+L115 -> 358400 | O115: =+M115+O80 -> 850778.32 | P115: =+N115+P80 -> 358400
B116: TOTAL GASTOS DE FUNCIONAMIENTO | E116: =SUM(E94:E115) -> 2848701 | F116: =SUM(F94:F115) -> 3324637.8 | G116: =SUM(G94:G115) -> 0 | H116: =SUM(H94:H115) -> 0 | I116: =SUM(I94:I115) -> 0 | J116: =SUM(J94:J115) -> 0 | K116: =SUM(K94:K115) -> 0 | L116: =SUM(L94:L115) -> 0 | ... P116: =SUM(P94:P115) -> 19769061
B117: TOTAL GENERAL | E117: =+E116+E91 -> 6455235.1 | F117: =+F116+F91 -> 6927301.2 | G117: =+G116+G91 -> 0 | H117: =+H116+H91 -> 0 | I117: =+I116+I91 -> 0 | J117: =+J116+J91 -> 0 | K117: =+K116+K91 -> 0 | L117: =+L116+L91 -> 0 | ... P117: =+P116+P91 -> 55524269
B141: RESUMEN AÑO 2024
A142: No. | B142: CATEGORIA DE GASTO | E142: TOTAL ANUAL
E143: PRESUPUESTO | F143: REAL
A144: 011 | B144: RECURSO HUMANO | E144: =+M21+M56+M91 -> 35498659 | F144: =+N21+N56+N91 -> 35755207
...

Sheet OCTUBRE DECE-5
B8: ÀREA FINANCIERA | M8: DECE-5
A10: UNIDAD DE CIRUGIA CARDIOVASCULAR DE GUATEMALA
A11: 5a. AVENIDA 6-22 ZONA 11
A12: dgunicar@yahoo.es Tel. 24163000
A14: Programación y ejecucion mensual por tipo de gasto año 2024, Expresado en Quetzales primer cuatrimestre 2024
A15: No. | B15: CATEGORIA DEL GASTO DE FUNCIONAMIENTO | E15: Enero | G15: Febrero | I15: Marzo | K15: Abril | M15: Total Cuatrimestre
E16: PROG. | F16: EJECUTADO | G16: PROG. | H16: EJECUTADO | I16: PROG. | J16: EJECUTADO | K16: PROG. | L16: EJECUTADO | M16: PROG. | N16: EJECUTADO
B17: RECURSO HUMANO
A18: 011 | B18: SUELOS Y SALARIOS | E18: 3606534.1 | F18: 3001907.1 | G18: 3606534.1 | H18: 3000995.4 | I18: 3606534.1 | J18: 3740944 | K18: 3606534.1 | L18: 3231004 | M18: =+E18+G18+I18+K18 -> 14426136 | N18: =+F18+H18+J18+L18 -> 12974851
B19: BONO 14 | E19: 0 | F19: 0 | G19: 0 | H19: 0 | I19: 0 | J19: 0 | K19: 0 | L19: 0 | M19: =+E19+G19+I19+K19 -> 0 | N19: =+F19+H19+J19+L19 -> 0
B20: CUOTA PATRONAL | E20: 0 | F20: 0 | G20: 0 | H20: 0 | I20: 0 | J20: 1192233.1 | K20: 0 | L20: 395269.37 | M20: =+E20+G20+I20+K20 -> 0 | N20: =+F20+H20+J20+L20 -> 1587502.4
B21: TOTAL RECURSO HUMANO | E21: =SUM(E18:E20) -> 3606534.1 | F21: =SUM(F18:F20) -> 3001907.1 | G21: =SUM(G18:G20) -> 3606534.1 | H21: =SUM(H18:H20) -> 3000995.4 | I21: =SUM(I18:I20) -> 3606534.1 | J21: =SUM(J18:J20) -> 4933177.1 | K21: =SUM(K18:K20) -> 3606534.1 | L21: =SUM(L18:L20) -> 3626273.4 | ... N21: =SUM(N18:N20) -> 14562353
B23: GASTOS DE OPERACIÓN
A24: 111 | B24: ENERGIA ELECTRICA | C24: ENERGIA ELECTRICA | D24: =C24=B24 -> TRUE | G24: 98000 | I24: 98000 | J24: 101723 | K24: 98000 | L24: 107641.7 | M24: =+E24+G24+I24+K24 -> 294000 | N24: =+F24+H24+J24+L24 -> 209364.7
A25: 113 | B25: SERVICIO DE INTERNET Y TELEFONIA | C25: SERVICIO DE INTERNET Y TELEFONIA | D25: =C25=B25 -> TRUE | G25: 11595 | H25: 11403.26 | I25: 11595 | J25: 11384.76 | K25: 11595 | L25: 11897.66 | M25: =+E25+G25+I25+K25 -> 34785 | N25: =+F25+H25+J25+L25 -> 34685.68
A26: 122 | B26: IMPRESIÓN, ENCUADERNACION Y REPRODUCCION | C26: IMPRESIÓN, ENCUADERNACION Y REPRODUCCION | D26: =C26=B26 -> TRUE | G26: 0 | I26: 8510.25 | J26: 0 | K26: 8510.25 | L26: 0 | M26: =+E26+G26+I26+K26 -> 17020.5 | N26: =+F26+H26+J26+L26 -> 0
A27: 163 | B27: MANT. Y REP. EQUIPO MEDICO SANITARIO Y DE LAB. | C27: MANT. Y REP. EQUIPO MEDICO SANITARIO Y DE LAB. | D27: =C27=B27 -> TRUE | G27: 14200 | I27: =214457+40000 -> 254457 | J27: 0 | K27: 40000 | L27: 31050 | M27: =+E27+G27+I27+K27 -> 308657 | N27: =+F27+H27+J27+L27 -> 31050
A28: 169 | B28: MANT. Y REP. DE OTRAS MAQ. Y EQUIPO | C28: MANT. Y REP. DE OTRAS MAQ. Y EQUIPO | D28: =C28=B28 -> TRUE | G28: 0 | I28: 0 | J28: 0 | K28: 20000 | L28: 0 | M28: =+E28+G28+I28+K28 -> 20000 | N28: =+F28+H28+J28+L28 -> 0
A29: 171 | B29: MANT. Y REPARACION DE EDIFICIOS | C29: MANT. Y REPARACION DE EDIFICIOS | D29: =C29=B29 -> TRUE | G29: 0 | I29: 20000 | J29: 0 | K29: 12810 | L29: 1200 | M29: =+E29+G29+I29+K29 -> 32810 | N29: =+F29+H29+J29+L29 -> 1200
A30: 174 | B30: MANT. Y REP. DE INSTALACIONES | C30: MANT. Y REP. DE INSTALACIONES | D30: =C30=B30 -> TRUE | E30: 3340 | G30: 3340 | I30: =4765+2000 -> 6765 | J30: 6370 | K30: =4765+2000 -> 6765 | L30: 5885 | M30: =+E30+G30+I30+K30 -> 20210 | N30: =+F30+H30+J30+L30 -> 12255
A31: 182 | B31: SERVICIOS MEDICO-SANITARIOS | C31: SERVICIOS MEDICO-SANITARIOS | D31: =C31=B31 -> TRUE | G31: 100775 | I31: 100125 | J31: 148800 | K31: 98100 | L31: 60500 | M31: =+E31+G31+I31+K31 -> 299000 | N31: =+F31+H31+J31+L31 -> 209300
A32: 197 | B32: SERVICIOS DE VIGILANCIA | C32: SERVICIOS DE VIGILANCIA | D32: =C32=B32 -> TRUE | G32: 0 | I32: 65000 | J32: 0 | K32: 65000 | L32: 52000 | M32: =+E32+G32+I32+K32 -> 130000 | N32: =+F32+H32+J32+L32 -> 52000
A33: 199 | B33: OTROS SERVICIOS NO PERSONALES | C33: OTROS SERVICIOS NO PERSONALES | D33: =C33=B33 -> TRUE | G33: 126308.4 | I33: 49158 | J33: 64692.5 | K33: 49158 | L33: 61174.3 | M33: =+E33+G33+I33+K33 -> 224624.4 | N33: =+F33+H33+J33+L33 -> 125866.8
A34: 261 | B34: ELEMENTOS Y COMPUESTOS QUIMICOS | C34: ELEMENTOS Y COMPUESTOS QUIMICOS | D34: =C34=B34 -> TRUE | G34: 0 | I34: 112906.1 | J34: 63717.17 | K34: 112906.1 | L34: 52569.06 | M34: =+E34+G34+I34+K34 -> 225812.2 | N34: =+F34+H34+J34+L34 -> 116286.23
A35: 262 | B35: COMBUSTIBLES Y LUBRICANTES | C35: COMBUSTIBLES Y LUBRICANTES | D35: =C35=B35 -> TRUE | G35: 0 | I35: 1200 | J35: 0 | K35: 1200 | L35: 0 | M35: =+E35+G35+I35+K35 -> 2400 | N35: =+F35+H35+J35+L35 -> 0
A36: 266 | B36: PRODUCTOS MEDICINALES Y FARMACEUTICOS | C36: PRODUCTOS MEDICINALES Y FARMACEUTICOS | D36: =C36=B36 -> TRUE | G36: 0 | I36: 175013.55 | J36: 45000 | K36: 175013.55 | L36: 7547.5 | M36: =+E36+G36+I36+K36 -> 350027.1 | N36: =+F36+H36+J36+L36 -> 52547.5
A37: 267 | B37: TINTES, PINTURAS Y COLORANTES | C37: TINTES, PINTURAS Y COLORANTES | D37: =C37=B37 -> TRUE | G37: 0 | I37: 2000 | J37: 0 | K37: 2000 | L37: 0 | M37: =+E37+G37+I37+K37 -> 4000 | N37: =+F37+H37+J37+L37 -> 0
A38: 268 | B38: PRODUCTOS PLASTICOS, NYLON, VINIL Y PVC | C38: PRODUCTOS PLASTICOS, NYLON, VINIL Y PVC | D38: =C38=B38 -> TRUE | G38: 0 | I38: 17555.4 | J38: 73841.75 | K38: 17555.4 | L38: 9995 | M38: =+E38+G38+I38+K38 -> 35110.8 | N38: =+F38+H38+J38+L38 -> 83836.75
A39: 269 | B39: OTROS PRODUCTOS QUIMICOS Y CONEXOS | C39: OTROS PRODUCTOS QUIMICOS Y CONEXOS | D39: =C39=B39 -> TRUE | G39: 0 | I39: 1000 | J39: 0 | K39: 1000 | L39: 0 | M39: =+E39+G39+I39+K39 -> 2000 | N39: =+F39+H39+J39+L39 -> 0
A40: 292 | B40: UTILES DE LIMPIEZA Y PRODUCTOS SANITARIOS | C40: UTILES DE LIMPIEZA Y PRODUCTOS SANITARIOS | D40: =C40=B40 -> TRUE | G40: 0 | I40: 0 | J40: 0 | K40: 42390.56 | L40: 41437 | M40: =+E40+G40+I40+K40 -> 42390.56 | N40: =+F40+H40+J40+L40 -> 41437
A41: 295 | B41: UTILES MENORES MEDICO QUIRURGICOS Y DE LAB. | C41: UTILES MENORES MEDICO QUIRURGICOS Y DE LAB. | D41: =C41=B41 -> TRUE | G41: 0 | I41: 2080137.7 | J41: 1047617.1 | K41: 2080137.7 | L41: 634838.76 | M41: =+E41+G41+I41+K41 -> 4160275.5 | N41: =+F41+H41+J41+L41 -> 1682455.9
A42: 297 | B42: UTILES, ACCESORIOS Y MATERIALES ELECTRICOS | C42: UTILES, ACCESORIOS Y MATERIALES ELECTRICOS | D42: =C42=B42 -> TRUE | G42: 0 | I42: 1000 | J42: 5105 | K42: =1000+16731.62 -> 17731.62 | L42: 0 | M42: =+E42+G42+I42+K42 -> 18731.62 | N42: =+F42+H42+J42+L42 -> 5105
A43: 298 | B43: ACCESORIOS Y REPUESTOS EN GENERAL | C43: ACCESORIOS Y REPUESTOS EN GENERAL | D43: =C43=B43 -> TRUE | G43: 0 | I43: 50000 | J43: 6815 | K43: 50000 | L43: 57850 | M43: =+E43+G43+I43+K43 -> 100000 | N43: =+F43+H43+J43+L43 -> 64665
A44: 299 | B44: OTROS MATERIALES Y SUMINISTROS | C44: OTROS MATERIALES Y SUMINISTROS | D44: =C44=B44 -> TRUE | G44: 0 | I44: 40000 | J44: 19450 | K44: 40000 | L44: 42875 | M44: =+E44+G44+I44+K44 -> 80000 | N44: =+F44+H44+J44+L44 -> 62325
A45: 323 | B45: EQUIPO MEDICO-SANITARIO Y DE LABORATORIO | C45: EQUIPO MEDICO-SANITARIO Y DE LABORATORIO | D45: =C45=B45 -> TRUE | G45: 0 | I45: 0 | K45: 0 | L45: 0 | M45: =+E45+G45+I45+K45 -> 0 | N45: =+F45+H45+J45+L45 -> 0
B46: TOTAL GASTOS DE OPERACIÓN | E46: =SUM(E24:E45) -> 3340 | F46: =SUM(F24:F45) -> 0 | G46: =SUM(G24:G45) -> 354218.4 | H46: =SUM(H24:H45) -> 11403.26 | I46: =SUM(I24:I45) -> 3094423 | J46: =SUM(J24:J45) -> 1594516.3 | K46: =SUM(K24:K45) -> 2949873.2 | L46: =SUM(L24:L45) -> 1178461 | ... N46: =SUM(N24:N45) -> 2784380.5
B47: TOTAL GENERAL | E47: =+E46+E21 -> 3609874.1 | F47: =+F46+F21 -> 3001907.1 | G47: =+G46+G21 -> 3960752.5 | H47: =+H46+H21 -> 3012398.6 | I47: =+I46+I21 -> 6700957.1 | J47: =+J46+J21 -> 6527693.4 | K47: =+K46+K21 -> 6556407.3 | L47: =+L46+L21 -> 4804734.4 | ... N47: =+N46+N21 -> 17346734
A67: Programación y ejecucion mensual por tipo de gasto año 2024, Expresado en Quetzales segundo cuatrimestre 2024
A68: No. | B68: =+B15 -> CATEGORIA DEL GASTO DE FUNCIONAMIENTO | E68: Mayo | G68: Junio | I68: Julio | K68: Agosto | M68: Total Cuatrimestre | O68: Total Acumulado
E69: PROG. | F69: EJECUTADO | G69: PROG. | H69: EJECUTADO | I69: PROG. | J69: EJECUTADO | K69: PROG. | L69: EJECUTADO | M69: PROG. | N69: EJECUTADO | O69: PROG. | P69: EJECUTADO
A70: 011 | B70: RECURSO HUMANO
B71: SUELOS Y SALARIOS | E71: 3606534.1 | F71: =3655693.14-398462.42 -> 3257230.7 | G71: 3606534.1 | H71: =3662737.1-399293.9 -> 3263443.2 | I71: =3606534.09+3039852.25 -> 6646386.3 | J71: 3227469.6 | K71: 3606534.1 | L71: =3627010.22-395385.03 -> 3231625.2 | M71: =+E71+G71+I71+K71 -> 17465989 | N71: =+F71+H71+J71+L71 -> 12979769 | O71: =+M71+M18 -> 31892125 | P71: =+N71+N18 -> 25954619
B72: BONO 14 | F72: 0 | J72: 3022422.3 | M72: =+E72+G72+I72+K72 -> 0 | N72: =+F72+H72+J72+L72 -> 3022422.3 | O72: =+M72+M19 -> 0 | P72: =+N72+N19 -> 3022422.3
B73: CUOTA PATRONAL | F73: 398462.42 | H73: 399293.9 | J73: 394858.52 | L73: 395385.03 | M73: =+E73+G73+I73+K73 -> 0 | N73: =+F73+H73+J73+L73 -> 1587999.9 | O73: =+M73+M20 -> 0 | P73: =+N73+N20 -> 3175502.3
B74: TOTAL RECURSO HUMANO | E74: =SUM(E71:E73) -> 3606534.1 | F74: =SUM(F71:F73) -> 3655693.1 | G74: =SUM(G71:G73) -> 3606534.1 | H74: =SUM(H71:H73) -> 3662737.1 | I74: =SUM(I71:I73) -> 6646386.3 | J74: =SUM(J71:J73) -> 6644750.4 | K74: =SUM(K71:K73) -> 3606534.1 | L74: =SUM(L71:L73) -> 3627010.2 | ... P74: =SUM(P71:P73) -> 32152544
B76: GASTOS DE OPERACIÓN
A77: 111 | B77: ENERGIA ELECTRICA | C77: ENERGIA ELECTRICA | D77: =C77=B77 -> TRUE | E77: 98000 | F77: 108403.74 | G77: 98000 | H77: 119555.35 | I77: 98000 | J77: 114620.73 | K77: 98000 | L77: 110433.58 | M77: =+E77+G77+I77+K77 -> 392000 | N77: =+F77+H77+J77+L77 -> 453013.4 | O77: =+M77+M24 -> 686000 | P77: =+N77+N24 -> 662378.1
A78: 113 | B78: SERVICIO DE INTERNET Y TELEFONIA | C78: SERVICIO DE INTERNET Y TELEFONIA | D78: =C78=B78 -> TRUE | E78: 11595 | F78: 11434.41 | G78: 11595 | H78: 8432.36 | I78: 11595 | J78: 11346.78 | K78: 11595 | L78: 14206.34 | M78: =+E78+G78+I78+K78 -> 46380 | N78: =+F78+H78+J78+L78 -> 45419.89 | O78: =+M78+M25 -> 81165 | P78: =+N78+N25 -> 80105.57
A79: 122 | B79: IMPRESIÓN, ENCUADERNACION Y REPRODUCCION | C79: IMPRESIÓN, ENCUADERNACION Y REPRODUCCION | D79: =C79=B79 -> TRUE | E79: 8510.25 | F79: 40582 | G79: 8510.25 | H79: 2851.5 | I79: 8510.25 | J79: 31822.6 | K79: 8510.26 | L79: 1131 | M79: =+E79+G79+I79+K79 -> 34041.01 | N79: =+F79+H79+J79+L79 -> 76387.1 | O79: =+M79+M26 -> 51061.51 | P79: =+N79+N26 -> 76387.1
A80: 163 | B80: MANT. Y REP. EQUIPO MEDICO SANITARIO Y DE LAB. | C80: MANT. Y REP. EQUIPO MEDICO SANITARIO Y DE LAB. | D80: =C80=B80 -> TRUE | E80: =40000+199634 -> 239634 | F80: 92068.87 | G80: 58400 | H80: 45230.13 | I80: =40000+175207 -> 215207 | J80: 94936.5 | K80: 40000 | L80: 27395 | M80: =+E80+G80+I80+K80 -> 553241 | N80: =+F80+H80+J80+L80 -> 259630.5 | O80: =+M80+M27 -> 861898 | P80: =+N80+N27 -> 290680.5
A81: 169 | B81: MANT. Y REP. DE OTRAS MAQ. Y EQUIPO | C81: MANT. Y REP. DE OTRAS MAQ. Y EQUIPO | D81: =C81=B81 -> TRUE | E81: 13815 | F81: 0 | G81: 0 | H81: 4850 | I81: 0 | J81: 5276 | K81: 0 | L81: 5000 | M81: =+E81+G81+I81+K81 -> 13815 | N81: =+F81+H81+J81+L81 -> 15126 | O81: =+M81+M28 -> 33815 | P81: =+N81+N28 -> 15126
A82: 171 | B82: MANT. Y REPARACION DE EDIFICIOS | C82: MANT. Y REPARACION DE EDIFICIOS | D82: =C82=B82 -> TRUE | E82: 0 | F82: 7400 | G82: 0 | H82: 1200 | I82: 6510 | J82: 1200 | K82: 0 | L82: 1200 | M82: =+E82+G82+I82+K82 -> 6510 | N82: =+F82+H82+J82+L82 -> 11000 | O82: =+M82+M29 -> 39320 | P82: =+N82+N29 -> 12200
A83: 174 | B83: MANT. Y REP. DE INSTALACIONES | C83: MANT. Y REP. DE INSTALACIONES | D83: =C83=B83 -> TRUE | E83: =28390+2000 -> 30390 | F83: 3185 | G83: 6765 | H83: 4535 | I83: 6765 | J83: 4535 | K83: 6765 | L83: 4535 | M83: =+E83+G83+I83+K83 -> 50685 | N83: =+F83+H83+J83+L83 -> 16790 | O83: =+M83+M30 -> 70895 | P83: =+N83+N30 -> 29045
A84: 182 | B84: SERVICIOS MEDICO-SANITARIOS | C84: SERVICIOS MEDICO-SANITARIOS | D84: =C84=B84 -> TRUE | E84: 51600 | F84: 60500 | G84: 18600 | H84: 106500 | I84: 18600 | J84: 61100 | K84: 18600 | L84: 31000 | M84: =+E84+G84+I84+K84 -> 107400 | N84: =+F84+H84+J84+L84 -> 259100 | O84: =+M84+M31 -> 406400 | P84: =+N84+N31 -> 468400
A85: 197 | B85: SERVICIOS DE VIGILANCIA | C85: SERVICIOS DE VIGILANCIA | D85: =C85=B85 -> TRUE | E85: 65000 | F85: 52000 | G85: 65000 | H85: 52000 | I85: 65000 | J85: 52000 | K85: 65000 | L85: 52000 | M85: =+E85+G85+I85+K85 -> 260000 | N85: =+F85+H85+J85+L85 -> 208000 | O85: =+M85+M32 -> 390000 | P85: =+N85+N32 -> 260000
A86: 199 | B86: OTROS SERVICIOS NO PERSONALES | C86: OTROS SERVICIOS NO PERSONALES | D86: =C86=B86 -> TRUE | E86: 59158 | F86: 59162.82 | G86: 51208.2 | H86: 64972.52 | I86: 102358 | J86: 41487.82 | K86: 49158 | L86: 87720.12 | M86: =+E86+G86+I86+K86 -> 261882.2 | N86: =+F86+H86+J86+L86 -> 253343.28 | O86: =+M86+M33 -> 486506.6 | P86: =+N86+N33 -> 379210.08
A87: 261 | B87: ELEMENTOS Y COMPUESTOS QUIMICOS | C87: ELEMENTOS Y COMPUESTOS QUIMICOS | D87: =C87=B87 -> TRUE | E87: 112906.11 | F87: 68095.06 | G87: 112906.11 | H87: 81627.59 | I87: 112906.11 | J87: 68384.59 | K87: 112906.11 | L87: 86430.59 | M87: =+E87+G87+I87+K87 -> 451624.44 | N87: =+F87+H87+J87+L87 -> 304537.83 | O87: =+M87+M34 -> 677436.64 | P87: =+N87+N34 -> 420824.06
A88: 262 | B88: COMBUSTIBLES Y LUBRICANTES | C88: COMBUSTIBLES Y LUBRICANTES | D88: =C88=B88 -> TRUE | E88: 1200 | F88: 0 | G88: 1200 | H88: 0 | I88: 1200 | J88: 7222.5 | K88: 1200 | L88: 0 | M88: =+E88+G88+I88+K88 -> 4800 | N88: =+F88+H88+J88+L88 -> 7222.5 | O88: =+M88+M35 -> 7200 | P88: =+N88+N35 -> 7222.5
A89: 266 | B89: PRODUCTOS MEDICINALES Y FARMACEUTICOS | C89: PRODUCTOS MEDICINALES Y FARMACEUTICOS | D89: =C89=B89 -> TRUE | E89: 175013.55 | F89: 92631 | G89: 175013.55 | H89: 668640 | I89: 175013.55 | J89: 0 | K89: 175013.54 | L89: 691681.98 | M89: =+E89+G89+I89+K89 -> 700054.19 | N89: =+F89+H89+J89+L89 -> 1452953 | O89: =+M89+M36 -> 1050081.3 | P89: =+N89+N36 -> 1505500.5
A90: 267 | B90: TINTES, PINTURAS Y COLORANTES | C90: TINTES, PINTURAS Y COLORANTES | D90: =C90=B90 -> TRUE | E90: 2000 | F90: 0 | G90: 2000 | H90: 0 | I90: 2000 | J90: 0 | K90: 2000 | L90: 0 | M90: =+E90+G90+I90+K90 -> 8000 | N90: =+F90+H90+J90+L90 -> 0 | O90: =+M90+M37 -> 12000 | P90: =+N90+N37 -> 0
A91: 268 | B91: PRODUCTOS PLASTICOS, NYLON, VINIL Y PVC | C91: PRODUCTOS PLASTICOS, NYLON, VINIL Y PVC | D91: =C91=B91 -> TRUE | E91: 17555.4 | F91: 0 | G91: 17555.4 | H91: 0 | I91: 17555.4 | J91: 0 | K91: 17555.4 | L91: 14685 | M91: =+E91+G91+I91+K91 -> 70221.6 | N91: =+F91+H91+J91+L91 -> 14685 | O91: =+M91+M38 -> 105332.4 | P91: =+N91+N38 -> 98521.75
A92: 269 | B92: OTROS PRODUCTOS QUIMICOS Y CONEXOS | C92: OTROS PRODUCTOS QUIMICOS Y CONEXOS | D92: =C92=B92 -> TRUE | E92: 1000 | F92: 0 | G92: 1000 | H92: 0 | I92: 1000 | J92: 0 | K92: 1000 | L92: 0 | M92: =+E92+G92+I92+K92 -> 4000 | N92: =+F92+H92+J92+L92 -> 0 | O92: =+M92+M39 -> 6000 | P92: =+N92+N39 -> 0
A93: 292 | B93: UTILES DE LIMPIEZA Y PRODUCTOS SANITARIOS | C93: UTILES DE LIMPIEZA Y PRODUCTOS SANITARIOS | D93: =C93=B93 -> TRUE | E93: 42390.56 | F93: 0 | G93: 0 | H93: 8446.55 | I93: 24427.57 | J93: 0 | K93: 24427.57 | L93: 0 | M93: =+E93+G93+I93+K93 -> 91245.7 | N93: =+F93+H93+J93+L93 -> 8446.55 | O93: =+M93+M40 -> 133636.26 | P93: =+N93+N40 -> 49883.55
A94: 295 | B94: UTILES MENORES MEDICO QUIRURGICOS Y DE LAB. | C94: UTILES MENORES MEDICO QUIRURGICOS Y DE LAB. | D94: =C94=B94 -> TRUE | E94: 2080137.7 | F94: 2935332.3 | G94: 2080137.7 | H94: 2975878.2 | I94: 2080137.7 | J94: 2648926.5 | K94: 2080137.7 | L94: 1441322.8 | M94: =+E94+G94+I94+K94 -> 8320551 | N94: =+F94+H94+J94+L94 -> 10001460 | O94: =+M94+M41 -> 12480826 | P94: =+N94+N41 -> 11683916
A95: 297 | B95: UTILES, ACCESORIOS Y MATERIALES ELECTRICOS | C95: UTILES, ACCESORIOS Y MATERIALES ELECTRICOS | D95: =C95=B95 -> TRUE | E95: 1000 | F95: 16622.1 | G95: 1000 | H95: 0 | I95: 1000 | J95: 0 | K95: 1000 | L95: 0 | M95: =+E95+G95+I95+K95 -> 4000 | N95: =+F95+H95+J95+L95 -> 16622.1 | O95: =+M95+M42 -> 22731.62 | P95: =+N95+N42 -> 21727.1
... A98: 323 | B98: EQUIPO MEDICO-SANITARIO Y DE LABORATORIO | C98: EQUIPO MEDICO-SANITARIO Y DE LABORATORIO | D98: =C98=B98 -> TRUE | E98: 415000 | F98: 0 | G98: 35778.32 | H98: 0 | I98: 392541.68 | J98: 0 | K98: 0 | L98: 0 | M98: =+E98+G98+I98+K98 -> 843320 | N98: =+F98+H98+J98+L98 -> 0 | O98: =+M98+M45 -> 843320 | P98: =+N98+N45 -> 0
B99: TOTAL GASTOS DE OPERACIÓN | E99: =SUM(E77:E98) -> 3515905.6 | F99: =SUM(F77:F98) -> 3556500.3 | G99: =SUM(G77:G98) -> 2834669.6 | H99: =SUM(H77:H98) -> 4299904 | I99: =SUM(I77:I98) -> 3430327.3 | J99: =SUM(J77:J98) -> 3189628 | K99: =SUM(K77:K98) -> 2802868.6 | L99: =SUM(L77:L98) -> 2614010.7 | ... P99: =SUM(P77:P98) -> 16444424
B100: TOTAL GENERAL | E100: =+E99+E74 -> 7122439.7 | F100: =+F99+F74 -> 7212193.5 | G100: =+G99+G74 -> 6441203.7 | H100: =+H99+H74 -> 7962641.1 | I100: =+I99+I74 -> 10076714 | J100: =+J99+J74 -> 9834378.4 | K100: =+K99+K74 -> 6409402.7 | L100: =+L99+L74 -> 6241020.9 | ... P100: =+P99+P74 -> 48596968
A133: Programación y ejecucion mensual por tipo de gasto año 2024, Expresado en Quetzales tercer cuatrimestre 2024
A134: No. | B134: CATEGORIA DE GASTO | E134: SEPTIEMBRE | G134: OCTUBRE | I134: NOVIEMBRE | K134: DICIEMBRE | M134: TOTAL CUATRIMESTRE | O134: Total Acumulado Anual
E135: PROG. | F135: EJECUTADO | G135: PROG. | H135: EJECUTADO | I135: PROG. | J135: EJECUTADO | K135: PROG. | L135: EJECUTADO | M135: PROG. | N135: EJECUTADO | O135: PROG. | P135: EJECUTADO
A136: 011 | B136: RECURSO HUMANO
B137: SUELOS Y SALARIOS | E137: 3606534.1 | F137: 3238104.9 | G137: 3606534.1 | H137: 3303477.9 | M137: =+E137+G137+I137+K137 -> 7213068.2 | N137: =+F137+H137+J137+L137 -> 6541582.8 | O137: =+M137+O71 -> 39105193 | P137: =+N137+P71 -> 32496202
B138: BONO 14 | M138: =+E138+G138+I138+K138 -> 0 | N138: =+F138+H138+J138+L138 -> 0 | O138: =+M138+O72 -> 0 | P138: =+N138+P72 -> 3022422.3
B139: CUOTA PATRONAL | F139: 364558.55 | H139: 371792.77 | M139: =+E139+G139+I139+K139 -> 0 | N139: =+F139+H139+J139+L139 -> 736351.32 | O139: =+M139+O73 -> 0 | P139: =+N139+P73 -> 3911853.6
B140: (-) REINTEGRO CUOTA IRTRA DE AGOSTO 2024 | H140: -31409.23 | M140: =+E140+G140+I140+K140 -> 0 | N140: =+F140+H140+J140+L140 -> -31409.23 | O140: =+M140+O72 -> 0 | P140: =+N140 -> -31409.23
B141: TOTAL RECURSO HUMANO | E141: =SUM(E137:E140) -> 3606534.1 | F141: =SUM(F137:F140) -> 3602663.4 | G141: =SUM(G137:G140) -> 3606534.1 | H141: =SUM(H137:H140) -> 3643861.4 | I141: =SUM(I137:I140) -> 0 | J141: =SUM(J137:J140) -> 0 | K141: =SUM(K137:K140) -> 0 | L141: =SUM(L137:L140) -> 0 | ... P141: =SUM(P137:P140) -> 39399069
B143: GASTOS DE FUNCIONAMIENTO
A144: 111 | B144: ENERGIA ELECTRICA | C144: ENERGIA ELECTRICA | D144: =C144=B144 -> TRUE | E144: 98000 | F144: 109574.14 | G144: 98000 | H144: 102556.8 | M144: =+E144+G144+I144+K144 -> 196000 | N144: =+F144+H144+J144+L144 -> 212130.94 | O144: =+M144+O77 -> 882000 | P144: =+N144+P77 -> 874509.04
A145: 113 | B145: SERVICIO DE INTERNET Y TELEFONIA | C145: SERVICIO DE INTERNET Y TELEFONIA | D145: =C145=B145 -> TRUE | E145: 11595 | F145: 11373.95 | G145: =11595-4313.14 -> 7281.86 | H145: 11362.43 | M145: =+E145+G145+I145+K145 -> 18876.86 | N145: =+F145+H145+J145+L145 -> 22736.38 | O145: =+M145+O78 -> 100041.86 | P145: =+N145+P78 -> 102841.95
A146: 122 | B146: IMPRESIÓN, ENCUADERNACION Y REPRODUCCION | C146: IMPRESIÓN, ENCUADERNACION Y REPRODUCCION | D146: =C146=B146 -> TRUE | E146: 8510.26 | F146: 1200 | G146: 8510.26 | H146: 0 | M146: =+E146+G146+I146+K146 -> 17020.52 | N146: =+F146+H146+J146+L146 -> 1200 | O146: =+M146+O79 -> 68082.03 | P146: =+N146+P79 -> 77587.1
A147: 163 | B147: MANT. Y REP. EQUIPO MEDICO SANITARIO Y DE LAB. | C147: MANT. Y REP. EQUIPO MEDICO SANITARIO Y DE LAB. | D147: =C147=B147 -> TRUE | E147: =40000+60260 -> 100260 | F147: 94769 | G147: =40000-38773.2 -> 1226.8 | H147: 39771.5 | M147: =+E147+G147+I147+K147 -> 101486.8 | N147: =+F147+H147+J147+L147 -> 134540.5 | O147: =+M147+O80 -> 963384.8 | P147: =+N147+P80 -> 425221
A148: 169 | B148: MANT. Y REP. DE OTRAS MAQ. Y EQUIPO | C148: MANT. Y REP. DE OTRAS MAQ. Y EQUIPO | D148: =C148=B148 -> TRUE | E148: 0 | F148: 1600 | G148: 0 | H148: 0 | M148: =+E148+G148+I148+K148 -> 0 | N148: =+F148+H148+J148+L148 -> 1600 | O148: =+M148+O81 -> 33815 | P148: =+N148+P81 -> 16726
A149: 171 | B149: MANT. Y REPARACION DE EDIFICIOS | C149: MANT. Y REPARACION DE EDIFICIOS | D149: =C149=B149 -> TRUE | E149: 0 | F149: 7400 | G149: 0 | H149: 6400 | M149: =+E149+G149+I149+K149 -> 0 | N149: =+F149+H149+J149+L149 -> 13800 | O149: =+M149+O82 -> 39320 | P149: =+N149+P82 -> 26000
A150: 174 | B150: MANT. Y REP. DE INSTALACIONES | C150: MANT. Y REP. DE INSTALACIONES | D150: =C150=B150 -> TRUE | E150: 6765 | F150: 4535 | G150: 6765 | H150: 4535 | M150: =+E150+G150+I150+K150 -> 13530 | N150: =+F150+H150+J150+L150 -> 9070 | O150: =+M150+O83 -> 84425 | P150: =+N150+P83 -> 38115
A151: 182 | B151: SERVICIOS MEDICO-SANITARIOS | C151: SERVICIOS MEDICO-SANITARIOS | D151: =C151=B151 -> TRUE | E151: 18600 | F151: 0 | G151: 18600 | H151: 0 | M151: =+E151+G151+I151+K151 -> 37200 | N151: =+F151+H151+J151+L151 -> 0 | O151: =+M151+O84 -> 443600 | P151: =+N151+P84 -> 468400
A152: 197 | B152: SERVICIOS DE VIGILANCIA | C152: SERVICIOS DE VIGILANCIA | D152: =C152=B152 -> TRUE | E152: 65000 | F152: 52000 | G152: =65000-43333.33 -> 21666.67 | H152: 52000 | M152: =+E152+G152+I152+K152 -> 86666.67 | N152: =+F152+H152+J152+L152 -> 104000 | O152: =+M152+O85 -> 476666.67 | P152: =+N152+P85 -> 364000
A153: 199 | B153: OTROS SERVICIOS NO PERSONALES | C153: OTROS SERVICIOS NO PERSONALES | D153: =C153=B153 -> TRUE | E153: 59158 | F153: 37959.42 | G153: =49158-8442.8 -> 40715.2 | H153: 86093.1 | M153: =+E153+G153+I153+K153 -> 99873.2 | N153: =+F153+H153+J153+L153 -> 124052.52 | O153: =+M153+O86 -> 586379.8 | P153: =+N153+P86 -> 503262.6
A154: 261 | B154: ELEMENTOS Y COMPUESTOS QUIMICOS | C154: ELEMENTOS Y COMPUESTOS QUIMICOS | D154: =C154=B154 -> TRUE | E154: 68887.98 | F154: 72232.52 | G154: =112906.11-112906.11 -> 0 | H154: 60247.3 | M154: =+E154+G154+I154+K154 -> 68887.98 | N154: =+F154+H154+J154+L154 -> 132479.82 | O154: =+M154+O87 -> 746324.62 | P154: =+N154+P87 -> 553303.88
A155: 262 | B155: COMBUSTIBLES Y LUBRICANTES | C155: COMBUSTIBLES Y LUBRICANTES | D155: =C155=B155 -> TRUE | E155: 1200 | F155: 4756.17 | G155: 1200 | H155: 0 | M155: =+E155+G155+I155+K155 -> 2400 | N155: =+F155+H155+J155+L155 -> 4756.17 | O155: =+M155+O88 -> 9600 | P155: =+N155+P88 -> 11978.67
A156: 266 | B156: PRODUCTOS MEDICINALES Y FARMACEUTICOS | C156: PRODUCTOS MEDICINALES Y FARMACEUTICOS | D156: =C156=B156 -> TRUE | E156: 175013.54 | F156: 63524.96 | G156: 175013.54 | H156: 45186 | M156: =+E156+G156+I156+K156 -> 350027.08 | N156: =+F156+H156+J156+L156 -> 108710.96 | O156: =+M156+O89 -> 1400108.4 | P156: =+N156+P89 -> 1614211.4
A157: 267 | B157: TINTES, PINTURAS Y COLORANTES | C157: TINTES, PINTURAS Y COLORANTES | D157: =C157=B157 -> TRUE | E157: 2000 | F157: 0 | G157: 2000 | H157: 0 | M157: =+E157+G157+I157+K157 -> 4000 | N157: =+F157+H157+J157+L157 -> 0 | O157: =+M157+O90 -> 16000 | P157: =+N157+P90 -> 0
A158: 268 | B158: PRODUCTOS PLASTICOS, NYLON, VINIL Y PVC | C158: PRODUCTOS PLASTICOS, NYLON, VINIL Y PVC | D158: =C158=B158 -> TRUE | E158: 17555.4 | F158: 0 | G158: 17555.4 | H158: 34837 | M158: =+E158+G158+I158+K158 -> 35110.8 | N158: =+F158+H158+J158+L158 -> 34837 | O158: =+M158+O91 -> 140443.2 | P158: =+N158+P91 -> 133358.75
A159: 269 | B159: OTROS PRODUCTOS QUIMICOS Y CONEXOS | C159: OTROS PRODUCTOS QUIMICOS Y CONEXOS | D159: =C159=B159 -> TRUE | E159: 1000 | F159: 0 | G159: 1000 | H159: 9996 | M159: =+E159+G159+I159+K159 -> 2000 | N159: =+F159+H159+J159+L159 -> 9996 | O159: =+M159+O92 -> 8000 | P159: =+N159+P92 -> 9996
A160: 292 | B160: UTILES DE LIMPIEZA Y PRODUCTOS SANITARIOS | C160: UTILES DE LIMPIEZA Y PRODUCTOS SANITARIOS | D160: =C160=B160 -> TRUE | E160: 0 | F160: 49083.5 | G160: 0 | H160: 4526 | M160: =+E160+G160+I160+K160 -> 0 | N160: =+F160+H160+J160+L160 -> 53609.5 | O160: =+M160+O93 -> 133636.26 | P160: =+N160+P93 -> 103493.05
A161: 295 | B161: UTILES MENORES MEDICO QUIRURGICOS Y DE LAB. | C161: UTILES MENORES MEDICO QUIRURGICOS Y DE LAB. | D161: =C161=B161 -> TRUE | E161: 2080137.7 | F161: 2357385.7 | G161: =2080137.73+342820.86 -> 2422958.6 | H161: 2744618.5 | M161: =+E161+G161+I161+K161 -> 4503096.3 | N161: =+F161+H161+J161+L161 -> 5102004.2 | O161: =+M161+O94 -> 16983923 | P161: =+N161+P94 -> 16785920
A162: 297 | B162: UTILES, ACCESORIOS Y MATERIALES ELECTRICOS | C162: UTILES, ACCESORIOS Y MATERIALES ELECTRICOS | D162: =C162=B162 -> TRUE | E162: 1000 | F162: 5000 | G162: 1000 | H162: 0 | M162: =+E162+G162+I162+K162 -> 2000 | N162: =+F162+H162+J162+L162 -> 5000 | O162: =+M162+O95 -> 24731.62 | P162: =+N162+P95 -> 26727.1
A163: 298 | B163: ACCESORIOS Y REPUESTOS EN GENERAL | C163: ACCESORIOS Y REPUESTOS EN GENERAL | D163: =C163=B163 -> TRUE | E163: 50000 | F163: 66710.42 | G163: 50000 | H163: 30705.26 | M163: =+E163+G163+I163+K163 -> 100000 | N163: =+F163+H163+J163+L163 -> 97415.68 | O163: =+M163+O96 -> 400000 | P163: =+N163+P96 -> 333536.3
A164: 299 | B164: OTROS MATERIALES Y SUMINISTROS | C164: OTROS MATERIALES Y SUMINISTROS | D164: =C164=B164 -> TRUE | E164: 40000 | F164: 27133 | G164: 40000 | H164: 25020.37 | M164: =+E164+G164+I164+K164 -> 80000 | N164: =+F164+H164+J164+L164 -> 52153.37 | O164: =+M164+O97 -> 320000 | P164: =+N164+P97 -> 199328.87
A165: 323 | B165: EQUIPO MEDICO-SANITARIO Y DE LABORATORIO | C165: EQUIPO MEDICO-SANITARIO Y DE LABORATORIO | D165: =C165=B165 -> TRUE | E165: 0 | F165: 358400 | G165: 0 | H165: 484920 | M165: =+E165+G165+I165+K165 -> 0 | N165: =+F165+H165+J165+L165 -> 843320 | O165: =+M165+O98 -> 843320 | P165: =+N165+P98 -> 843320
...

Sheet NOVIEMBRE DECE-5
B8: ÀREA FINANCIERA | M8: DECE-5
A10: UNIDAD DE CIRUGIA CARDIOVASCULAR DE GUATEMALA
A11: 5a. AVENIDA 6-22 ZONA 11
A12: dgunicar@yahoo.es Tel. 24163000
A14: Programación y ejecucion mensual por tipo de gasto año 2024, Expresado en Quetzales primer cuatrimestre 2024
A15: No. | B15: CATEGORIA DEL GASTO DE FUNCIONAMIENTO | E15: Enero | G15: Febrero | I15: Marzo | K15: Abril | M15: Total Cuatrimestre
E16: PROG. | F16: EJECUTADO | G16: PROG. | H16: EJECUTADO | I16: PROG. | J16: EJECUTADO | K16: PROG. | L16: EJECUTADO | M16: PROG. | N16: EJECUTADO
B17: RECURSO HUMANO
A18: 011 | B18: SUELOS Y SALARIOS | E18: 3606534.1 | F18: 3001907.1 | G18: 3606534.1 | H18: 3000995.4 | I18: 3606534.1 | J18: 3740944 | K18: 3606534.1 | L18: 3231004 | M18: =+E18+G18+I18+K18 -> 14426136 | N18: =+F18+H18+J18+L18 -> 12974851
B19: BONO 14 | E19: 0 | F19: 0 | G19: 0 | H19: 0 | I19: 0 | J19: 0 | K19: 0 | L19: 0 | M19: =+E19+G19+I19+K19 -> 0 | N19: =+F19+H19+J19+L19 -> 0
B20: CUOTA PATRONAL | E20: 0 | F20: 0 | G20: 0 | H20: 0 | I20: 0 | J20: 1192233.1 | K20: 0 | L20: 395269.37 | M20: =+E20+G20+I20+K20 -> 0 | N20: =+F20+H20+J20+L20 -> 1587502.4
B21: TOTAL RECURSO HUMANO | E21: =SUM(E18:E20) -> 3606534.1 | F21: =SUM(F18:F20) -> 3001907.1 | G21: =SUM(G18:G20) -> 3606534.1 | H21: =SUM(H18:H20) -> 3000995.4 | I21: =SUM(I18:I20) -> 3606534.1 | J21: =SUM(J18:J20) -> 4933177.1 | K21: =SUM(K18:K20) -> 3606534.1 | L21: =SUM(L18:L20) -> 3626273.4 | ... N21: =SUM(N18:N20) -> 14562353
B23: GASTOS DE OPERACIÓN
A24: 111 | B24: ENERGIA ELECTRICA | C24: ENERGIA ELECTRICA | D24: =C24=B24 -> TRUE | G24: 98000 | I24: 98000 | J24: 101723 | K24: 98000 | L24: 107641.7 | M24: =+E24+G24+I24+K24 -> 294000 | N24: =+F24+H24+J24+L24 -> 209364.7
A25: 113 | B25: SERVICIO DE INTERNET Y TELEFONIA | C25: SERVICIO DE INTERNET Y TELEFONIA | D25: =C25=B25 -> TRUE | G25: 11595 | H25: 11403.26 | I25: 11595 | J25: 11384.76 | K25: 11595 | L25: 11897.66 | M25: =+E25+G25+I25+K25 -> 34785 | N25: =+F25+H25+J25+L25 -> 34685.68
A26: 122 | B26: IMPRESIÓN, ENCUADERNACION Y REPRODUCCION | C26: IMPRESIÓN, ENCUADERNACION Y REPRODUCCION | D26: =C26=B26 -> TRUE | G26: 0 | I26: 8510.25 | J26: 0 | K26: 8510.25 | L26: 0 | M26: =+E26+G26+I26+K26 -> 17020.5 | N26: =+F26+H26+J26+L26 -> 0
A27: 163 | B27: MANT. Y REP. EQUIPO MEDICO SANITARIO Y DE LAB. | C27: MANT. Y REP. EQUIPO MEDICO SANITARIO Y DE LAB. | D27: =C27=B27 -> TRUE | G27: 14200 | I27: =214457+40000 -> 254457 | J27: 0 | K27: 40000 | L27: 31050 | M27: =+E27+G27+I27+K27 -> 308657 | N27: =+F27+H27+J27+L27 -> 31050
A28: 169 | B28: MANT. Y REP. DE OTRAS MAQ. Y EQUIPO | C28: MANT. Y REP. DE OTRAS MAQ. Y EQUIPO | D28: =C28=B28 -> TRUE | G28: 0 | I28: 0 | J28: 0 | K28: 20000 | L28: 0 | M28: =+E28+G28+I28+K28 -> 20000 | N28: =+F28+H28+J28+L28 -> 0
A29: 171 | B29: MANT. Y REPARACION DE EDIFICIOS | C29: MANT. Y REPARACION DE EDIFICIOS | D29: =C29=B29 -> TRUE | G29: 0 | I29: 20000 | J29: 0 | K29: 12810 | L29: 1200 | M29: =+E29+G29+I29+K29 -> 32810 | N29: =+F29+H29+J29+L29 -> 1200
A30: 174 | B30: MANT. Y REP. DE INSTALACIONES | C30: MANT. Y REP. DE INSTALACIONES | D30: =C30=B30 -> TRUE | E30: 3340 | G30: 3340 | I30: =4765+2000 -> 6765 | J30: 6370 | K30: =4765+2000 -> 6765 | L30: 5885 | M30: =+E30+G30+I30+K30 -> 20210 | N30: =+F30+H30+J30+L30 -> 12255
A31: 182 | B31: SERVICIOS MEDICO-SANITARIOS | C31: SERVICIOS MEDICO-SANITARIOS | D31: =C31=B31 -> TRUE | G31: 100775 | I31: 100125 | J31: 148800 | K31: 98100 | L31: 60500 | M31: =+E31+G31+I31+K31 -> 299000 | N31: =+F31+H31+J31+L31 -> 209300
A32: 197 | B32: SERVICIOS DE VIGILANCIA | C32: SERVICIOS DE VIGILANCIA | D32: =C32=B32 -> TRUE | G32: 0 | I32: 65000 | J32: 0 | K32: 65000 | L32: 52000 | M32: =+E32+G32+I32+K32 -> 130000 | N32: =+F32+H32+J32+L32 -> 52000
A33: 199 | B33: OTROS SERVICIOS NO PERSONALES | C33: OTROS SERVICIOS NO PERSONALES | D33: =C33=B33 -> TRUE | G33: 126308.4 | I33: 49158 | J33: 64692.5 | K33: 49158 | L33: 61174.3 | M33: =+E33+G33+I33+K33 -> 224624.4 | N33: =+F33+H33+J33+L33 -> 125866.8
A34: 261 | B34: ELEMENTOS Y COMPUESTOS QUIMICOS | C34: ELEMENTOS Y COMPUESTOS QUIMICOS | D34: =C34=B34 -> TRUE | G34: 0 | I34: 112906.1 | J34: 63717.17 | K34: 112906.1 | L34: 52569.06 | M34: =+E34+G34+I34+K34 -> 225812.2 | N34: =+F34+H34+J34+L34 -> 116286.23
A35: 262 | B35: COMBUSTIBLES Y LUBRICANTES | C35: COMBUSTIBLES Y LUBRICANTES | D35: =C35=B35 -> TRUE | G35: 0 | I35: 1200 | J35: 0 | K35: 1200 | L35: 0 | M35: =+E35+G35+I35+K35 -> 2400 | N35: =+F35+H35+J35+L35 -> 0
A36: 266 | B36: PRODUCTOS MEDICINALES Y FARMACEUTICOS | C36: PRODUCTOS MEDICINALES Y FARMACEUTICOS | D36: =C36=B36 -> TRUE | G36: 0 | I36: 175013.55 | J36: 45000 | K36: 175013.55 | L36: 7547.5 | M36: =+E36+G36+I36+K36 -> 350027.1 | N36: =+F36+H36+J36+L36 -> 52547.5
A37: 267 | B37: TINTES, PINTURAS Y COLORANTES | C37: TINTES, PINTURAS Y COLORANTES | D37: =C37=B37 -> TRUE | G37: 0 | I37: 2000 | J37: 0 | K37: 2000 | L37: 0 | M37: =+E37+G37+I37+K37 -> 4000 | N37: =+F37+H37+J37+L37 -> 0
A38: 268 | B38: PRODUCTOS PLASTICOS, NYLON, VINIL Y PVC | C38: PRODUCTOS PLASTICOS, NYLON, VINIL Y PVC | D38: =C38=B38 -> TRUE | G38: 0 | I38: 17555.4 | J38: 73841.75 | K38: 17555.4 | L38: 9995 | M38: =+E38+G38+I38+K38 -> 35110.8 | N38: =+F38+H38+J38+L38 -> 83836.75
A39: 269 | B39: OTROS PRODUCTOS QUIMICOS Y CONEXOS | C39: OTROS PRODUCTOS QUIMICOS Y CONEXOS | D39: =C39=B39 -> TRUE | G39: 0 | I39: 1000 | J39: 0 | K39: 1000 | L39: 0 | M39: =+E39+G39+I39+K39 -> 2000 | N39: =+F39+H39+J39+L39 -> 0
A40: 292 | B40: UTILES DE LIMPIEZA Y PRODUCTOS SANITARIOS | C40: UTILES DE LIMPIEZA Y PRODUCTOS SANITARIOS | D40: =C40=B40 -> TRUE | G40: 0 | I40: 0 | J40: 0 | K40: 42390.56 | L40: 41437 | M40: =+E40+G40+I40+K40 -> 42390.56 | N40: =+F40+H40+J40+L40 -> 41437
A41: 295 | B41: UTILES MENORES MEDICO QUIRURGICOS Y DE LAB. | C41: UTILES MENORES MEDICO QUIRURGICOS Y DE LAB. | D41: =C41=B41 -> TRUE | G41: 0 | I41: 2080137.7 | J41: 1047617.1 | K41: 2080137.7 | L41: 634838.76 | M41: =+E41+G41+I41+K41 -> 4160275.5 | N41: =+F41+H41+J41+L41 -> 1682455.9
A42: 297 | B42: UTILES, ACCESORIOS Y MATERIALES ELECTRICOS | C42: UTILES, ACCESORIOS Y MATERIALES ELECTRICOS | D42: =C42=B42 -> TRUE | G42: 0 | I42: 1000 | J42: 5105 | K42: =1000+16731.62 -> 17731.62 | L42: 0 | M42: =+E42+G42+I42+K42 -> 18731.62 | N42: =+F42+H42+J42+L42 -> 5105
A43: 298 | B43: ACCESORIOS Y REPUESTOS EN GENERAL | C43: ACCESORIOS Y REPUESTOS EN GENERAL | D43: =C43=B43 -> TRUE | G43: 0 | I43: 50000 | J43: 6815 | K43: 50000 | L43: 57850 | M43: =+E43+G43+I43+K43 -> 100000 | N43: =+F43+H43+J43+L43 -> 64665
A44: 299 | B44: OTROS MATERIALES Y SUMINISTROS | C44: OTROS MATERIALES Y SUMINISTROS | D44: =C44=B44 -> TRUE | G44: 0 | I44: 40000 | J44: 19450 | K44: 40000 | L44: 42875 | M44: =+E44+G44+I44+K44 -> 80000 | N44: =+F44+H44+J44+L44 -> 62325
A45: 323 | B45: EQUIPO MEDICO-SANITARIO Y DE LABORATORIO | C45: EQUIPO MEDICO-SANITARIO Y DE LABORATORIO | D45: =C45=B45 -> TRUE | G45: 0 | I45: 0 | K45: 0 | L45: 0 | M45: =+E45+G45+I45+K45 -> 0 | N45: =+F45+H45+J45+L45 -> 0
B46: TOTAL GASTOS DE OPERACIÓN | E46: =SUM(E24:E45) -> 3340 | F46: =SUM(F24:F45) -> 0 | G46: =SUM(G24:G45) -> 354218.4 | H46: =SUM(H24:H45) -> 11403.26 | I46: =SUM(I24:I45) -> 3094423 | J46: =SUM(J24:J45) -> 1594516.3 | K46: =SUM(K24:K45) -> 2949873.2 | L46: =SUM(L24:L45) -> 1178461 | ... N46: =SUM(N24:N45) -> 2784380.5
B47: TOTAL GENERAL | E47: =+E46+E21 -> 3609874.1 | F47: =+F46+F21 -> 3001907.1 | G47: =+G46+G21 -> 3960752.5 | H47: =+H46+H21 -> 3012398.6 | I47: =+I46+I21 -> 6700957.1 | J47: =+J46+J21 -> 6527693.4 | K47: =+K46+K21 -> 6556407.3 | L47: =+L46+L21 -> 4804734.4 | ... N47: =+N46+N21 -> 17346734
A58: Programación y ejecucion mensual por tipo de gasto año 2024, Expresado en Quetzales segundo cuatrimestre 2024
A59: No. | B59: =+B15 -> CATEGORIA DEL GASTO DE FUNCIONAMIENTO | E59: Mayo | G59: Junio | I59: Julio | K59: Agosto | M59: Total Cuatrimestre | O59: Total Acumulado
E60: PROG. | F60: EJECUTADO | G60: PROG. | H60: EJECUTADO | I60: PROG. | J60: EJECUTADO | K60: PROG. | L60: EJECUTADO | M60: PROG. | N60: EJECUTADO | O60: PROG. | P60: EJECUTADO
A61: 011 | B61: RECURSO HUMANO
B62: SUELOS Y SALARIOS | E62: 3606534.1 | F62: =3655693.14-398462.42 -> 3257230.7 | G62: 3606534.1 | H62: =3662737.1-399293.9 -> 3263443.2 | I62: =3606534.09+3039852.25 -> 6646386.3 | J62: 3227469.6 | K62: 3606534.1 | L62: =3627010.22-395385.03 -> 3231625.2 | M62: =+E62+G62+I62+K62 -> 17465989 | N62: =+F62+H62+J62+L62 -> 12979769 | O62: =+M62+M18 -> 31892125 | P62: =+N62+N18 -> 25954619
B63: BONO 14 | F63: 0 | J63: 3022422.3 | M63: =+E63+G63+I63+K63 -> 0 | N63: =+F63+H63+J63+L63 -> 3022422.3 | O63: =+M63+M19 -> 0 | P63: =+N63+N19 -> 3022422.3
B64: CUOTA PATRONAL | F64: 398462.42 | H64: 399293.9 | J64: 394858.52 | L64: 395385.03 | M64: =+E64+G64+I64+K64 -> 0 | N64: =+F64+H64+J64+L64 -> 1587999.9 | O64: =+M64+M20 -> 0 | P64: =+N64+N20 -> 3175502.3
B65: TOTAL RECURSO HUMANO | E65: =SUM(E62:E64) -> 3606534.1 | F65: =SUM(F62:F64) -> 3655693.1 | G65: =SUM(G62:G64) -> 3606534.1 | H65: =SUM(H62:H64) -> 3662737.1 | I65: =SUM(I62:I64) -> 6646386.3 | J65: =SUM(J62:J64) -> 6644750.4 | K65: =SUM(K62:K64) -> 3606534.1 | L65: =SUM(L62:L64) -> 3627010.2 | ... P65: =SUM(P62:P64) -> 32152544
B67: GASTOS DE OPERACIÓN
A68: 111 | B68: ENERGIA ELECTRICA | C68: ENERGIA ELECTRICA | D68: =C68=B68 -> TRUE | E68: 98000 | F68: 108403.74 | G68: 98000 | H68: 119555.35 | I68: 98000 | J68: 114620.73 | K68: 98000 | L68: 110433.58 | M68: =+E68+G68+I68+K68 -> 392000 | N68: =+F68+H68+J68+L68 -> 453013.4 | O68: =+M68+M24 -> 686000 | P68: =+N68+N24 -> 662378.1
A69: 113 | B69: SERVICIO DE INTERNET Y TELEFONIA | C69: SERVICIO DE INTERNET Y TELEFONIA | D69: =C69=B69 -> TRUE | E69: 11595 | F69: 11434.41 | G69: 11595 | H69: 8432.36 | I69: 11595 | J69: 11346.78 | K69: 11595 | L69: 14206.34 | M69: =+E69+G69+I69+K69 -> 46380 | N69: =+F69+H69+J69+L69 -> 45419.89 | O69: =+M69+M25 -> 81165 | P69: =+N69+N25 -> 80105.57
A70: 122 | B70: IMPRESIÓN, ENCUADERNACION Y REPRODUCCION | C70: IMPRESIÓN, ENCUADERNACION Y REPRODUCCION | D70: =C70=B70 -> TRUE | E70: 8510.25 | F70: 40582 | G70: 8510.25 | H70: 2851.5 | I70: 8510.25 | J70: 31822.6 | K70: 8510.26 | L70: 1131 | M70: =+E70+G70+I70+K70 -> 34041.01 | N70: =+F70+H70+J70+L70 -> 76387.1 | O70: =+M70+M26 -> 51061.51 | P70: =+N70+N26 -> 76387.1
A71: 163 | B71: MANT. Y REP. EQUIPO MEDICO SANITARIO Y DE LAB. | C71: MANT. Y REP. EQUIPO MEDICO SANITARIO Y DE LAB. | D71: =C71=B71 -> TRUE | E71: =40000+199634 -> 239634 | F71: 92068.87 | G71: 58400 | H71: 45230.13 | I71: =40000+175207 -> 215207 | J71: 94936.5 | K71: 40000 | L71: 27395 | M71: =+E71+G71+I71+K71 -> 553241 | N71: =+F71+H71+J71+L71 -> 259630.5 | O71: =+M71+M27 -> 861898 | P71: =+N71+N27 -> 290680.5
A72: 169 | B72: MANT. Y REP. DE OTRAS MAQ. Y EQUIPO | C72: MANT. Y REP. DE OTRAS MAQ. Y EQUIPO | D72: =C72=B72 -> TRUE | E72: 13815 | F72: 0 | G72: 0 | H72: 4850 | I72: 0 | J72: 5276 | K72: 0 | L72: 5000 | M72: =+E72+G72+I72+K72 -> 13815 | N72: =+F72+H72+J72+L72 -> 15126 | O72: =+M72+M28 -> 33815 | P72: =+N72+N28 -> 15126
A73: 171 | B73: MANT. Y REPARACION DE EDIFICIOS | C73: MANT. Y REPARACION DE EDIFICIOS | D73: =C73=B73 -> TRUE | E73: 0 | F73: 7400 | G73: 0 | H73: 1200 | I73: 6510 | J73: 1200 | K73: 0 | L73: 1200 | M73: =+E73+G73+I73+K73 -> 6510 | N73: =+F73+H73+J73+L73 -> 11000 | O73: =+M73+M29 -> 39320 | P73: =+N73+N29 -> 12200
A74: 174 | B74: MANT. Y REP. DE INSTALACIONES | C74: MANT. Y REP. DE INSTALACIONES | D74: =C74=B74 -> TRUE | E74: =28390+2000 -> 30390 | F74: 3185 | G74: 6765 | H74: 4535 | I74: 6765 | J74: 4535 | K74: 6765 | L74: 4535 | M74: =+E74+G74+I74+K74 -> 50685 | N74: =+F74+H74+J74+L74 -> 16790 | O74: =+M74+M30 -> 70895 | P74: =+N74+N30 -> 29045
A75: 182 | B75: SERVICIOS MEDICO-SANITARIOS | C75: SERVICIOS MEDICO-SANITARIOS | D75: =C75=B75 -> TRUE | E75: 51600 | F75: 60500 | G75: 18600 | H75: 106500 | I75: 18600 | J75: 61100 | K75: 18600 | L75: 31000 | M75: =+E75+G75+I75+K75 -> 107400 | N75: =+F75+H75+J75+L75 -> 259100 | O75: =+M75+M31 -> 406400 | P75: =+N75+N31 -> 468400
A76: 197 | B76: SERVICIOS DE VIGILANCIA | C76: SERVICIOS DE VIGILANCIA | D76: =C76=B76 -> TRUE | E76: 65000 | F76: 52000 | G76: 65000 | H76: 52000 | I76: 65000 | J76: 52000 | K76: 65000 | L76: 52000 | M76: =+E76+G76+I76+K76 -> 260000 | N76: =+F76+H76+J76+L76 -> 208000 | O76: =+M76+M32 -> 390000 | P76: =+N76+N32 -> 260000
A77: 199 | B77: OTROS SERVICIOS NO PERSONALES | C77: OTROS SERVICIOS NO PERSONALES | D77: =C77=B77 -> TRUE | E77: 59158 | F77: 59162.82 | G77: 51208.2 | H77: 64972.52 | I77: 102358 | J77: 41487.82 | K77: 49158 | L77: 87720.12 | M77: =+E77+G77+I77+K77 -> 261882.2 | N77: =+F77+H77+J77+L77 -> 253343.28 | O77: =+M77+M33 -> 486506.6 | P77: =+N77+N33 -> 379210.08
A78: 261 | B78: ELEMENTOS Y COMPUESTOS QUIMICOS | C78: ELEMENTOS Y COMPUESTOS QUIMICOS | D78: =C78=B78 -> TRUE | E78: 112906.11 | F78: 68095.06 | G78: 112906.11 | H78: 81627.59 | I78: 112906.11 | J78: 68384.59 | K78: 112906.11 | L78: 86430.59 | M78: =+E78+G78+I78+K78 -> 451624.44 | N78: =+F78+H78+J78+L78 -> 304537.83 | O78: =+M78+M34 -> 677436.64 | P78: =+N78+N34 -> 420824.06
A79: 262 | B79: COMBUSTIBLES Y LUBRICANTES | C79: COMBUSTIBLES Y LUBRICANTES | D79: =C79=B79 -> TRUE | E79: 1200 | F79: 0 | G79: 1200 | H79: 0 | I79: 1200 | J79: 7222.5 | K79: 1200 | L79: 0 | M79: =+E79+G79+I79+K79 -> 4800 | N79: =+F79+H79+J79+L79 -> 7222.5 | O79: =+M79+M35 -> 7200 | P79: =+N79+N35 -> 7222.5
A80: 266 | B80: PRODUCTOS MEDICINALES Y FARMACEUTICOS | C80: PRODUCTOS MEDICINALES Y FARMACEUTICOS | D80: =C80=B80 -> TRUE | E80: 175013.55 | F80: 92631 | G80: 175013.55 | H80: 668640 | I80: 175013.55 | J80: 0 | K80: 175013.54 | L80: 691681.98 | M80: =+E80+G80+I80+K80 -> 700054.19 | N80: =+F80+H80+J80+L80 -> 1452953 | O80: =+M80+M36 -> 1050081.3 | P80: =+N80+N36 -> 1505500.5
A81: 267 | B81: TINTES, PINTURAS Y COLORANTES | C81: TINTES, PINTURAS Y COLORANTES | D81: =C81=B81 -> TRUE | E81: 2000 | F81: 0 | G81: 2000 | H81: 0 | I81: 2000 | J81: 0 | K81: 2000 | L81: 0 | M81: =+E81+G81+I81+K81 -> 8000 | N81: =+F81+H81+J81+L81 -> 0 | O81: =+M81+M37 -> 12000 | P81: =+N81+N37 -> 0
A82: 268 | B82: PRODUCTOS PLASTICOS, NYLON, VINIL Y PVC | C82: PRODUCTOS PLASTICOS, NYLON, VINIL Y PVC | D82: =C82=B82 -> TRUE | E82: 17555.4 | F82: 0 | G82: 17555.4 | H82: 0 | I82: 17555.4 | J82: 0 | K82: 17555.4 | L82: 14685 | M82: =+E82+G82+I82+K82 -> 70221.6 | N82: =+F82+H82+J82+L82 -> 14685 | O82: =+M82+M38 -> 105332.4 | P82: =+N82+N38 -> 98521.75
A83: 269 | B83: OTROS PRODUCTOS QUIMICOS Y CONEXOS | C83: OTROS PRODUCTOS QUIMICOS Y CONEXOS | D83: =C83=B83 -> TRUE | E83: 1000 | F83: 0 | G83: 1000 | H83: 0 | I83: 1000 | J83: 0 | K83: 1000 | L83: 0 | M83: =+E83+G83+I83+K83 -> 4000 | N83: =+F83+H83+J83+L83 -> 0 | O83: =+M83+M39 -> 6000 | P83: =+N83+N39 -> 0
A84: 292 | B84: UTILES DE LIMPIEZA Y PRODUCTOS SANITARIOS | C84: UTILES DE LIMPIEZA Y PRODUCTOS SANITARIOS | D84: =C84=B84 -> TRUE | E84: 42390.56 | F84: 0 | G84: 0 | H84: 8446.55 | I84: 24427.57 | J84: 0 | K84: 24427.57 | L84: 0 | M84: =+E84+G84+I84+K84 -> 91245.7 | N84: =+F84+H84+J84+L84 -> 8446.55 | O84: =+M84+M40 -> 133636.26 | P84: =+N84+N40 -> 49883.55
A85: 295 | B85: UTILES MENORES MEDICO QUIRURGICOS Y DE LAB. | C85: UTILES MENORES MEDICO QUIRURGICOS Y DE LAB. | D85: =C85=B85 -> TRUE | E85: 2080137.7 | F85: 2935332.3 | G85: 2080137.7 | H85: 2975878.2 | I85: 2080137.7 | J85: 2648926.5 | K85: 2080137.7 | L85: 1441322.8 | M85: =+E85+G85+I85+K85 -> 8320551 | N85: =+F85+H85+J85+L85 -> 10001460 | O85: =+M85+M41 -> 12480826 | P85: =+N85+N41 -> 11683916
A86: 297 | B86: UTILES, ACCESORIOS Y MATERIALES ELECTRICOS | C86: UTILES, ACCESORIOS Y MATERIALES ELECTRICOS | D86: =C86=B86 -> TRUE | E86: 1000 | F86: 16622.1 | G86: 1000 | H86: 0 | I86: 1000 | J86: 0 | K86: 1000 | L86: 0 | M86: =+E86+G86+I86+K86 -> 4000 | N86: =+F86+H86+J86+L86 -> 16622.1 | O86: =+M86+M42 -> 22731.62 | P86: =+N86+N42 -> 21727.1
... A89: 323 | B89: EQUIPO MEDICO-SANITARIO Y DE LABORATORIO | C89: EQUIPO MEDICO-SANITARIO Y DE LABORATORIO | D89: =C89=B89 -> TRUE | E89: 415000 | F89: 0 | G89: 35778.32 | H89: 0 | I89: 392541.68 | J89: 0 | K89: 0 | L89: 0 | M89: =+E89+G89+I89+K89 -> 843320 | N89: =+F89+H89+J89+L89 -> 0 | O89: =+M89+M45 -> 843320 | P89: =+N89+N45 -> 0
B90: TOTAL GASTOS DE OPERACIÓN | E90: =SUM(E68:E89) -> 3515905.6 | F90: =SUM(F68:F89) -> 3556500.3 | G90: =SUM(G68:G89) -> 2834669.6 | H90: =SUM(H68:H89) -> 4299904 | I90: =SUM(I68:I89) -> 3430327.3 | J90: =SUM(J68:J89) -> 3189628 | K90: =SUM(K68:K89) -> 2802868.6 | L90: =SUM(L68:L89) -> 2614010.7 | ... P90: =SUM(P68:P89) -> 16444424
B91: TOTAL GENERAL | E91: =+E90+E65 -> 7122439.7 | F91: =+F90+F65 -> 7212193.5 | G91: =+G90+G65 -> 6441203.7 | H91: =+H90+H65 -> 7962641.1 | I91: =+I90+I65 -> 10076714 | J91: =+J90+J65 -> 9834378.4 | K91: =+K90+K65 -> 6409402.7 | L91: =+L90+L65 -> 6241020.9 | ... P91: =+P90+P65 -> 48596968
A116: Programación y ejecucion mensual por tipo de gasto año 2024, Expresado en Quetzales tercer cuatrimestre 2024
A117: No. | B117: CATEGORIA DE GASTO | E117: SEPTIEMBRE | G117: OCTUBRE | I117: NOVIEMBRE | K117: DICIEMBRE | M117: TOTAL CUATRIMESTRE | O117: Total Acumulado Anual
E118: PROG. | F118: EJECUTADO | G118: PROG. | H118: EJECUTADO | I118: PROG. | J118: EJECUTADO | K118: PROG. | L118: EJECUTADO | M118: PROG. | N118: EJECUTADO | O118: PROG. | P118: EJECUTADO
A119: 011 | B119: RECURSO HUMANO
B120: SUELOS Y SALARIOS | E120: 3606534.1 | F120: 3238104.9 | G120: 3606534.1 | H120: 3303477.9 | I120: 3606534.1 | J120: 3325377.7 | M120: =+E120+G120+I120+K120 -> 10819602 | N120: =+F120+H120+J120+L120 -> 9866960.4 | O120: =+M120+O62 -> 42711727 | P120: =+N120+P62 -> 35821580
B121: BONO 14 | M121: =+E121+G121+I121+K121 -> 0 | N121: =+F121+H121+J121+L121 -> 0 | O121: =+M121+O63 -> 0 | P121: =+N121+P63 -> 3022422.3
B122: CUOTA PATRONAL | F122: 364558.55 | H122: 371792.77 | J122: 374110.88 | M122: =+E122+G122+I122+K122 -> 0 | N122: =+F122+H122+J122+L122 -> 1110462.2 | O122: =+M122+O64 -> 0 | P122: =+N122+P64 -> 4285964.5
B123: (-) REINTEGRO CUOTA IRTRA DE AGOSTO 2024 | H123: -31409.23 | M123: =+E123+G123+I123+K123 -> 0 | N123: =+F123+H123+J123+L123 -> -31409.23 | O123: =+M123+O63 -> 0 | P123: =+N123 -> -31409.23
B124: TOTAL RECURSO HUMANO | E124: =SUM(E120:E123) -> 3606534.1 | F124: =SUM(F120:F123) -> 3602663.4 | G124: =SUM(G120:G123) -> 3606534.1 | H124: =SUM(H120:H123) -> 3643861.4 | I124: =SUM(I120:I123) -> 3606534.1 | J124: =SUM(J120:J123) -> 3699488.5 | K124: =SUM(K120:K123) -> 0 | L124: =SUM(L120:L123) -> 0 | ... P124: =SUM(P120:P123) -> 43098557
B126: GASTOS DE FUNCIONAMIENTO
A127: 111 | B127: ENERGIA ELECTRICA | C127: ENERGIA ELECTRICA | D127: =C127=B127 -> TRUE | E127: 98000 | F127: 109574.14 | G127: 98000 | H127: 102556.8 | I127: 98000 | J127: 105969.31 | M127: =+E127+G127+I127+K127 -> 294000 | N127: =+F127+H127+J127+L127 -> 318100.25 | O127: =+M127+O68 -> 980000 | P127: =+N127+P68 -> 980478.35
A128: 113 | B128: SERVICIO DE INTERNET Y TELEFONIA | C128: SERVICIO DE INTERNET Y TELEFONIA | D128: =C128=B128 -> TRUE | E128: 11595 | F128: 11373.95 | G128: =11595-4313.14 -> 7281.86 | H128: 11362.43 | I128: =11595-4313.14 -> 7281.86 | J128: 11354.75 | M128: =+E128+G128+I128+K128 -> 26158.72 | N128: =+F128+H128+J128+L128 -> 34091.13 | O128: =+M128+O69 -> 107323.72 | P128: =+N128+P69 -> 114196.7
A129: 122 | B129: IMPRESIÓN, ENCUADERNACION Y REPRODUCCION | C129: IMPRESIÓN, ENCUADERNACION Y REPRODUCCION | D129: =C129=B129 -> TRUE | E129: 8510.26 | F129: 1200 | G129: 8510.26 | H129: 0 | I129: 8510.26 | J129: 7084.21 | M129: =+E129+G129+I129+K129 -> 25530.78 | N129: =+F129+H129+J129+L129 -> 8284.21 | O129: =+M129+O70 -> 76592.29 | P129: =+N129+P70 -> 84671.31
A130: 163 | B130: MANT. Y REP. EQUIPO MEDICO SANITARIO Y DE LAB. | C130: MANT. Y REP. EQUIPO MEDICO SANITARIO Y DE LAB. | D130: =C130=B130 -> TRUE | E130: =40000+60260 -> 100260 | F130: 94769 | G130: =40000-38773.2 -> 1226.8 | H130: 39771.5 | I130: =40000-38773.2 -> 1226.8 | J130: 36841.75 | M130: =+E130+G130+I130+K130 -> 102713.6 | N130: =+F130+H130+J130+L130 -> 171382.25 | O130: =+M130+O71 -> 964611.6 | P130: =+N130+P71 -> 462062.75
A131: 169 | B131: MANT. Y REP. DE OTRAS MAQ. Y EQUIPO | C131: MANT. Y REP. DE OTRAS MAQ. Y EQUIPO | D131: =C131=B131 -> TRUE | E131: 0 | F131: 1600 | G131: 0 | H131: 0 | I131: 17715 | J131: 0 | M131: =+E131+G131+I131+K131 -> 17715 | N131: =+F131+H131+J131+L131 -> 1600 | O131: =+M131+O72 -> 51530 | P131: =+N131+P72 -> 16726
A132: 171 | B132: MANT. Y REPARACION DE EDIFICIOS | C132: MANT. Y REPARACION DE EDIFICIOS | D132: =C132=B132 -> TRUE | E132: 0 | F132: 7400 | G132: 0 | H132: 6400 | I132: 6510 | J132: 7775 | M132: =+E132+G132+I132+K132 -> 6510 | N132: =+F132+H132+J132+L132 -> 21575 | O132: =+M132+O73 -> 45830 | P132: =+N132+P73 -> 33775
A133: 174 | B133: MANT. Y REP. DE INSTALACIONES | C133: MANT. Y REP. DE INSTALACIONES | D133: =C133=B133 -> TRUE | E133: 6765 | F133: 4535 | G133: 6765 | H133: 4535 | I133: 6765 | J133: 4535 | M133: =+E133+G133+I133+K133 -> 20295 | N133: =+F133+H133+J133+L133 -> 13605 | O133: =+M133+O74 -> 91190 | P133: =+N133+P74 -> 42650
A134: 182 | B134: SERVICIOS MEDICO-SANITARIOS | C134: SERVICIOS MEDICO-SANITARIOS | D134: =C134=B134 -> TRUE | E134: 18600 | F134: 0 | G134: 18600 | H134: 0 | I134: 24800 | J134: 0 | M134: =+E134+G134+I134+K134 -> 62000 | N134: =+F134+H134+J134+L134 -> 0 | O134: =+M134+O75 -> 468400 | P134: =+N134+P75 -> 468400
A135: 197 | B135: SERVICIOS DE VIGILANCIA | C135: SERVICIOS DE VIGILANCIA | D135: =C135=B135 -> TRUE | E135: 65000 | F135: 52000 | G135: =65000-43333.33 -> 21666.67 | H135: 52000 | I135: =65000-43333.33 -> 21666.67 | J135: 52000 | M135: =+E135+G135+I135+K135 -> 108333.34 | N135: =+F135+H135+J135+L135 -> 156000 | O135: =+M135+O76 -> 498333.34 | P135: =+N135+P76 -> 416000
A136: 199 | B136: OTROS SERVICIOS NO PERSONALES | C136: OTROS SERVICIOS NO PERSONALES | D136: =C136=B136 -> TRUE | E136: 59158 | F136: 37959.42 | G136: =49158-8442.8 -> 40715.2 | H136: 86093.1 | I136: =61459.2-8442.8 -> 53016.4 | J136: 92814.3 | M136: =+E136+G136+I136+K136 -> 152889.6 | N136: =+F136+H136+J136+L136 -> 216866.82 | O136: =+M136+O77 -> 639396.2 | P136: =+N136+P77 -> 596076.9
A137: 261 | B137: ELEMENTOS Y COMPUESTOS QUIMICOS | C137: ELEMENTOS Y COMPUESTOS QUIMICOS | D137: =C137=B137 -> TRUE | E137: 68887.98 | F137: 72232.52 | G137: =112906.11-112906.11 -> 0 | H137: 60247.3 | I137: =112906.11-112906.11 -> 0 | J137: 81033.46 | M137: =+E137+G137+I137+K137 -> 68887.98 | N137: =+F137+H137+J137+L137 -> 213513.28 | O137: =+M137+O78 -> 746324.62 | P137: =+N137+P78 -> 634337.34
A138: 262 | B138: COMBUSTIBLES Y LUBRICANTES | C138: COMBUSTIBLES Y LUBRICANTES | D138: =C138=B138 -> TRUE | E138: 1200 | F138: 4756.17 | G138: 1200 | H138: 0 | I138: 1200 | J138: 0 | M138: =+E138+G138+I138+K138 -> 3600 | N138: =+F138+H138+J138+L138 -> 4756.17 | O138: =+M138+O79 -> 10800 | P138: =+N138+P79 -> 11978.67
A139: 266 | B139: PRODUCTOS MEDICINALES Y FARMACEUTICOS | C139: PRODUCTOS MEDICINALES Y FARMACEUTICOS | D139: =C139=B139 -> TRUE | E139: 175013.54 | F139: 63524.96 | G139: 175013.54 | H139: 45186 | I139: 175013.54 | J139: 103975.8 | M139: =+E139+G139+I139+K139 -> 525040.62 | N139: =+F139+H139+J139+L139 -> 212686.76 | O139: =+M139+O80 -> 1575121.9 | P139: =+N139+P80 -> 1718187.2
A140: 267 | B140: TINTES, PINTURAS Y COLORANTES | C140: TINTES, PINTURAS Y COLORANTES | D140: =C140=B140 -> TRUE | E140: 2000 | F140: 0 | G140: 2000 | H140: 0 | I140: 2000 | J140: 7532 | M140: =+E140+G140+I140+K140 -> 6000 | N140: =+F140+H140+J140+L140 -> 7532 | O140: =+M140+O81 -> 18000 | P140: =+N140+P81 -> 7532
A141: 268 | B141: PRODUCTOS PLASTICOS, NYLON, VINIL Y PVC | C141: PRODUCTOS PLASTICOS, NYLON, VINIL Y PVC | D141: =C141=B141 -> TRUE | E141: 17555.4 | F141: 0 | G141: 17555.4 | H141: 34837 | I141: 17555.4 | J141: 28296.75 | M141: =+E141+G141+I141+K141 -> 52666.2 | N141: =+F141+H141+J141+L141 -> 63133.75 | O141: =+M141+O82 -> 157998.6 | P141: =+N141+P82 -> 161655.5
A142: 269 | B142: OTROS PRODUCTOS QUIMICOS Y CONEXOS | C142: OTROS PRODUCTOS QUIMICOS Y CONEXOS | D142: =C142=B142 -> TRUE | E142: 1000 | F142: 0 | G142: 1000 | H142: 9996 | I142: 1000 | J142: 0 | M142: =+E142+G142+I142+K142 -> 3000 | N142: =+F142+H142+J142+L142 -> 9996 | O142: =+M142+O83 -> 9000 | P142: =+N142+P83 -> 9996
A143: 292 | B143: UTILES DE LIMPIEZA Y PRODUCTOS SANITARIOS | C143: UTILES DE LIMPIEZA Y PRODUCTOS SANITARIOS | D143: =C143=B143 -> TRUE | E143: 0 | F143: 49083.5 | G143: 0 | H143: 4526 | I143: 0 | J143: 10130 | M143: =+E143+G143+I143+K143 -> 0 | N143: =+F143+H143+J143+L143 -> 63739.5 | O143: =+M143+O84 -> 133636.26 | P143: =+N143+P84 -> 113623.05
A144: 295 | B144: UTILES MENORES MEDICO QUIRURGICOS Y DE LAB. | C144: UTILES MENORES MEDICO QUIRURGICOS Y DE LAB. | D144: =C144=B144 -> TRUE | E144: 2080137.7 | F144: 2357385.7 | G144: =2080137.73+342820.86 -> 2422958.6 | H144: 2744618.5 | I144: =2080137.73+342820.87 -> 2422958.6 | J144: 3436971.2 | M144: =+E144+G144+I144+K144 -> 6926054.9 | N144: =+F144+H144+J144+L144 -> 8538975.4 | O144: =+M144+O85 -> 19406881 | P144: =+N144+P85 -> 20222891
A145: 297 | B145: UTILES, ACCESORIOS Y MATERIALES ELECTRICOS | C145: UTILES, ACCESORIOS Y MATERIALES ELECTRICOS | D145: =C145=B145 -> TRUE | E145: 1000 | F145: 5000 | G145: 1000 | H145: 0 | I145: 1000 | J145: 0 | M145: =+E145+G145+I145+K145 -> 3000 | N145: =+F145+H145+J145+L145 -> 5000 | O145: =+M145+O86 -> 25731.62 | P145: =+N145+P86 -> 26727.1
A146: 298 | B146: ACCESORIOS Y REPUESTOS EN GENERAL | C146: ACCESORIOS Y REPUESTOS EN GENERAL | D146: =C146=B146 -> TRUE | E146: 50000 | F146: 66710.42 | G146: 50000 | H146: 30705.26 | I146: 50000 | J146: 73545.49 | M146: =+E146+G146+I146+K146 -> 150000 | N146: =+F146+H146+J146+L146 -> 170961.17 | O146: =+M146+O87 -> 450000 | P146: =+N146+P87 -> 407081.79
A147: 299 | B147: OTROS MATERIALES Y SUMINISTROS | C147: OTROS MATERIALES Y SUMINISTROS | D147: =C147=B147 -> TRUE | E147: 40000 | F147: 27133 | G147: 40000 | H147: 25020.37 | I147: 40000 | J147: 16006 | M147: =+E147+G147+I147+K147 -> 120000 | N147: =+F147+H147+J147+L147 -> 68159.37 | O147: =+M147+O88 -> 360000 | P147: =+N147+P88 -> 215334.87
A148: 323 | B148: EQUIPO MEDICO-SANITARIO Y DE LABORATORIO | C148: EQUIPO MEDICO-SANITARIO Y DE LABORATORIO | D148: =C148=B148 -> TRUE | E148: 0 | F148: 358400 | G148: 0 | H148: 484920 | I148: 0 | M148: =+E148+G148+I148+K148 -> 0 | N148: =+F148+H148+J148+L148 -> 843320 | O148: =+M148+O89 -> 843320 | P148: =+N148+P89 -> 843320
...

Sheet DICIEMBRE DECE-5
B8: ÀREA FINANCIERA | K8: DECE-5
A10: UNIDAD DE CIRUGIA CARDIOVASCULAR DE GUATEMALA
A11: 5a. AVENIDA 6-22 ZONA 11
A12: dgunicar@yahoo.es Tel. 24163000
A14: Programación y ejecucion mensual por tipo de gasto año 2024, Expresado en Quetzales primer cuatrimestre 2024
A15: No. | B15: CATEGORIA DEL GASTO DE FUNCIONAMIENTO | C15: Enero | E15: Febrero | G15: Marzo | I15: Abril | K15: Total Cuatrimestre
C16: PROG. | D16: EJECUTADO | E16: PROG. | F16: EJECUTADO | G16: PROG. | H16: EJECUTADO | I16: PROG. | J16: EJECUTADO | K16: PROG. | L16: EJECUTADO
B17: RECURSO HUMANO
A18: 011 | B18: SUELOS Y SALARIOS | C18: 3606534.1 | D18: 3001907.1 | E18: 3606534.1 | F18: 3000995.4 | G18: 3606534.1 | H18: 3740944 | I18: 3606534.1 | J18: 3231004 | K18: =+C18+E18+G18+I18 -> 14426136 | L18: =+D18+F18+H18+J18 -> 12974851
B19: BONO 14 | C19: 0 | D19: 0 | E19: 0 | F19: 0 | G19: 0 | H19: 0 | I19: 0 | J19: 0 | K19: =+C19+E19+G19+I19 -> 0 | L19: =+D19+F19+H19+J19 -> 0
B20: CUOTA PATRONAL | C20: 0 | D20: 0 | E20: 0 | F20: 0 | G20: 0 | H20: 1192233.1 | I20: 0 | J20: 395269.37 | K20: =+C20+E20+G20+I20 -> 0 | L20: =+D20+F20+H20+J20 -> 1587502.4
B21: TOTAL RECURSO HUMANO | C21: =SUM(C18:C20) -> 3606534.1 | D21: =SUM(D18:D20) -> 3001907.1 | E21: =SUM(E18:E20) -> 3606534.1 | F21: =SUM(F18:F20) -> 3000995.4 | G21: =SUM(G18:G20) -> 3606534.1 | H21: =SUM(H18:H20) -> 4933177.1 | I21: =SUM(I18:I20) -> 3606534.1 | J21: =SUM(J18:J20) -> 3626273.4 | ... L21: =SUM(L18:L20) -> 14562353
B23: GASTOS DE OPERACIÓN
A24: 111 | B24: ENERGIA ELECTRICA | E24: 98000 | G24: 98000 | H24: 101723 | I24: 98000 | J24: 107641.7 | K24: =+C24+E24+G24+I24 -> 294000 | L24: =+D24+F24+H24+J24 -> 209364.7
A25: 113 | B25: SERVICIO DE INTERNET Y TELEFONIA | E25: 11595 | F25: 11403.26 | G25: 11595 | H25: 11384.76 | I25: 11595 | J25: 11897.66 | K25: =+C25+E25+G25+I25 -> 34785 | L25: =+D25+F25+H25+J25 -> 34685.68
A26: 122 | B26: IMPRESIÓN, ENCUADERNACION Y REPRODUCCION | E26: 0 | G26: 8510.25 | H26: 0 | I26: 8510.25 | J26: 0 | K26: =+C26+E26+G26+I26 -> 17020.5 | L26: =+D26+F26+H26+J26 -> 0
A27: 163 | B27: MANT. Y REP. EQUIPO MEDICO SANITARIO Y DE LAB. | E27: 14200 | G27: =214457+40000 -> 254457 | H27: 0 | I27: 40000 | J27: 31050 | K27: =+C27+E27+G27+I27 -> 308657 | L27: =+D27+F27+H27+J27 -> 31050
A28: 169 | B28: MANT. Y REP. DE OTRAS MAQ. Y EQUIPO | E28: 0 | G28: 0 | H28: 0 | I28: 20000 | J28: 0 | K28: =+C28+E28+G28+I28 -> 20000 | L28: =+D28+F28+H28+J28 -> 0
A29: 171 | B29: MANT. Y REPARACION DE EDIFICIOS | E29: 0 | G29: 20000 | H29: 0 | I29: 12810 | J29: 1200 | K29: =+C29+E29+G29+I29 -> 32810 | L29: =+D29+F29+H29+J29 -> 1200
A30: 174 | B30: MANT. Y REP. DE INSTALACIONES | C30: 3340 | E30: 3340 | G30: =4765+2000 -> 6765 | H30: 6370 | I30: =4765+2000 -> 6765 | J30: 5885 | K30: =+C30+E30+G30+I30 -> 20210 | L30: =+D30+F30+H30+J30 -> 12255
A31: 182 | B31: SERVICIOS MEDICO-SANITARIOS | E31: 100775 | G31: 100125 | H31: 148800 | I31: 98100 | J31: 60500 | K31: =+C31+E31+G31+I31 -> 299000 | L31: =+D31+F31+H31+J31 -> 209300
A32: 197 | B32: SERVICIOS DE VIGILANCIA | E32: 0 | G32: 65000 | H32: 0 | I32: 65000 | J32: 52000 | K32: =+C32+E32+G32+I32 -> 130000 | L32: =+D32+F32+H32+J32 -> 52000
A33: 199 | B33: OTROS SERVICIOS NO PERSONALES | E33: 126308.4 | G33: 49158 | H33: 64692.5 | I33: 49158 | J33: 61174.3 | K33: =+C33+E33+G33+I33 -> 224624.4 | L33: =+D33+F33+H33+J33 -> 125866.8
A34: 261 | B34: ELEMENTOS Y COMPUESTOS QUIMICOS | E34: 0 | G34: 112906.1 | H34: 63717.17 | I34: 112906.1 | J34: 52569.06 | K34: =+C34+E34+G34+I34 -> 225812.2 | L34: =+D34+F34+H34+J34 -> 116286.23
A35: 262 | B35: COMBUSTIBLES Y LUBRICANTES | E35: 0 | G35: 1200 | H35: 0 | I35: 1200 | J35: 0 | K35: =+C35+E35+G35+I35 -> 2400 | L35: =+D35+F35+H35+J35 -> 0
A36: 266 | B36: PRODUCTOS MEDICINALES Y FARMACEUTICOS | E36: 0 | G36: 175013.55 | H36: 45000 | I36: 175013.55 | J36: 7547.5 | K36: =+C36+E36+G36+I36 -> 350027.1 | L36: =+D36+F36+H36+J36 -> 52547.5
A37: 267 | B37: TINTES, PINTURAS Y COLORANTES | E37: 0 | G37: 2000 | H37: 0 | I37: 2000 | J37: 0 | K37: =+C37+E37+G37+I37 -> 4000 | L37: =+D37+F37+H37+J37 -> 0
A38: 268 | B38: PRODUCTOS PLASTICOS, NYLON, VINIL Y PVC | E38: 0 | G38: 17555.4 | H38: 73841.75 | I38: 17555.4 | J38: 9995 | K38: =+C38+E38+G38+I38 -> 35110.8 | L38: =+D38+F38+H38+J38 -> 83836.75
A39: 269 | B39: OTROS PRODUCTOS QUIMICOS Y CONEXOS | E39: 0 | G39: 1000 | H39: 0 | I39: 1000 | J39: 0 | K39: =+C39+E39+G39+I39 -> 2000 | L39: =+D39+F39+H39+J39 -> 0
A40: 292 | B40: UTILES DE LIMPIEZA Y PRODUCTOS SANITARIOS | E40: 0 | G40: 0 | H40: 0 | I40: 42390.56 | J40: 41437 | K40: =+C40+E40+G40+I40 -> 42390.56 | L40: =+D40+F40+H40+J40 -> 41437
A41: 295 | B41: UTILES MENORES MEDICO QUIRURGICOS Y DE LAB. | E41: 0 | G41: 2080137.7 | H41: 1047617.1 | I41: 2080137.7 | J41: 634838.76 | K41: =+C41+E41+G41+I41 -> 4160275.5 | L41: =+D41+F41+H41+J41 -> 1682455.9
A42: 297 | B42: UTILES, ACCESORIOS Y MATERIALES ELECTRICOS | E42: 0 | G42: 1000 | H42: 5105 | I42: =1000+16731.62 -> 17731.62 | J42: 0 | K42: =+C42+E42+G42+I42 -> 18731.62 | L42: =+D42+F42+H42+J42 -> 5105
A43: 298 | B43: ACCESORIOS Y REPUESTOS EN GENERAL | E43: 0 | G43: 50000 | H43: 6815 | I43: 50000 | J43: 57850 | K43: =+C43+E43+G43+I43 -> 100000 | L43: =+D43+F43+H43+J43 -> 64665
A44: 299 | B44: OTROS MATERIALES Y SUMINISTROS | E44: 0 | G44: 40000 | H44: 19450 | I44: 40000 | J44: 42875 | K44: =+C44+E44+G44+I44 -> 80000 | L44: =+D44+F44+H44+J44 -> 62325
A45: 323 | B45: EQUIPO MEDICO-SANITARIO Y DE LABORATORIO | E45: 0 | G45: 0 | I45: 0 | J45: 0 | K45: =+C45+E45+G45+I45 -> 0 | L45: =+D45+F45+H45+J45 -> 0
B46: TOTAL GASTOS DE OPERACIÓN | C46: =SUM(C24:C45) -> 3340 | D46: =SUM(D24:D45) -> 0 | E46: =SUM(E24:E45) -> 354218.4 | F46: =SUM(F24:F45) -> 11403.26 | G46: =SUM(G24:G45) -> 3094423 | H46: =SUM(H24:H45) -> 1594516.3 | I46: =SUM(I24:I45) -> 2949873.2 | J46: =SUM(J24:J45) -> 1178461 | ... L46: =SUM(L24:L45) -> 2784380.5
B47: TOTAL GENERAL | C47: =+C46+C21 -> 3609874.1 | D47: =+D46+D21 -> 3001907.1 | E47: =+E46+E21 -> 3960752.5 | F47: =+F46+F21 -> 3012398.6 | G47: =+G46+G21 -> 6700957.1 | H47: =+H46+H21 -> 6527693.4 | I47: =+I46+I21 -> 6556407.3 | J47: =+J46+J21 -> 4804734.4 | ... L47: =+L46+L21 -> 17346734
A68: Programación y ejecucion mensual por tipo de gasto año 2024, Expresado en Quetzales segundo cuatrimestre 2024
A69: No. | B69: =+B15 -> CATEGORIA DEL GASTO DE FUNCIONAMIENTO | C69: Mayo | E69: Junio | G69: Julio | I69: Agosto | K69: Total Cuatrimestre | M69: Total Acumulado
C70: PROG. | D70: EJECUTADO | E70: PROG. | F70: EJECUTADO | G70: PROG. | H70: EJECUTADO | I70: PROG. | J70: EJECUTADO | K70: PROG. | L70: EJECUTADO | M70: PROG. | N70: EJECUTADO
A71: 011 | B71: RECURSO HUMANO
B72: SUELOS Y SALARIOS | C72: 3606534.1 | D72: =3655693.14-398462.42 -> 3257230.7 | E72: 3606534.1 | F72: =3662737.1-399293.9 -> 3263443.2 | G72: =3606534.09+3039852.25 -> 6646386.3 | H72: 3227469.6 | I72: 3606534.1 | J72: =3627010.22-395385.03 -> 3231625.2 | K72: =+C72+E72+G72+I72 -> 17465989 | L72: =+D72+F72+H72+J72 -> 12979769 | M72: =+K72+K18 -> 31892125 | N72: =+L72+L18 -> 25954619
B73: BONO 14 | D73: 0 | H73: 3022422.3 | K73: =+C73+E73+G73+I73 -> 0 | L73: =+D73+F73+H73+J73 -> 3022422.3 | M73: =+K73+K19 -> 0 | N73: =+L73+L19 -> 3022422.3
B74: CUOTA PATRONAL | D74: 398462.42 | F74: 399293.9 | H74: 394858.52 | J74: 395385.03 | K74: =+C74+E74+G74+I74 -> 0 | L74: =+D74+F74+H74+J74 -> 1587999.9 | M74: =+K74+K20 -> 0 | N74: =+L74+L20 -> 3175502.3
B75: TOTAL RECURSO HUMANO | C75: =SUM(C72:C74) -> 3606534.1 | D75: =SUM(D72:D74) -> 3655693.1 | E75: =SUM(E72:E74) -> 3606534.1 | F75: =SUM(F72:F74) -> 3662737.1 | G75: =SUM(G72:G74) -> 6646386.3 | H75: =SUM(H72:H74) -> 6644750.4 | I75: =SUM(I72:I74) -> 3606534.1 | J75: =SUM(J72:J74) -> 3627010.2 | ... N75: =SUM(N72:N74) -> 32152544
B77: GASTOS DE OPERACIÓN
A78: 111 | B78: ENERGIA ELECTRICA | C78: 98000 | D78: 108403.74 | E78: 98000 | F78: 119555.35 | G78: 98000 | H78: 114620.73 | I78: 98000 | J78: 110433.58 | K78: =+C78+E78+G78+I78 -> 392000 | L78: =+D78+F78+H78+J78 -> 453013.4 | M78: =+K78+K24 -> 686000 | N78: =+L78+L24 -> 662378.1
A79: 113 | B79: SERVICIO DE INTERNET Y TELEFONIA | C79: 11595 | D79: 11434.41 | E79: 11595 | F79: 8432.36 | G79: 11595 | H79: 11346.78 | I79: 11595 | J79: 14206.34 | K79: =+C79+E79+G79+I79 -> 46380 | L79: =+D79+F79+H79+J79 -> 45419.89 | M79: =+K79+K25 -> 81165 | N79: =+L79+L25 -> 80105.57
A80: 122 | B80: IMPRESIÓN, ENCUADERNACION Y REPRODUCCION | C80: 8510.25 | D80: 40582 | E80: 8510.25 | F80: 2851.5 | G80: 8510.25 | H80: 31822.6 | I80: 8510.26 | J80: 1131 | K80: =+C80+E80+G80+I80 -> 34041.01 | L80: =+D80+F80+H80+J80 -> 76387.1 | M80: =+K80+K26 -> 51061.51 | N80: =+L80+L26 -> 76387.1
A81: 163 | B81: MANT. Y REP. EQUIPO MEDICO SANITARIO Y DE LAB. | C81: =40000+199634 -> 239634 | D81: 92068.87 | E81: 58400 | F81: 45230.13 | G81: =40000+175207 -> 215207 | H81: 94936.5 | I81: 40000 | J81: 27395 | K81: =+C81+E81+G81+I81 -> 553241 | L81: =+D81+F81+H81+J81 -> 259630.5 | M81: =+K81+K27 -> 861898 | N81: =+L81+L27 -> 290680.5
A82: 169 | B82: MANT. Y REP. DE OTRAS MAQ. Y EQUIPO | C82: 13815 | D82: 0 | E82: 0 | F82: 4850 | G82: 0 | H82: 5276 | I82: 0 | J82: 5000 | K82: =+C82+E82+G82+I82 -> 13815 | L82: =+D82+F82+H82+J82 -> 15126 | M82: =+K82+K28 -> 33815 | N82: =+L82+L28 -> 15126
A83: 171 | B83: MANT. Y REPARACION DE EDIFICIOS | C83: 0 | D83: 7400 | E83: 0 | F83: 1200 | G83: 6510 | H83: 1200 | I83: 0 | J83: 1200 | K83: =+C83+E83+G83+I83 -> 6510 | L83: =+D83+F83+H83+J83 -> 11000 | M83: =+K83+K29 -> 39320 | N83: =+L83+L29 -> 12200
A84: 174 | B84: MANT. Y REP. DE INSTALACIONES | C84: =28390+2000 -> 30390 | D84: 3185 | E84: 6765 | F84: 4535 | G84: 6765 | H84: 4535 | I84: 6765 | J84: 4535 | K84: =+C84+E84+G84+I84 -> 50685 | L84: =+D84+F84+H84+J84 -> 16790 | M84: =+K84+K30 -> 70895 | N84: =+L84+L30 -> 29045
A85: 182 | B85: SERVICIOS MEDICO-SANITARIOS | C85: 51600 | D85: 60500 | E85: 18600 | F85: 106500 | G85: 18600 | H85: 61100 | I85: 18600 | J85: 31000 | K85: =+C85+E85+G85+I85 -> 107400 | L85: =+D85+F85+H85+J85 -> 259100 | M85: =+K85+K31 -> 406400 | N85: =+L85+L31 -> 468400
A86: 197 | B86: SERVICIOS DE VIGILANCIA | C86: 65000 | D86: 52000 | E86: 65000 | F86: 52000 | G86: 65000 | H86: 52000 | I86: 65000 | J86: 52000 | K86: =+C86+E86+G86+I86 -> 260000 | L86: =+D86+F86+H86+J86 -> 208000 | M86: =+K86+K32 -> 390000 | N86: =+L86+L32 -> 260000
A87: 199 | B87: OTROS SERVICIOS NO PERSONALES | C87: 59158 | D87: 59162.82 | E87: 51208.2 | F87: 64972.52 | G87: 102358 | H87: 41487.82 | I87: 49158 | J87: 87720.12 | K87: =+C87+E87+G87+I87 -> 261882.2 | L87: =+D87+F87+H87+J87 -> 253343.28 | M87: =+K87+K33 -> 486506.6 | N87: =+L87+L33 -> 379210.08
A88: 261 | B88: ELEMENTOS Y COMPUESTOS QUIMICOS | C88: 112906.11 | D88: 68095.06 | E88: 112906.11 | F88: 81627.59 | G88: 112906.11 | H88: 68384.59 | I88: 112906.11 | J88: 86430.59 | K88: =+C88+E88+G88+I88 -> 451624.44 | L88: =+D88+F88+H88+J88 -> 304537.83 | M88: =+K88+K34 -> 677436.64 | N88: =+L88+L34 -> 420824.06
A89: 262 | B89: COMBUSTIBLES Y LUBRICANTES | C89: 1200 | D89: 0 | E89: 1200 | F89: 0 | G89: 1200 | H89: 7222.5 | I89: 1200 | J89: 0 | K89: =+C89+E89+G89+I89 -> 4800 | L89: =+D89+F89+H89+J89 -> 7222.5 | M89: =+K89+K35 -> 7200 | N89: =+L89+L35 -> 7222.5
A90: 266 | B90: PRODUCTOS MEDICINALES Y FARMACEUTICOS | C90: 175013.55 | D90: 92631 | E90: 175013.55 | F90: 668640 | G90: 175013.55 | H90: 0 | I90: 175013.54 | J90: 691681.98 | K90: =+C90+E90+G90+I90 -> 700054.19 | L90: =+D90+F90+H90+J90 -> 1452953 | M90: =+K90+K36 -> 1050081.3 | N90: =+L90+L36 -> 1505500.5
A91: 267 | B91: TINTES, PINTURAS Y COLORANTES | C91: 2000 | D91: 0 | E91: 2000 | F91: 0 | G91: 2000 | H91: 0 | I91: 2000 | J91: 0 | K91: =+C91+E91+G91+I91 -> 8000 | L91: =+D91+F91+H91+J91 -> 0 | M91: =+K91+K37 -> 12000 | N91: =+L91+L37 -> 0
A92: 268 | B92: PRODUCTOS PLASTICOS, NYLON, VINIL Y PVC | C92: 17555.4 | D92: 0 | E92: 17555.4 | F92: 0 | G92: 17555.4 | H92: 0 | I92: 17555.4 | J92: 14685 | K92: =+C92+E92+G92+I92 -> 70221.6 | L92: =+D92+F92+H92+J92 -> 14685 | M92: =+K92+K38 -> 105332.4 | N92: =+L92+L38 -> 98521.75
A93: 269 | B93: OTROS PRODUCTOS QUIMICOS Y CONEXOS | C93: 1000 | D93: 0 | E93: 1000 | F93: 0 | G93: 1000 | H93: 0 | I93: 1000 | J93: 0 | K93: =+C93+E93+G93+I93 -> 4000 | L93: =+D93+F93+H93+J93 -> 0 | M93: =+K93+K39 -> 6000 | N93: =+L93+L39 -> 0
A94: 292 | B94: UTILES DE LIMPIEZA Y PRODUCTOS SANITARIOS | C94: 42390.56 | D94: 0 | E94: 0 | F94: 8446.55 | G94: 24427.57 | H94: 0 | I94: 24427.57 | J94: 0 | K94: =+C94+E94+G94+I94 -> 91245.7 | L94: =+D94+F94+H94+J94 -> 8446.55 | M94: =+K94+K40 -> 133636.26 | N94: =+L94+L40 -> 49883.55
A95: 295 | B95: UTILES MENORES MEDICO QUIRURGICOS Y DE LAB. | C95: 2080137.7 | D95: 2935332.3 | E95: 2080137.7 | F95: 2975878.2 | G95: 2080137.7 | H95: 2648926.5 | I95: 2080137.7 | J95: 1441322.8 | K95: =+C95+E95+G95+I95 -> 8320551 | L95: =+D95+F95+H95+J95 -> 10001460 | M95: =+K95+K41 -> 12480826 | N95: =+L95+L41 -> 11683916
A96: 297 | B96: UTILES, ACCESORIOS Y MATERIALES ELECTRICOS | C96: 1000 | D96: 16622.1 | E96: 1000 | F96: 0 | G96: 1000 | H96: 0 | I96: 1000 | J96: 0 | K96: =+C96+E96+G96+I96 -> 4000 | L96: =+D96+F96+H96+J96 -> 16622.1 | M96: =+K96+K42 -> 22731.62 | N96: =+L96+L42 -> 21727.1
... A99: 323 | B99: EQUIPO MEDICO-SANITARIO Y DE LABORATORIO | C99: 415000 | D99: 0 | E99: 35778.32 | F99: 0 | G99: 392541.68 | H99: 0 | I99: 0 | J99: 0 | K99: =+C99+E99+G99+I99 -> 843320 | L99: =+D99+F99+H99+J99 -> 0 | M99: =+K99+K45 -> 843320 | N99: =+L99+L45 -> 0
B100: TOTAL GASTOS DE OPERACIÓN | C100: =SUM(C78:C99) -> 3515905.6 | D100: =SUM(D78:D99) -> 3556500.3 | E100: =SUM(E78:E99) -> 2834669.6 | F100: =SUM(F78:F99) -> 4299904 | G100: =SUM(G78:G99) -> 3430327.3 | H100: =SUM(H78:H99) -> 3189628 | I100: =SUM(I78:I99) -> 2802868.6 | J100: =SUM(J78:J99) -> 2614010.7 | ... N100: =SUM(N78:N99) -> 16444424
B101: TOTAL GENERAL | C101: =+C100+C75 -> 7122439.7 | D101: =+D100+D75 -> 7212193.5 | E101: =+E100+E75 -> 6441203.7 | F101: =+F100+F75 -> 7962641.1 | G101: =+G100+G75 -> 10076714 | H101: =+H100+H75 -> 9834378.4 | I101: =+I100+I75 -> 6409402.7 | J101: =+J100+J75 -> 6241020.9 | ... N101: =+N100+N75 -> 48596968
A136: Programación y ejecucion mensual por tipo de gasto año 2024, Expresado en Quetzales tercer cuatrimestre 2024
A137: No. | B137: CATEGORIA DE GASTO | C137: SEPTIEMBRE | E137: OCTUBRE | G137: NOVIEMBRE | I137: DICIEMBRE | K137: TOTAL CUATRIMESTRE | M137: Total Acumulado Anual
C138: PROG. | D138: EJECUTADO | E138: PROG. | F138: EJECUTADO | G138: PROG. | H138: EJECUTADO | I138: PROG. | J138: EJECUTADO | K138: PROG. | L138: EJECUTADO | M138: PROG. | N138: EJECUTADO
A139: 011 | B139: RECURSO HUMANO
B140: SUELOS Y SALARIOS | C140: 3606534.1 | D140: 3238104.9 | E140: 3606534.1 | F140: 3303477.9 | G140: 3606534.1 | H140: 3325377.7 | I140: 6715867.3 | J140: 3322093.5 | K140: =+C140+E140+G140+I140 -> 17535470 | L140: =+D140+F140+H140+J140 -> 13189054 | M140: =+K140+M72 -> 49427595 | N140: =+L140+N72 -> 39143673
B141: BONO 14 | J141: 0 | K141: =+C141+E141+G141+I141 -> 0 | L141: =+D141+F141+H141+J141 -> 0 | M141: =+K141+M73 -> 0 | N141: =+L141+N73 -> 3022422.3
B142: AGUINALDO | J142: 3186213 | K142: =+C142+E142+G142+I142 -> 0 | L142: =+D142+F142+H142+J142 -> 3186213 | M142: =+K142+M74 -> 0 | N142: =+L142 -> 3186213
B143: CUOTA PATRONAL | D143: 364558.55 | F143: 371792.77 | H143: 374110.88 | J143: 41585.72 | K143: =+C143+E143+G143+I143 -> 0 | L143: =+D143+F143+H143+J143 -> 1152047.9 | M143: =+K143+M74 -> 0 | N143: =+L143+N74 -> 4327550.2
B144: (-) REINTEGRO CUOTA IRTRA DE ENERO A AGOSTO 2024 | F144: -31409.23 | J144: -220854.99 | K144: =+C144+E144+G144+I144 -> 0 | L144: =+D144+F144+H144+J144 -> -252264.22 | M144: =+K144+M73 -> 0 | N144: =+L144 -> -252264.22
B145: TOTAL RECURSO HUMANO | C145: =SUM(C140:C144) -> 3606534.1 | D145: =SUM(D140:D144) -> 3602663.4 | E145: =SUM(E140:E144) -> 3606534.1 | F145: =SUM(F140:F144) -> 3643861.4 | G145: =SUM(G140:G144) -> 3606534.1 | H145: =SUM(H140:H144) -> 3699488.5 | I145: =SUM(I140:I144) -> 6715867.3 | J145: =SUM(J140:J144) -> 6329037.3 | ... N145: =SUM(N140:N144) -> 49427595
B147: GASTOS DE FUNCIONAMIENTO
A148: 111 | B148: ENERGIA ELECTRICA | C148: 98000 | D148: 109574.14 | E148: 98000 | F148: 102556.8 | G148: 98000 | H148: 105969.31 | I148: 98000 | J148: 97521.65 | K148: =+C148+E148+G148+I148 -> 392000 | L148: =+D148+F148+H148+J148 -> 415621.9 | M148: =+K148+M78 -> 1078000 | N148: =+L148+N78 -> 1078000
A149: 113 | B149: SERVICIO DE INTERNET Y TELEFONIA | C149: 11595 | D149: 11373.95 | E149: =11595-4313.14 -> 7281.86 | F149: 11362.43 | G149: =11595-4313.14 -> 7281.86 | H149: 11354.75 | I149: =11595-4313.15 -> 7281.85 | J149: 408.87 | K149: =+C149+E149+G149+I149 -> 33440.57 | L149: =+D149+F149+H149+J149 -> 34500 | M149: =+K149+M79 -> 114605.57 | N149: =+L149+N79 -> 114605.57
A150: 122 | B150: IMPRESIÓN, ENCUADERNACION Y REPRODUCCION | C150: 8510.26 | D150: 1200 | E150: 8510.26 | F150: 0 | G150: 8510.26 | H150: 7084.21 | I150: 8510.26 | J150: 431.24 | K150: =+C150+E150+G150+I150 -> 34041.04 | L150: =+D150+F150+H150+J150 -> 8715.45 | M150: =+K150+M80 -> 85102.55 | N150: =+L150+N80 -> 85102.55
A151: 163 | B151: MANT. Y REP. EQUIPO MEDICO SANITARIO Y DE LAB. | C151: =40000+60260 -> 100260 | D151: 94769 | E151: =40000-38773.2 -> 1226.8 | F151: 39771.5 | G151: =40000-38773.2 -> 1226.8 | H151: 36841.75 | I151: =40000+16720+348151-392453.6 -> 12417.4 | J151: 514961.08 | K151: =+C151+E151+G151+I151 -> 115131 | L151: =+D151+F151+H151+J151 -> 686343.33 | M151: =+K151+M81 -> 977029 | N151: =+L151+N81 -> 977023.83
A152: 169 | B152: MANT. Y REP. DE OTRAS MAQ. Y EQUIPO | C152: 0 | D152: 1600 | E152: 0 | F152: 0 | G152: 17715 | H152: 0 | I152: 0 | J152: 34556 | K152: =+C152+E152+G152+I152 -> 17715 | L152: =+D152+F152+H152+J152 -> 36156 | M152: =+K152+M82 -> 51530 | N152: =+L152+N82 -> 51282
A153: 171 | B153: MANT. Y REPARACION DE EDIFICIOS | C153: 0 | D153: 7400 | E153: 0 | F153: 6400 | G153: 6510 | H153: 7775 | I153: 6300 | J153: 18350 | K153: =+C153+E153+G153+I153 -> 12810 | L153: =+D153+F153+H153+J153 -> 39925 | M153: =+K153+M83 -> 52130 | N153: =+L153+N83 -> 52125
A154: 174 | B154: MANT. Y REP. DE INSTALACIONES | C154: 6765 | D154: 4535 | E154: 6765 | F154: 4535 | G154: 6765 | H154: 4535 | I154: 6765 | J154: 55220 | K154: =+C154+E154+G154+I154 -> 27060 | L154: =+D154+F154+H154+J154 -> 68825 | M154: =+K154+M84 -> 97955 | N154: =+L154+N84 -> 97870
A155: 182 | B155: SERVICIOS MEDICO-SANITARIOS | C155: 18600 | D155: 0 | E155: 18600 | F155: 0 | G155: 24800 | H155: 0 | J155: 0 | K155: =+C155+E155+G155+I155 -> 62000 | L155: =+D155+F155+H155+J155 -> 0 | M155: =+K155+M85 -> 468400 | N155: =+L155+N85 -> 468400
A156: 197 | B156: SERVICIOS DE VIGILANCIA | C156: 65000 | D156: 52000 | E156: =65000-43333.33 -> 21666.67 | F156: 52000 | G156: =65000-43333.33 -> 21666.67 | H156: 52000 | I156: =65000-43333.34 -> 21666.66 | J156: 104000 | K156: =+C156+E156+G156+I156 -> 130000 | L156: =+D156+F156+H156+J156 -> 260000 | M156: =+K156+M86 -> 520000 | N156: =+L156+N86 -> 520000
A157: 199 | B157: OTROS SERVICIOS NO PERSONALES | C157: 59158 | D157: 37959.42 | E157: =49158-8442.8 -> 40715.2 | F157: 86093.1 | G157: =61459.2-8442.8 -> 53016.4 | H157: 92814.3 | I157: =49158-8442.79 -> 40715.21 | J157: 84028.16 | K157: =+C157+E157+G157+I157 -> 193604.81 | L157: =+D157+F157+H157+J157 -> 300894.98 | M157: =+K157+M87 -> 680111.41 | N157: =+L157+N87 -> 680105.06
A158: 261 | B158: ELEMENTOS Y COMPUESTOS QUIMICOS | C158: 68887.98 | D158: 72232.52 | E158: =112906.11-112906.11 -> 0 | F158: 60247.3 | G158: =112906.11-112906.11 -> 0 | H158: 81033.46 | I158: =112906.11-112906.11 -> 0 | J158: 111945.47 | K158: =+C158+E158+G158+I158 -> 68887.98 | L158: =+D158+F158+H158+J158 -> 325458.75 | M158: =+K158+M88 -> 746324.62 | N158: =+L158+N88 -> 746282.81
A159: 262 | B159: COMBUSTIBLES Y LUBRICANTES | C159: 1200 | D159: 4756.17 | E159: 1200 | F159: 0 | G159: 1200 | H159: 0 | I159: 1200 | J159: 0 | K159: =+C159+E159+G159+I159 -> 4800 | L159: =+D159+F159+H159+J159 -> 4756.17 | M159: =+K159+M89 -> 12000 | N159: =+L159+N89 -> 11978.67
A160: 266 | B160: PRODUCTOS MEDICINALES Y FARMACEUTICOS | C160: 175013.54 | D160: 63524.96 | E160: 175013.54 | F160: 45186 | G160: 175013.54 | H160: 103975.8 | I160: 175013.54 | J160: 31943.56 | K160: =+C160+E160+G160+I160 -> 700054.16 | L160: =+D160+F160+H160+J160 -> 244630.32 | M160: =+K160+M90 -> 1750135.5 | N160: =+L160+N90 -> 1750130.8
A161: 267 | B161: TINTES, PINTURAS Y COLORANTES | C161: 2000 | D161: 0 | E161: 2000 | F161: 0 | G161: 2000 | H161: 7532 | I161: 2000 | J161: 12375 | K161: =+C161+E161+G161+I161 -> 8000 | L161: =+D161+F161+H161+J161 -> 19907 | M161: =+K161+M91 -> 20000 | N161: =+L161+N91 -> 19907
A162: 268 | B162: PRODUCTOS PLASTICOS, NYLON, VINIL Y PVC | C162: 17555.4 | D162: 0 | E162: 17555.4 | F162: 34837 | G162: 17555.4 | H162: 28296.75 | I162: 17555.4 | J162: 13897.8 | K162: =+C162+E162+G162+I162 -> 70221.6 | L162: =+D162+F162+H162+J162 -> 77031.55 | M162: =+K162+M92 -> 175554 | N162: =+L162+N92 -> 175553.3
A163: 269 | B163: OTROS PRODUCTOS QUIMICOS Y CONEXOS | C163: 1000 | D163: 0 | E163: 1000 | F163: 9996 | G163: 1000 | H163: 0 | I163: 1000 | J163: 0 | K163: =+C163+E163+G163+I163 -> 4000 | L163: =+D163+F163+H163+J163 -> 9996 | M163: =+K163+M93 -> 10000 | N163: =+L163+N93 -> 9996
A164: 292 | B164: UTILES DE LIMPIEZA Y PRODUCTOS SANITARIOS | C164: 0 | D164: 49083.5 | E164: 0 | F164: 4526 | G164: 0 | H164: 10130 | I164: 0 | J164: 20010.8 | K164: =+C164+E164+G164+I164 -> 0 | L164: =+D164+F164+H164+J164 -> 83750.3 | M164: =+K164+M94 -> 133636.26 | N164: =+L164+N94 -> 133633.85
A165: 295 | B165: UTILES MENORES MEDICO QUIRURGICOS Y DE LAB. | C165: 2080137.7 | D165: 2357385.7 | E165: =2080137.73+342820.86 -> 2422958.6 | F165: 2744618.5 | G165: =2080137.73+342820.87 -> 2422958.6 | H165: 3436971.2 | I165: =2080137.73+342820.87 -> 2422958.6 | J165: 1606902.1 | K165: =+C165+E165+G165+I165 -> 9349013.5 | L165: =+D165+F165+H165+J165 -> 10145877 | M165: =+K165+M95 -> 21829840 | N165: =+L165+N95 -> 21829793
A166: 297 | B166: UTILES, ACCESORIOS Y MATERIALES ELECTRICOS | C166: 1000 | D166: 5000 | E166: 1000 | F166: 0 | G166: 1000 | H166: 0 | I166: 1000 | J166: 0 | K166: =+C166+E166+G166+I166 -> 4000 | L166: =+D166+F166+H166+J166 -> 5000 | M166: =+K166+M96 -> 26731.62 | N166: =+L166+N96 -> 26727.1
A167: 298 | B167: ACCESORIOS Y REPUESTOS EN GENERAL | C167: 50000 | D167: 66710.42 | E167: 50000 | F167: 30705.26 | G167: 50000 | H167: 73545.49 | I167: 50000 | J167: 92755 | K167: =+C167+E167+G167+I167 -> 200000 | L167: =+D167+F167+H167+J167 -> 263716.17 | M167: =+K167+M97 -> 500000 | N167: =+L167+N97 -> 499836.79
A168: 299 | B168: OTROS MATERIALES Y SUMINISTROS | C168: 40000 | D168: 27133 | E168: 40000 | F168: 25020.37 | G168: 40000 | H168: 16006 | I168: 40000 | J168: 184660.2 | K168: =+C168+E168+G168+I168 -> 160000 | L168: =+D168+F168+H168+J168 -> 252819.57 | M168: =+K168+M98 -> 400000 | N168: =+L168+N98 -> 399995.07
...

Sheet SEPTIEMBRE ANEXO A DECE-5
B8: ÀREA FINANCIERA | I8: ANEXO DE DECE-5
A10: UNIDAD DE CIRUGIA CARDIOVASCULAR DE GUATEMALA
A11: 5a. AVENIDA 6-22 ZONA 11
A12: dgunicar@yahoo.es Tel. 24163000
A14: Programación mensual por tipo de gasto año 2018, Expresado en Quetzales primer cuatrimestre 2018
A15: No. | B15: CATEGORIA DE GASTO | C15: ENERO | E15: FEBRERO | G15: MARZO | I15: ABRIL
C16: PRESUPUESTO | D16: REAL | E16: PRESUPUESTO | F16: REAL | G16: PRESUPUESTO | H16: REAL | I16: PRESUPUESTO | J16: REAL
B17: RECURSO HUMANO | C17: 1764858.4 | D17: 1492317.4 | E17: 1764858.4 | F17: 1792563.6 | G17: 1764858.4 | H17: 1578007.9 | I17: 1764858.4 | J17: 1803793.6
B19: GASTOS DE FUNCIONAMIENTO | C19: =+C27+C43 -> 2818474.9 | D19: =+D27+D43 -> 0 | E19: =+E27+E43 -> 2818474.9 | F19: =+F27+F43 -> 67111.02 | G19: =+G27+G43 -> 2818474.9 | H19: =+H27+H43 -> 58543.64 | I19: =+I27+I43 -> 2818474.9 | J19: =+J27+J43 -> 3743927.3
B20: ENERGIA ELECTRICA | C20: 62500 | E20: 62500 | F20: 56112.02 | G20: 62500 | I20: 62500 | J20: 68083.01
B21: TELEFONIA | C21: 7500 | E21: 7500 | F21: 10999 | G21: 7500 | H21: 11011 | I21: 7500 | J21: 10992
B22: IMPRESIÓN, ENCUADERNACION Y REPRODUCCION | C22: 8133.97 | E22: 8133.97 | G22: 8133.97 | I22: 8133.97 | J22: 4358
B23: MANT. Y REP. EQUIPO MEDICO SANITARIO Y DE LAB. | C23: 33333.33 | E23: 33333.33 | G23: 33333.33 | I23: 33333.33 | J23: 45020
B24: SERVICIOS MEDICO-SANITARIOS | C24: 165141.75 | E24: 165141.75 | G24: 165141.75 | H24: 1000 | I24: 165141.75 | J24: 26842.86
B25: SERVICIOS DE VIGILANCIA | C25: 40000 | E25: 40000 | G25: 40000 | I25: 40000 | J25: 76240
B26: OTROS SERVICIOS NO PERSONALES | C26: 26305.03 | E26: 26305.03 | G26: 26305.03 | H26: 46532.64 | I26: 26305.03 | J26: 55063.68
B27: SUMA GASTOS GENERALES | C27: =SUM(C20:C26) -> 342914.08 | D27: =SUM(D20:D26) -> 0 | E27: =SUM(E20:E26) -> 342914.08 | F27: =SUM(F20:F26) -> 67111.02 | G27: =SUM(G20:G26) -> 342914.08 | H27: =SUM(H20:H26) -> 58543.64 | I27: =SUM(I20:I26) -> 342914.08 | J27: =SUM(J20:J26) -> 286599.55
B28: MATERIALES Y SUMINISTROS
B29: ALIMENTOS PARA PERSONAS | C29: 60936.45 | E29: 60936.45 | G29: 60936.45 | I29: 60936.45 | J29: 202940.25
B30: ACABADOS TEXTILES | C30: 600 | E30: 600 | G30: 600 | I30: 600
B31: PRODUCTOS DE PAPEL O CARTON | C31: 945.42 | E31: 945.42 | G31: 945.42 | I31: 945.42
B32: ELEMENTOS Y COMPUESTOS QUIMICOS | C32: 169652.57 | E32: 169652.57 | G32: 169652.57 | I32: 169652.57 | J32: 178282.05
B33: COMBUSTIBLES Y LUBRICANTES | C33: 912 | E33: 912 | G33: 912 | I33: 912
B34: PRODUCTOS MEDICINALES Y FARMACEUTICOS | C34: 427229.65 | E34: 427229.65 | G34: 427229.65 | I34: 427229.65 | J34: 1425199.8
B35: TINTES, PINTURAS Y COLORANTES | C35: 100 | E35: 100 | G35: 100 | I35: 100
B36: PRODUCTOS PLASTICOS, NYLON, VINIL Y PVC | C36: 13579.7 | E36: 13579.7 | G36: 13579.7 | I36: 13579.7 | J36: 75162.24
B37: OTROS PRODUCTOS METALICOS | C37: 310 | E37: 310 | G37: 310 | I37: 310
B38: UTILES DE LIMPIEZA Y PRODUCTOS SANITARIOS | C38: 10809.43 | E38: 10809.43 | G38: 10809.43 | I38: 10809.43 | J38: 14528.6
B39: UTILES MENORES MEDICO QUIRURGICOS Y DE LAB. | C39: 1780006.3 | E39: 1780006.3 | G39: 1780006.3 | I39: 1780006.3 | J39: 1545914.8
B40: UTILES, ACCESORIOS Y MATERIALES ELECTRICOS | C40: 2208.7 | E40: 2208.7 | G40: 2208.7 | I40: 2208.7 | J40: 15300
B41: ACCESORIOS Y REPUESTOS EN GENERAL | C41: 8105.1 | E41: 8105.1 | G41: 8105.1 | I41: 8105.1
B42: OTROS MATERIALES Y SUMINISTROS | C42: 165.5 | E42: 165.5 | G42: 165.5 | I42: 165.5
B43: TOTAL MATERIALES Y SUMINISTROS | C43: =SUM(C29:C42) -> 2475560.8 | D43: =SUM(D29:D42) -> 0 | E43: =SUM(E29:E42) -> 2475560.8 | F43: =SUM(F29:F42) -> 0 | G43: =SUM(G29:G42) -> 2475560.8 | H43: =SUM(H29:H42) -> 0 | I43: =SUM(I29:I42) -> 2475560.8 | J43: =SUM(J29:J42) -> 3457327.8
A46: Programación mensual por tipo de gasto año 2016, Expresado en Quetzales
A47: No. | B47: Categoría de Gasto | C47: Julio | E47: Agosto | G47: Septiembre
B48: Recurso Humano | C48: Pto. | D48: Real | E48: Pto. | F48: Real | G48: Pto. | H48: Real
B51: Gastos de Funcionamiento
B52: detallar cada gasto cargado
A60: TOTALES
A73: Programación mensual por tipo de gasto año 2018, Expresado en Quetzales segundo cuatrimestre 2018
A74: No. | B74: CATEGORIA DE GASTO | C74: MAYO | E74: JUNIO | G74: JULIO | I74: AGOSTO
C75: PRESUPUESTO | D75: REAL | E75: PRESUPUESTO | F75: REAL | G75: PRESUPUESTO | H75: REAL | I75: PRESUPUESTO | J75: REAL
B76: RECURSO HUMANO | C76: 1764858.4 | D76: 2281196.2 | E76: 1764858.4 | F76: 1896496.9
B78: GASTOS DE FUNCIONAMIENTO | C78: =+C86+C102 -> 2818474.9 | D78: =+D86+D102 -> 3820610.3 | E78: =+E86+E102 -> 2818474.9 | F78: =+F86+F102 -> 2361172.2 | G78: =+G86+G102 -> 0 | H78: =+H86+H102 -> 0 | I78: =+I86+I102 -> 0 | J78: =+J86+J102 -> 0
B79: ENERGIA ELECTRICA | C79: 62500 | D79: 138609.61 | E79: 62500
B80: TELEFONIA | C80: 7500 | D80: 9818.25 | E80: 7500 | F80: 9560.36
B81: IMPRESIÓN, ENCUADERNACION Y REPRODUCCION | C81: 8133.97 | E81: 8133.97 | F81: 39787
B82: MANT. Y REP. EQUIPO MEDICO SANITARIO Y DE LAB. | C82: 33333.33 | D82: 19161.8 | E82: 33333.33
B83: SERVICIOS MEDICO-SANITARIOS | C83: 165141.75 | D83: 4057.14 | E83: 165141.75 | F83: 184282.78
B84: SERVICIOS DE VIGILANCIA | C84: 40000 | D84: 38120 | E84: 40000 | F84: 38120
B85: OTROS SERVICIOS NO PERSONALES | C85: 26305.03 | D85: 48548.64 | E85: 26305.03 | F85: 44604
B86: SUMA GASTOS GENERALES | C86: =SUM(C79:C85) -> 342914.08 | D86: =SUM(D79:D85) -> 258315.44 | E86: =SUM(E79:E85) -> 342914.08 | F86: =SUM(F79:F85) -> 316354.14 | G86: =SUM(G79:G85) -> 0 | H86: =SUM(H79:H85) -> 0 | I86: =SUM(I79:I85) -> 0 | J86: =SUM(J79:J85) -> 0
B87: MATERIALES Y SUMINISTROS
B88: ALIMENTOS PARA PERSONAS | C88: 60936.45 | D88: 1023 | E88: 60936.45 | F88: 58023.7
B89: ACABADOS TEXTILES | C89: 600 | E89: 600
B90: PRODUCTOS DE PAPEL O CARTON | C90: 945.42 | E90: 945.42
B91: ELEMENTOS Y COMPUESTOS QUIMICOS | C91: 169652.57 | D91: 181188.84 | E91: 169652.57 | F91: 66957.58
B92: COMBUSTIBLES Y LUBRICANTES | C92: 912 | E92: 912
B93: PRODUCTOS MEDICINALES Y FARMACEUTICOS | C93: 427229.65 | D93: 535053.33 | E93: 427229.65 | F93: 261536.69
B94: TINTES, PINTURAS Y COLORANTES | C94: 100 | E94: 100
B95: PRODUCTOS PLASTICOS, NYLON, VINIL Y PVC | C95: 13579.7 | D95: 6224.76 | E95: 13579.7 | F95: 6630
B96: OTROS PRODUCTOS METALICOS | C96: 310 | D96: 3610 | E96: 310
B97: UTILES DE LIMPIEZA Y PRODUCTOS SANITARIOS | C97: 10809.43 | D97: 39404.76 | E97: 10809.43 | F97: 23463
B98: UTILES MENORES MEDICO QUIRURGICOS Y DE LAB. | C98: 1780006.3 | D98: 2752150.2 | E98: 1780006.3 | F98: 1617110.1
B99: UTILES, ACCESORIOS Y MATERIALES ELECTRICOS | C99: 2208.7 | E99: 2208.7 | F99: 11097
B100: ACCESORIOS Y REPUESTOS EN GENERAL | C100: 8105.1 | D100: 43640 | E100: 8105.1
B101: OTROS MATERIALES Y SUMINISTROS | C101: 165.5 | E101: 165.5
B102: TOTAL MATERIALES Y SUMINISTROS | C102: =SUM(C88:C101) -> 2475560.8 | D102: =SUM(D88:D101) -> 3562294.9 | E102: =SUM(E88:E101) -> 2475560.8 | F102: =SUM(F88:F101) -> 2044818 | G102: =SUM(G88:G101) -> 0 | H102: =SUM(H88:H101) -> 0 | I102: =SUM(I88:I101) -> 0 | J102: =SUM(J88:J101) -> 0
A123: Programación mensual por tipo de gasto año 2017, Expresado en Quetzales tercer cuatrimestre 2018
A124: No. | B124: CATEGORIA DE GASTO | C124: SEPTIEMBRE | E124: OCTUBRE | G124: NOVIEMBRE | I124: DICIEMBRE
C125: PRESUPUESTO | D125: REAL | E125: PRESUPUESTO | F125: REAL | G125: PRESUPUESTO | H125: REAL | I125: PRESUPUESTO | J125: REAL
B126: RECURSO HUMANO
B128: GASTOS DE FUNCIONAMIENTO | C128: =+C136+C152 -> 0 | D128: =+D136+D152 -> 0 | E128: =+E136+E152 -> 0 | F128: =+F136+F152 -> 0 | G128: =+G136+G152 -> 0 | H128: =+H136+H152 -> 0 | I128: =+I136+I152 -> 0 | J128: =+J136+J152 -> 0
B129: ENERGIA ELECTRICA
B130: TELEFONIA
B131: IMPRESIÓN, ENCUADERNACION Y REPRODUCCION
B132: MANT. Y REP. EQUIPO MEDICO SANITARIO Y DE LAB.
B133: SERVICIOS MEDICO-SANITARIOS
B134: SERVICIOS DE VIGILANCIA
B135: OTROS SERVICIOS NO PERSONALES
B136: SUMA GASTOS GENERALES | C136: =SUM(C129:C135) -> 0 | D136: =SUM(D129:D135) -> 0 | E136: =SUM(E129:E135) -> 0 | F136: =SUM(F129:F135) -> 0 | G136: =SUM(G129:G135) -> 0 | H136: =SUM(H129:H135) -> 0 | I136: =SUM(I129:I135) -> 0 | J136: =SUM(J129:J135) -> 0
B137: MATERIALES Y SUMINISTROS
B138: ALIMENTOS PARA PERSONAS
B139: AVABADOS TEXTILES
B140: PRODUCTOS DE PAPEL O CARTON
B141: ELEMENTOS Y COMPUESTOS QUIMICOS
B142: COMBUSTIBLES Y LUBRICANTES
B143: PRODUCTOS MEDICINALES Y FARMACEUTICOS
B144: TINTES, PINTURAS Y COLORANTES
B145: PRODUCTOS PLASTICOS, NYLON, VINIL Y PVC
B146: OTROS PRODUCTOS METALICOS
B147: UTILES DE LIMPIEZA Y PRODUCTOS SANITARIOS
B148: UTILES MENORES MEDICO QUIRURGICOS Y DE LAB.
... B151: OTROS MATERIALES Y SUMINISTROS
B152: TOTAL MATERIALES Y SUMINISTROS | C152: =SUM(C138:C151) -> 0 | D152: =SUM(D138:D151) -> 0 | E152: =SUM(E138:E151) -> 0 | F152: =SUM(F138:F151) -> 0 | G152: =SUM(G138:G151) -> 0 | H152: =SUM(H138:H151) -> 0 | I152: =SUM(I138:I151) -> 0 | J152: =SUM(J138:J151) -> 0
C177: PROGRAMACION POR TIPO DE GASTO AÑO 2024
C178: RESUMEN AL 30 DE SEPTIEMBRE 2024
C179: No. | D179: CATEGORIA DEL GASTO DE FUNCIONAMIENTO | E179: TOTAL ANUAL
E180: PRESUPUESTO | F180: COMPROMETIDO
C181: 011 | D181: RECURSO HUMANO | E181: =+'SEPTIEMBRE DECE-5'!E144 -> 35498659 | F181: =+'SEPTIEMBRE DECE-5'!F144 -> 35755207
...

Sheet OCTUBRE ANEXO A DECE-5
B8: ÀREA FINANCIERA | I8: ANEXO DE DECE-5
A10: UNIDAD DE CIRUGIA CARDIOVASCULAR DE GUATEMALA
A11: 5a. AVENIDA 6-22 ZONA 11
A12: dgunicar@yahoo.es Tel. 24163000
A14: Programación mensual por tipo de gasto año 2018, Expresado en Quetzales primer cuatrimestre 2018
A15: No. | B15: CATEGORIA DE GASTO | C15: ENERO | E15: FEBRERO | G15: MARZO | I15: ABRIL
C16: PRESUPUESTO | D16: REAL | E16: PRESUPUESTO | F16: REAL | G16: PRESUPUESTO | H16: REAL | I16: PRESUPUESTO | J16: REAL
B17: RECURSO HUMANO | C17: 1764858.4 | D17: 1492317.4 | E17: 1764858.4 | F17: 1792563.6 | G17: 1764858.4 | H17: 1578007.9 | I17: 1764858.4 | J17: 1803793.6
B19: GASTOS DE FUNCIONAMIENTO | C19: =+C27+C43 -> 2818474.9 | D19: =+D27+D43 -> 0 | E19: =+E27+E43 -> 2818474.9 | F19: =+F27+F43 -> 67111.02 | G19: =+G27+G43 -> 2818474.9 | H19: =+H27+H43 -> 58543.64 | I19: =+I27+I43 -> 2818474.9 | J19: =+J27+J43 -> 3743927.3
B20: ENERGIA ELECTRICA | C20: 62500 | E20: 62500 | F20: 56112.02 | G20: 62500 | I20: 62500 | J20: 68083.01
B21: TELEFONIA | C21: 7500 | E21: 7500 | F21: 10999 | G21: 7500 | H21: 11011 | I21: 7500 | J21: 10992
B22: IMPRESIÓN, ENCUADERNACION Y REPRODUCCION | C22: 8133.97 | E22: 8133.97 | G22: 8133.97 | I22: 8133.97 | J22: 4358
B23: MANT. Y REP. EQUIPO MEDICO SANITARIO Y DE LAB. | C23: 33333.33 | E23: 33333.33 | G23: 33333.33 | I23: 33333.33 | J23: 45020
B24: SERVICIOS MEDICO-SANITARIOS | C24: 165141.75 | E24: 165141.75 | G24: 165141.75 | H24: 1000 | I24: 165141.75 | J24: 26842.86
B25: SERVICIOS DE VIGILANCIA | C25: 40000 | E25: 40000 | G25: 40000 | I25: 40000 | J25: 76240
B26: OTROS SERVICIOS NO PERSONALES | C26: 26305.03 | E26: 26305.03 | G26: 26305.03 | H26: 46532.64 | I26: 26305.03 | J26: 55063.68
B27: SUMA GASTOS GENERALES | C27: =SUM(C20:C26) -> 342914.08 | D27: =SUM(D20:D26) -> 0 | E27: =SUM(E20:E26) -> 342914.08 | F27: =SUM(F20:F26) -> 67111.02 | G27: =SUM(G20:G26) -> 342914.08 | H27: =SUM(H20:H26) -> 58543.64 | I27: =SUM(I20:I26) -> 342914.08 | J27: =SUM(J20:J26) -> 286599.55
B28: MATERIALES Y SUMINISTROS
B29: ALIMENTOS PARA PERSONAS | C29: 60936.45 | E29: 60936.45 | G29: 60936.45 | I29: 60936.45 | J29: 202940.25
B30: ACABADOS TEXTILES | C30: 600 | E30: 600 | G30: 600 | I30: 600
B31: PRODUCTOS DE PAPEL O CARTON | C31: 945.42 | E31: 945.42 | G31: 945.42 | I31: 945.42
B32: ELEMENTOS Y COMPUESTOS QUIMICOS | C32: 169652.57 | E32: 169652.57 | G32: 169652.57 | I32: 169652.57 | J32: 178282.05
B33: COMBUSTIBLES Y LUBRICANTES | C33: 912 | E33: 912 | G33: 912 | I33: 912
B34: PRODUCTOS MEDICINALES Y FARMACEUTICOS | C34: 427229.65 | E34: 427229.65 | G34: 427229.65 | I34: 427229.65 | J34: 1425199.8
B35: TINTES, PINTURAS Y COLORANTES | C35: 100 | E35: 100 | G35: 100 | I35: 100
B36: PRODUCTOS PLASTICOS, NYLON, VINIL Y PVC | C36: 13579.7 | E36: 13579.7 | G36: 13579.7 | I36: 13579.7 | J36: 75162.24
B37: OTROS PRODUCTOS METALICOS | C37: 310 | E37: 310 | G37: 310 | I37: 310
B38: UTILES DE LIMPIEZA Y PRODUCTOS SANITARIOS | C38: 10809.43 | E38: 10809.43 | G38: 10809.43 | I38: 10809.43 | J38: 14528.6
B39: UTILES MENORES MEDICO QUIRURGICOS Y DE LAB. | C39: 1780006.3 | E39: 1780006.3 | G39: 1780006.3 | I39: 1780006.3 | J39: 1545914.8
B40: UTILES, ACCESORIOS Y MATERIALES ELECTRICOS | C40: 2208.7 | E40: 2208.7 | G40: 2208.7 | I40: 2208.7 | J40: 15300
B41: ACCESORIOS Y REPUESTOS EN GENERAL | C41: 8105.1 | E41: 8105.1 | G41: 8105.1 | I41: 8105.1
B42: OTROS MATERIALES Y SUMINISTROS | C42: 165.5 | E42: 165.5 | G42: 165.5 | I42: 165.5
B43: TOTAL MATERIALES Y SUMINISTROS | C43: =SUM(C29:C42) -> 2475560.8 | D43: =SUM(D29:D42) -> 0 | E43: =SUM(E29:E42) -> 2475560.8 | F43: =SUM(F29:F42) -> 0 | G43: =SUM(G29:G42) -> 2475560.8 | H43: =SUM(H29:H42) -> 0 | I43: =SUM(I29:I42) -> 2475560.8 | J43: =SUM(J29:J42) -> 3457327.8
A46: Programación mensual por tipo de gasto año 2016, Expresado en Quetzales
A47: No. | B47: Categoría de Gasto | C47: Julio | E47: Agosto | G47: Septiembre
B48: Recurso Humano | C48: Pto. | D48: Real | E48: Pto. | F48: Real | G48: Pto. | H48: Real
B51: Gastos de Funcionamiento
B52: detallar cada gasto cargado
A60: TOTALES
A73: Programación mensual por tipo de gasto año 2018, Expresado en Quetzales segundo cuatrimestre 2018
A74: No. | B74: CATEGORIA DE GASTO | C74: MAYO | E74: JUNIO | G74: JULIO | I74: AGOSTO
C75: PRESUPUESTO | D75: REAL | E75: PRESUPUESTO | F75: REAL | G75: PRESUPUESTO | H75: REAL | I75: PRESUPUESTO | J75: REAL
B76: RECURSO HUMANO | C76: 1764858.4 | D76: 2281196.2 | E76: 1764858.4 | F76: 1896496.9
B78: GASTOS DE FUNCIONAMIENTO | C78: =+C86+C102 -> 2818474.9 | D78: =+D86+D102 -> 3820610.3 | E78: =+E86+E102 -> 2818474.9 | F78: =+F86+F102 -> 2361172.2 | G78: =+G86+G102 -> 0 | H78: =+H86+H102 -> 0 | I78: =+I86+I102 -> 0 | J78: =+J86+J102 -> 0
B79: ENERGIA ELECTRICA | C79: 62500 | D79: 138609.61 | E79: 62500
B80: TELEFONIA | C80: 7500 | D80: 9818.25 | E80: 7500 | F80: 9560.36
B81: IMPRESIÓN, ENCUADERNACION Y REPRODUCCION | C81: 8133.97 | E81: 8133.97 | F81: 39787
B82: MANT. Y REP. EQUIPO MEDICO SANITARIO Y DE LAB. | C82: 33333.33 | D82: 19161.8 | E82: 33333.33
B83: SERVICIOS MEDICO-SANITARIOS | C83: 165141.75 | D83: 4057.14 | E83: 165141.75 | F83: 184282.78
B84: SERVICIOS DE VIGILANCIA | C84: 40000 | D84: 38120 | E84: 40000 | F84: 38120
B85: OTROS SERVICIOS NO PERSONALES | C85: 26305.03 | D85: 48548.64 | E85: 26305.03 | F85: 44604
B86: SUMA GASTOS GENERALES | C86: =SUM(C79:C85) -> 342914.08 | D86: =SUM(D79:D85) -> 258315.44 | E86: =SUM(E79:E85) -> 342914.08 | F86: =SUM(F79:F85) -> 316354.14 | G86: =SUM(G79:G85) -> 0 | H86: =SUM(H79:H85) -> 0 | I86: =SUM(I79:I85) -> 0 | J86: =SUM(J79:J85) -> 0
B87: MATERIALES Y SUMINISTROS
B88: ALIMENTOS PARA PERSONAS | C88: 60936.45 | D88: 1023 | E88: 60936.45 | F88: 58023.7
B89: ACABADOS TEXTILES | C89: 600 | E89: 600
B90: PRODUCTOS DE PAPEL O CARTON | C90: 945.42 | E90: 945.42
B91: ELEMENTOS Y COMPUESTOS QUIMICOS | C91: 169652.57 | D91: 181188.84 | E91: 169652.57 | F91: 66957.58
B92: COMBUSTIBLES Y LUBRICANTES | C92: 912 | E92: 912
B93: PRODUCTOS MEDICINALES Y FARMACEUTICOS | C93: 427229.65 | D93: 535053.33 | E93: 427229.65 | F93: 261536.69
B94: TINTES, PINTURAS Y COLORANTES | C94: 100 | E94: 100
B95: PRODUCTOS PLASTICOS, NYLON, VINIL Y PVC | C95: 13579.7 | D95: 6224.76 | E95: 13579.7 | F95: 6630
B96: OTROS PRODUCTOS METALICOS | C96: 310 | D96: 3610 | E96: 310
B97: UTILES DE LIMPIEZA Y PRODUCTOS SANITARIOS | C97: 10809.43 | D97: 39404.76 | E97: 10809.43 | F97: 23463
B98: UTILES MENORES MEDICO QUIRURGICOS Y DE LAB. | C98: 1780006.3 | D98: 2752150.2 | E98: 1780006.3 | F98: 1617110.1
B99: UTILES, ACCESORIOS Y MATERIALES ELECTRICOS | C99: 2208.7 | E99: 2208.7 | F99: 11097
B100: ACCESORIOS Y REPUESTOS EN GENERAL | C100: 8105.1 | D100: 43640 | E100: 8105.1
B101: OTROS MATERIALES Y SUMINISTROS | C101: 165.5 | E101: 165.5
B102: TOTAL MATERIALES Y SUMINISTROS | C102: =SUM(C88:C101) -> 2475560.8 | D102: =SUM(D88:D101) -> 3562294.9 | E102: =SUM(E88:E101) -> 2475560.8 | F102: =SUM(F88:F101) -> 2044818 | G102: =SUM(G88:G101) -> 0 | H102: =SUM(H88:H101) -> 0 | I102: =SUM(I88:I101) -> 0 | J102: =SUM(J88:J101) -> 0
A123: Programación mensual por tipo de gasto año 2017, Expresado en Quetzales tercer cuatrimestre 2018
A124: No. | B124: CATEGORIA DE GASTO | C124: SEPTIEMBRE | E124: OCTUBRE | G124: NOVIEMBRE | I124: DICIEMBRE
C125: PRESUPUESTO | D125: REAL | E125: PRESUPUESTO | F125: REAL | G125: PRESUPUESTO | H125: REAL | I125: PRESUPUESTO | J125: REAL
B126: RECURSO HUMANO
B128: GASTOS DE FUNCIONAMIENTO | C128: =+C136+C152 -> 0 | D128: =+D136+D152 -> 0 | E128: =+E136+E152 -> 0 | F128: =+F136+F152 -> 0 | G128: =+G136+G152 -> 0 | H128: =+H136+H152 -> 0 | I128: =+I136+I152 -> 0 | J128: =+J136+J152 -> 0
B129: ENERGIA ELECTRICA
B130: TELEFONIA
B131: IMPRESIÓN, ENCUADERNACION Y REPRODUCCION
B132: MANT. Y REP. EQUIPO MEDICO SANITARIO Y DE LAB.
B133: SERVICIOS MEDICO-SANITARIOS
B134: SERVICIOS DE VIGILANCIA
B135: OTROS SERVICIOS NO PERSONALES
B136: SUMA GASTOS GENERALES | C136: =SUM(C129:C135) -> 0 | D136: =SUM(D129:D135) -> 0 | E136: =SUM(E129:E135) -> 0 | F136: =SUM(F129:F135) -> 0 | G136: =SUM(G129:G135) -> 0 | H136: =SUM(H129:H135) -> 0 | I136: =SUM(I129:I135) -> 0 | J136: =SUM(J129:J135) -> 0
B137: MATERIALES Y SUMINISTROS
B138: ALIMENTOS PARA PERSONAS
B139: AVABADOS TEXTILES
B140: PRODUCTOS DE PAPEL O CARTON
B141: ELEMENTOS Y COMPUESTOS QUIMICOS
B142: COMBUSTIBLES Y LUBRICANTES
B143: PRODUCTOS MEDICINALES Y FARMACEUTICOS
B144: TINTES, PINTURAS Y COLORANTES
B145: PRODUCTOS PLASTICOS, NYLON, VINIL Y PVC
B146: OTROS PRODUCTOS METALICOS
B147: UTILES DE LIMPIEZA Y PRODUCTOS SANITARIOS
B148: UTILES MENORES MEDICO QUIRURGICOS Y DE LAB.
... B151: OTROS MATERIALES Y SUMINISTROS
B152: TOTAL MATERIALES Y SUMINISTROS | C152: =SUM(C138:C151) -> 0 | D152: =SUM(D138:D151) -> 0 | E152: =SUM(E138:E151) -> 0 | F152: =SUM(F138:F151) -> 0 | G152: =SUM(G138:G151) -> 0 | H152: =SUM(H138:H151) -> 0 | I152: =SUM(I138:I151) -> 0 | J152: =SUM(J138:J151) -> 0
C177: PROGRAMACION POR TIPO DE GASTO AÑO 2024
C178: RESUMEN AL 31 DE OCTUBRE 2024
C179: No. | D179: CATEGORIA DEL GASTO DE FUNCIONAMIENTO | E179: TOTAL ANUAL
E180: PRESUPUESTO | F180: COMPROMETIDO
C181: 011 | D181: RECURSO HUMANO | E181: =+'OCTUBRE DECE-5'!E194 -> 39105193 | F181: =+'OCTUBRE DECE-5'!F194 -> 39399069
...

Sheet NOVIEMBRE ANEXO A DECE-5
B8: ÀREA FINANCIERA | I8: ANEXO DE DECE-5
A10: UNIDAD DE CIRUGIA CARDIOVASCULAR DE GUATEMALA
A11: 5a. AVENIDA 6-22 ZONA 11
A12: dgunicar@yahoo.es Tel. 24163000
A14: Programación mensual por tipo de gasto año 2018, Expresado en Quetzales primer cuatrimestre 2018
A15: No. | B15: CATEGORIA DE GASTO | C15: ENERO | E15: FEBRERO | G15: MARZO | I15: ABRIL
C16: PRESUPUESTO | D16: REAL | E16: PRESUPUESTO | F16: REAL | G16: PRESUPUESTO | H16: REAL | I16: PRESUPUESTO | J16: REAL
B17: RECURSO HUMANO | C17: 1764858.4 | D17: 1492317.4 | E17: 1764858.4 | F17: 1792563.6 | G17: 1764858.4 | H17: 1578007.9 | I17: 1764858.4 | J17: 1803793.6
B19: GASTOS DE FUNCIONAMIENTO | C19: =+C27+C43 -> 2818474.9 | D19: =+D27+D43 -> 0 | E19: =+E27+E43 -> 2818474.9 | F19: =+F27+F43 -> 67111.02 | G19: =+G27+G43 -> 2818474.9 | H19: =+H27+H43 -> 58543.64 | I19: =+I27+I43 -> 2818474.9 | J19: =+J27+J43 -> 3743927.3
B20: ENERGIA ELECTRICA | C20: 62500 | E20: 62500 | F20: 56112.02 | G20: 62500 | I20: 62500 | J20: 68083.01
B21: TELEFONIA | C21: 7500 | E21: 7500 | F21: 10999 | G21: 7500 | H21: 11011 | I21: 7500 | J21: 10992
B22: IMPRESIÓN, ENCUADERNACION Y REPRODUCCION | C22: 8133.97 | E22: 8133.97 | G22: 8133.97 | I22: 8133.97 | J22: 4358
B23: MANT. Y REP. EQUIPO MEDICO SANITARIO Y DE LAB. | C23: 33333.33 | E23: 33333.33 | G23: 33333.33 | I23: 33333.33 | J23: 45020
B24: SERVICIOS MEDICO-SANITARIOS | C24: 165141.75 | E24: 165141.75 | G24: 165141.75 | H24: 1000 | I24: 165141.75 | J24: 26842.86
B25: SERVICIOS DE VIGILANCIA | C25: 40000 | E25: 40000 | G25: 40000 | I25: 40000 | J25: 76240
B26: OTROS SERVICIOS NO PERSONALES | C26: 26305.03 | E26: 26305.03 | G26: 26305.03 | H26: 46532.64 | I26: 26305.03 | J26: 55063.68
B27: SUMA GASTOS GENERALES | C27: =SUM(C20:C26) -> 342914.08 | D27: =SUM(D20:D26) -> 0 | E27: =SUM(E20:E26) -> 342914.08 | F27: =SUM(F20:F26) -> 67111.02 | G27: =SUM(G20:G26) -> 342914.08 | H27: =SUM(H20:H26) -> 58543.64 | I27: =SUM(I20:I26) -> 342914.08 | J27: =SUM(J20:J26) -> 286599.55
B28: MATERIALES Y SUMINISTROS
B29: ALIMENTOS PARA PERSONAS | C29: 60936.45 | E29: 60936.45 | G29: 60936.45 | I29: 60936.45 | J29: 202940.25
B30: ACABADOS TEXTILES | C30: 600 | E30: 600 | G30: 600 | I30: 600
B31: PRODUCTOS DE PAPEL O CARTON | C31: 945.42 | E31: 945.42 | G31: 945.42 | I31: 945.42
B32: ELEMENTOS Y COMPUESTOS QUIMICOS | C32: 169652.57 | E32: 169652.57 | G32: 169652.57 | I32: 169652.57 | J32: 178282.05
B33: COMBUSTIBLES Y LUBRICANTES | C33: 912 | E33: 912 | G33: 912 | I33: 912
B34: PRODUCTOS MEDICINALES Y FARMACEUTICOS | C34: 427229.65 | E34: 427229.65 | G34: 427229.65 | I34: 427229.65 | J34: 1425199.8
B35: TINTES, PINTURAS Y COLORANTES | C35: 100 | E35: 100 | G35: 100 | I35: 100
B36: PRODUCTOS PLASTICOS, NYLON, VINIL Y PVC | C36: 13579.7 | E36: 13579.7 | G36: 13579.7 | I36: 13579.7 | J36: 75162.24
B37: OTROS PRODUCTOS METALICOS | C37: 310 | E37: 310 | G37: 310 | I37: 310
B38: UTILES DE LIMPIEZA Y PRODUCTOS SANITARIOS | C38: 10809.43 | E38: 10809.43 | G38: 10809.43 | I38: 10809.43 | J38: 14528.6
B39: UTILES MENORES MEDICO QUIRURGICOS Y DE LAB. | C39: 1780006.3 | E39: 1780006.3 | G39: 1780006.3 | I39: 1780006.3 | J39: 1545914.8
B40: UTILES, ACCESORIOS Y MATERIALES ELECTRICOS | C40: 2208.7 | E40: 2208.7 | G40: 2208.7 | I40: 2208.7 | J40: 15300
B41: ACCESORIOS Y REPUESTOS EN GENERAL | C41: 8105.1 | E41: 8105.1 | G41: 8105.1 | I41: 8105.1
B42: OTROS MATERIALES Y SUMINISTROS | C42: 165.5 | E42: 165.5 | G42: 165.5 | I42: 165.5
B43: TOTAL MATERIALES Y SUMINISTROS | C43: =SUM(C29:C42) -> 2475560.8 | D43: =SUM(D29:D42) -> 0 | E43: =SUM(E29:E42) -> 2475560.8 | F43: =SUM(F29:F42) -> 0 | G43: =SUM(G29:G42) -> 2475560.8 | H43: =SUM(H29:H42) -> 0 | I43: =SUM(I29:I42) -> 2475560.8 | J43: =SUM(J29:J42) -> 3457327.8
A46: Programación mensual por tipo de gasto año 2016, Expresado en Quetzales
A47: No. | B47: Categoría de Gasto | C47: Julio | E47: Agosto | G47: Septiembre
B48: Recurso Humano | C48: Pto. | D48: Real | E48: Pto. | F48: Real | G48: Pto. | H48: Real
B51: Gastos de Funcionamiento
B52: detallar cada gasto cargado
A60: TOTALES
A73: Programación mensual por tipo de gasto año 2018, Expresado en Quetzales segundo cuatrimestre 2018
A74: No. | B74: CATEGORIA DE GASTO | C74: MAYO | E74: JUNIO | G74: JULIO | I74: AGOSTO
C75: PRESUPUESTO | D75: REAL | E75: PRESUPUESTO | F75: REAL | G75: PRESUPUESTO | H75: REAL | I75: PRESUPUESTO | J75: REAL
B76: RECURSO HUMANO | C76: 1764858.4 | D76: 2281196.2 | E76: 1764858.4 | F76: 1896496.9
B78: GASTOS DE FUNCIONAMIENTO | C78: =+C86+C102 -> 2818474.9 | D78: =+D86+D102 -> 3820610.3 | E78: =+E86+E102 -> 2818474.9 | F78: =+F86+F102 -> 2361172.2 | G78: =+G86+G102 -> 0 | H78: =+H86+H102 -> 0 | I78: =+I86+I102 -> 0 | J78: =+J86+J102 -> 0
B79: ENERGIA ELECTRICA | C79: 62500 | D79: 138609.61 | E79: 62500
B80: TELEFONIA | C80: 7500 | D80: 9818.25 | E80: 7500 | F80: 9560.36
B81: IMPRESIÓN, ENCUADERNACION Y REPRODUCCION | C81: 8133.97 | E81: 8133.97 | F81: 39787
B82: MANT. Y REP. EQUIPO MEDICO SANITARIO Y DE LAB. | C82: 33333.33 | D82: 19161.8 | E82: 33333.33
B83: SERVICIOS MEDICO-SANITARIOS | C83: 165141.75 | D83: 4057.14 | E83: 165141.75 | F83: 184282.78
B84: SERVICIOS DE VIGILANCIA | C84: 40000 | D84: 38120 | E84: 40000 | F84: 38120
B85: OTROS SERVICIOS NO PERSONALES | C85: 26305.03 | D85: 48548.64 | E85: 26305.03 | F85: 44604
B86: SUMA GASTOS GENERALES | C86: =SUM(C79:C85) -> 342914.08 | D86: =SUM(D79:D85) -> 258315.44 | E86: =SUM(E79:E85) -> 342914.08 | F86: =SUM(F79:F85) -> 316354.14 | G86: =SUM(G79:G85) -> 0 | H86: =SUM(H79:H85) -> 0 | I86: =SUM(I79:I85) -> 0 | J86: =SUM(J79:J85) -> 0
B87: MATERIALES Y SUMINISTROS
B88: ALIMENTOS PARA PERSONAS | C88: 60936.45 | D88: 1023 | E88: 60936.45 | F88: 58023.7
B89: ACABADOS TEXTILES | C89: 600 | E89: 600
B90: PRODUCTOS DE PAPEL O CARTON | C90: 945.42 | E90: 945.42
B91: ELEMENTOS Y COMPUESTOS QUIMICOS | C91: 169652.57 | D91: 181188.84 | E91: 169652.57 | F91: 66957.58
B92: COMBUSTIBLES Y LUBRICANTES | C92: 912 | E92: 912
B93: PRODUCTOS MEDICINALES Y FARMACEUTICOS | C93: 427229.65 | D93: 535053.33 | E93: 427229.65 | F93: 261536.69
B94: TINTES, PINTURAS Y COLORANTES | C94: 100 | E94: 100
B95: PRODUCTOS PLASTICOS, NYLON, VINIL Y PVC | C95: 13579.7 | D95: 6224.76 | E95: 13579.7 | F95: 6630
B96: OTROS PRODUCTOS METALICOS | C96: 310 | D96: 3610 | E96: 310
B97: UTILES DE LIMPIEZA Y PRODUCTOS SANITARIOS | C97: 10809.43 | D97: 39404.76 | E97: 10809.43 | F97: 23463
B98: UTILES MENORES MEDICO QUIRURGICOS Y DE LAB. | C98: 1780006.3 | D98: 2752150.2 | E98: 1780006.3 | F98: 1617110.1
B99: UTILES, ACCESORIOS Y MATERIALES ELECTRICOS | C99: 2208.7 | E99: 2208.7 | F99: 11097
B100: ACCESORIOS Y REPUESTOS EN GENERAL | C100: 8105.1 | D100: 43640 | E100: 8105.1
B101: OTROS MATERIALES Y SUMINISTROS | C101: 165.5 | E101: 165.5
B102: TOTAL MATERIALES Y SUMINISTROS | C102: =SUM(C88:C101) -> 2475560.8 | D102: =SUM(D88:D101) -> 3562294.9 | E102: =SUM(E88:E101) -> 2475560.8 | F102: =SUM(F88:F101) -> 2044818 | G102: =SUM(G88:G101) -> 0 | H102: =SUM(H88:H101) -> 0 | I102: =SUM(I88:I101) -> 0 | J102: =SUM(J88:J101) -> 0
A123: Programación mensual por tipo de gasto año 2017, Expresado en Quetzales tercer cuatrimestre 2018
A124: No. | B124: CATEGORIA DE GASTO | C124: SEPTIEMBRE | E124: OCTUBRE | G124: NOVIEMBRE | I124: DICIEMBRE
C125: PRESUPUESTO | D125: REAL | E125: PRESUPUESTO | F125: REAL | G125: PRESUPUESTO | H125: REAL | I125: PRESUPUESTO | J125: REAL
B126: RECURSO HUMANO
B128: GASTOS DE FUNCIONAMIENTO | C128: =+C136+C152 -> 0 | D128: =+D136+D152 -> 0 | E128: =+E136+E152 -> 0 | F128: =+F136+F152 -> 0 | G128: =+G136+G152 -> 0 | H128: =+H136+H152 -> 0 | I128: =+I136+I152 -> 0 | J128: =+J136+J152 -> 0
B129: ENERGIA ELECTRICA
B130: TELEFONIA
B131: IMPRESIÓN, ENCUADERNACION Y REPRODUCCION
B132: MANT. Y REP. EQUIPO MEDICO SANITARIO Y DE LAB.
B133: SERVICIOS MEDICO-SANITARIOS
B134: SERVICIOS DE VIGILANCIA
B135: OTROS SERVICIOS NO PERSONALES
B136: SUMA GASTOS GENERALES | C136: =SUM(C129:C135) -> 0 | D136: =SUM(D129:D135) -> 0 | E136: =SUM(E129:E135) -> 0 | F136: =SUM(F129:F135) -> 0 | G136: =SUM(G129:G135) -> 0 | H136: =SUM(H129:H135) -> 0 | I136: =SUM(I129:I135) -> 0 | J136: =SUM(J129:J135) -> 0
B137: MATERIALES Y SUMINISTROS
B138: ALIMENTOS PARA PERSONAS
B139: AVABADOS TEXTILES
B140: PRODUCTOS DE PAPEL O CARTON
B141: ELEMENTOS Y COMPUESTOS QUIMICOS
B142: COMBUSTIBLES Y LUBRICANTES
B143: PRODUCTOS MEDICINALES Y FARMACEUTICOS
B144: TINTES, PINTURAS Y COLORANTES
B145: PRODUCTOS PLASTICOS, NYLON, VINIL Y PVC
B146: OTROS PRODUCTOS METALICOS
B147: UTILES DE LIMPIEZA Y PRODUCTOS SANITARIOS
B148: UTILES MENORES MEDICO QUIRURGICOS Y DE LAB.
... B151: OTROS MATERIALES Y SUMINISTROS
B152: TOTAL MATERIALES Y SUMINISTROS | C152: =SUM(C138:C151) -> 0 | D152: =SUM(D138:D151) -> 0 | E152: =SUM(E138:E151) -> 0 | F152: =SUM(F138:F151) -> 0 | G152: =SUM(G138:G151) -> 0 | H152: =SUM(H138:H151) -> 0 | I152: =SUM(I138:I151) -> 0 | J152: =SUM(J138:J151) -> 0
C177: PROGRAMACION POR TIPO DE GASTO AÑO 2024
C178: RESUMEN AL 30 DE NOVIEMBRE 2024
C179: No. | D179: CATEGORIA DEL GASTO DE FUNCIONAMIENTO | E179: TOTAL ANUAL
E180: PRESUPUESTO | F180: COMPROMETIDO
C181: 011 | D181: RECURSO HUMANO | E181: =+'NOVIEMBRE DECE-5'!E177 -> 42711727 | F181: =+'NOVIEMBRE DECE-5'!F177 -> 43098557
...

Sheet DICIEMBRE ANEXO A DECE-5
B8: ÀREA FINANCIERA | I8: ANEXO DE DECE-5
A10: UNIDAD DE CIRUGIA CARDIOVASCULAR DE GUATEMALA
A11: 5a. AVENIDA 6-22 ZONA 11
A12: dgunicar@yahoo.es Tel. 24163000
A14: Programación mensual por tipo de gasto año 2018, Expresado en Quetzales primer cuatrimestre 2018
A15: No. | B15: CATEGORIA DE GASTO | C15: ENERO | E15: FEBRERO | G15: MARZO | I15: ABRIL
C16: PRESUPUESTO | D16: REAL | E16: PRESUPUESTO | F16: REAL | G16: PRESUPUESTO | H16: REAL | I16: PRESUPUESTO | J16: REAL
B17: RECURSO HUMANO | C17: 1764858.4 | D17: 1492317.4 | E17: 1764858.4 | F17: 1792563.6 | G17: 1764858.4 | H17: 1578007.9 | I17: 1764858.4 | J17: 1803793.6
B19: GASTOS DE FUNCIONAMIENTO | C19: =+C27+C43 -> 2818474.9 | D19: =+D27+D43 -> 0 | E19: =+E27+E43 -> 2818474.9 | F19: =+F27+F43 -> 67111.02 | G19: =+G27+G43 -> 2818474.9 | H19: =+H27+H43 -> 58543.64 | I19: =+I27+I43 -> 2818474.9 | J19: =+J27+J43 -> 3743927.3
B20: ENERGIA ELECTRICA | C20: 62500 | E20: 62500 | F20: 56112.02 | G20: 62500 | I20: 62500 | J20: 68083.01
B21: TELEFONIA | C21: 7500 | E21: 7500 | F21: 10999 | G21: 7500 | H21: 11011 | I21: 7500 | J21: 10992
B22: IMPRESIÓN, ENCUADERNACION Y REPRODUCCION | C22: 8133.97 | E22: 8133.97 | G22: 8133.97 | I22: 8133.97 | J22: 4358
B23: MANT. Y REP. EQUIPO MEDICO SANITARIO Y DE LAB. | C23: 33333.33 | E23: 33333.33 | G23: 33333.33 | I23: 33333.33 | J23: 45020
B24: SERVICIOS MEDICO-SANITARIOS | C24: 165141.75 | E24: 165141.75 | G24: 165141.75 | H24: 1000 | I24: 165141.75 | J24: 26842.86
B25: SERVICIOS DE VIGILANCIA | C25: 40000 | E25: 40000 | G25: 40000 | I25: 40000 | J25: 76240
B26: OTROS SERVICIOS NO PERSONALES | C26: 26305.03 | E26: 26305.03 | G26: 26305.03 | H26: 46532.64 | I26: 26305.03 | J26: 55063.68
B27: SUMA GASTOS GENERALES | C27: =SUM(C20:C26) -> 342914.08 | D27: =SUM(D20:D26) -> 0 | E27: =SUM(E20:E26) -> 342914.08 | F27: =SUM(F20:F26) -> 67111.02 | G27: =SUM(G20:G26) -> 342914.08 | H27: =SUM(H20:H26) -> 58543.64 | I27: =SUM(I20:I26) -> 342914.08 | J27: =SUM(J20:J26) -> 286599.55
B28: MATERIALES Y SUMINISTROS
B29: ALIMENTOS PARA PERSONAS | C29: 60936.45 | E29: 60936.45 | G29: 60936.45 | I29: 60936.45 | J29: 202940.25
B30: ACABADOS TEXTILES | C30: 600 | E30: 600 | G30: 600 | I30: 600
B31: PRODUCTOS DE PAPEL O CARTON | C31: 945.42 | E31: 945.42 | G31: 945.42 | I31: 945.42
B32: ELEMENTOS Y COMPUESTOS QUIMICOS | C32: 169652.57 | E32: 169652.57 | G32: 169652.57 | I32: 169652.57 | J32: 178282.05
B33: COMBUSTIBLES Y LUBRICANTES | C33: 912 | E33: 912 | G33: 912 | I33: 912
B34: PRODUCTOS MEDICINALES Y FARMACEUTICOS | C34: 427229.65 | E34: 427229.65 | G34: 427229.65 | I34: 427229.65 | J34: 1425199.8
B35: TINTES, PINTURAS Y COLORANTES | C35: 100 | E35: 100 | G35: 100 | I35: 100
B36: PRODUCTOS PLASTICOS, NYLON, VINIL Y PVC | C36: 13579.7 | E36: 13579.7 | G36: 13579.7 | I36: 13579.7 | J36: 75162.24
B37: OTROS PRODUCTOS METALICOS | C37: 310 | E37: 310 | G37: 310 | I37: 310
B38: UTILES DE LIMPIEZA Y PRODUCTOS SANITARIOS | C38: 10809.43 | E38: 10809.43 | G38: 10809.43 | I38: 10809.43 | J38: 14528.6
B39: UTILES MENORES MEDICO QUIRURGICOS Y DE LAB. | C39: 1780006.3 | E39: 1780006.3 | G39: 1780006.3 | I39: 1780006.3 | J39: 1545914.8
B40: UTILES, ACCESORIOS Y MATERIALES ELECTRICOS | C40: 2208.7 | E40: 2208.7 | G40: 2208.7 | I40: 2208.7 | J40: 15300
B41: ACCESORIOS Y REPUESTOS EN GENERAL | C41: 8105.1 | E41: 8105.1 | G41: 8105.1 | I41: 8105.1
B42: OTROS MATERIALES Y SUMINISTROS | C42: 165.5 | E42: 165.5 | G42: 165.5 | I42: 165.5
B43: TOTAL MATERIALES Y SUMINISTROS | C43: =SUM(C29:C42) -> 2475560.8 | D43: =SUM(D29:D42) -> 0 | E43: =SUM(E29:E42) -> 2475560.8 | F43: =SUM(F29:F42) -> 0 | G43: =SUM(G29:G42) -> 2475560.8 | H43: =SUM(H29:H42) -> 0 | I43: =SUM(I29:I42) -> 2475560.8 | J43: =SUM(J29:J42) -> 3457327.8
A46: Programación mensual por tipo de gasto año 2016, Expresado en Quetzales
A47: No. | B47: Categoría de Gasto | C47: Julio | E47: Agosto | G47: Septiembre
B48: Recurso Humano | C48: Pto. | D48: Real | E48: Pto. | F48: Real | G48: Pto. | H48: Real
B51: Gastos de Funcionamiento
B52: detallar cada gasto cargado
A60: TOTALES
A73: Programación mensual por tipo de gasto año 2018, Expresado en Quetzales segundo cuatrimestre 2018
A74: No. | B74: CATEGORIA DE GASTO | C74: MAYO | E74: JUNIO | G74: JULIO | I74: AGOSTO
C75: PRESUPUESTO | D75: REAL | E75: PRESUPUESTO | F75: REAL | G75: PRESUPUESTO | H75: REAL | I75: PRESUPUESTO | J75: REAL
B76: RECURSO HUMANO | C76: 1764858.4 | D76: 2281196.2 | E76: 1764858.4 | F76: 1896496.9
B78: GASTOS DE FUNCIONAMIENTO | C78: =+C86+C102 -> 2818474.9 | D78: =+D86+D102 -> 3820610.3 | E78: =+E86+E102 -> 2818474.9 | F78: =+F86+F102 -> 2361172.2 | G78: =+G86+G102 -> 0 | H78: =+H86+H102 -> 0 | I78: =+I86+I102 -> 0 | J78: =+J86+J102 -> 0
B79: ENERGIA ELECTRICA | C79: 62500 | D79: 138609.61 | E79: 62500
B80: TELEFONIA | C80: 7500 | D80: 9818.25 | E80: 7500 | F80: 9560.36
B81: IMPRESIÓN, ENCUADERNACION Y REPRODUCCION | C81: 8133.97 | E81: 8133.97 | F81: 39787
B82: MANT. Y REP. EQUIPO MEDICO SANITARIO Y DE LAB. | C82: 33333.33 | D82: 19161.8 | E82: 33333.33
B83: SERVICIOS MEDICO-SANITARIOS | C83: 165141.75 | D83: 4057.14 | E83: 165141.75 | F83: 184282.78
B84: SERVICIOS DE VIGILANCIA | C84: 40000 | D84: 38120 | E84: 40000 | F84: 38120
B85: OTROS SERVICIOS NO PERSONALES | C85: 26305.03 | D85: 48548.64 | E85: 26305.03 | F85: 44604
B86: SUMA GASTOS GENERALES | C86: =SUM(C79:C85) -> 342914.08 | D86: =SUM(D79:D85) -> 258315.44 | E86: =SUM(E79:E85) -> 342914.08 | F86: =SUM(F79:F85) -> 316354.14 | G86: =SUM(G79:G85) -> 0 | H86: =SUM(H79:H85) -> 0 | I86: =SUM(I79:I85) -> 0 | J86: =SUM(J79:J85) -> 0
B87: MATERIALES Y SUMINISTROS
B88: ALIMENTOS PARA PERSONAS | C88: 60936.45 | D88: 1023 | E88: 60936.45 | F88: 58023.7
B89: ACABADOS TEXTILES | C89: 600 | E89: 600
B90: PRODUCTOS DE PAPEL O CARTON | C90: 945.42 | E90: 945.42
B91: ELEMENTOS Y COMPUESTOS QUIMICOS | C91: 169652.57 | D91: 181188.84 | E91: 169652.57 | F91: 66957.58
B92: COMBUSTIBLES Y LUBRICANTES | C92: 912 | E92: 912
B93: PRODUCTOS MEDICINALES Y FARMACEUTICOS | C93: 427229.65 | D93: 535053.33 | E93: 427229.65 | F93: 261536.69
B94: TINTES, PINTURAS Y COLORANTES | C94: 100 | E94: 100
B95: PRODUCTOS PLASTICOS, NYLON, VINIL Y PVC | C95: 13579.7 | D95: 6224.76 | E95: 13579.7 | F95: 6630
B96: OTROS PRODUCTOS METALICOS | C96: 310 | D96: 3610 | E96: 310
B97: UTILES DE LIMPIEZA Y PRODUCTOS SANITARIOS | C97: 10809.43 | D97: 39404.76 | E97: 10809.43 | F97: 23463
B98: UTILES MENORES MEDICO QUIRURGICOS Y DE LAB. | C98: 1780006.3 | D98: 2752150.2 | E98: 1780006.3 | F98: 1617110.1
B99: UTILES, ACCESORIOS Y MATERIALES ELECTRICOS | C99: 2208.7 | E99: 2208.7 | F99: 11097
B100: ACCESORIOS Y REPUESTOS EN GENERAL | C100: 8105.1 | D100: 43640 | E100: 8105.1
B101: OTROS MATERIALES Y SUMINISTROS | C101: 165.5 | E101: 165.5
B102: TOTAL MATERIALES Y SUMINISTROS | C102: =SUM(C88:C101) -> 2475560.8 | D102: =SUM(D88:D101) -> 3562294.9 | E102: =SUM(E88:E101) -> 2475560.8 | F102: =SUM(F88:F101) -> 2044818 | G102: =SUM(G88:G101) -> 0 | H102: =SUM(H88:H101) -> 0 | I102: =SUM(I88:I101) -> 0 | J102: =SUM(J88:J101) -> 0
A123: Programación mensual por tipo de gasto año 2017, Expresado en Quetzales tercer cuatrimestre 2018
A124: No. | B124: CATEGORIA DE GASTO | C124: SEPTIEMBRE | E124: OCTUBRE | G124: NOVIEMBRE | I124: DICIEMBRE
C125: PRESUPUESTO | D125: REAL | E125: PRESUPUESTO | F125: REAL | G125: PRESUPUESTO | H125: REAL | I125: PRESUPUESTO | J125: REAL
B126: RECURSO HUMANO
B128: GASTOS DE FUNCIONAMIENTO | C128: =+C136+C152 -> 0 | D128: =+D136+D152 -> 0 | E128: =+E136+E152 -> 0 | F128: =+F136+F152 -> 0 | G128: =+G136+G152 -> 0 | H128: =+H136+H152 -> 0 | I128: =+I136+I152 -> 0 | J128: =+J136+J152 -> 0
B129: ENERGIA ELECTRICA
B130: TELEFONIA
B131: IMPRESIÓN, ENCUADERNACION Y REPRODUCCION
B132: MANT. Y REP. EQUIPO MEDICO SANITARIO Y DE LAB.
B133: SERVICIOS MEDICO-SANITARIOS
B134: SERVICIOS DE VIGILANCIA
B135: OTROS SERVICIOS NO PERSONALES
B136: SUMA GASTOS GENERALES | C136: =SUM(C129:C135) -> 0 | D136: =SUM(D129:D135) -> 0 | E136: =SUM(E129:E135) -> 0 | F136: =SUM(F129:F135) -> 0 | G136: =SUM(G129:G135) -> 0 | H136: =SUM(H129:H135) -> 0 | I136: =SUM(I129:I135) -> 0 | J136: =SUM(J129:J135) -> 0
B137: MATERIALES Y SUMINISTROS
B138: ALIMENTOS PARA PERSONAS
B139: AVABADOS TEXTILES
B140: PRODUCTOS DE PAPEL O CARTON
B141: ELEMENTOS Y COMPUESTOS QUIMICOS
B142: COMBUSTIBLES Y LUBRICANTES
B143: PRODUCTOS MEDICINALES Y FARMACEUTICOS
B144: TINTES, PINTURAS Y COLORANTES
B145: PRODUCTOS PLASTICOS, NYLON, VINIL Y PVC
B146: OTROS PRODUCTOS METALICOS
B147: UTILES DE LIMPIEZA Y PRODUCTOS SANITARIOS
B148: UTILES MENORES MEDICO QUIRURGICOS Y DE LAB.
... B151: OTROS MATERIALES Y SUMINISTROS
B152: TOTAL MATERIALES Y SUMINISTROS | C152: =SUM(C138:C151) -> 0 | D152: =SUM(D138:D151) -> 0 | E152: =SUM(E138:E151) -> 0 | F152: =SUM(F138:F151) -> 0 | G152: =SUM(G138:G151) -> 0 | H152: =SUM(H138:H151) -> 0 | I152: =SUM(I138:I151) -> 0 | J152: =SUM(J138:J151) -> 0
C177: PROGRAMACION POR TIPO DE GASTO AÑO 2024
C178: RESUMEN AL 31 DE DICIEMBRE 2024
C179: No. | D179: CATEGORIA DEL GASTO DE FUNCIONAMIENTO | E179: TOTAL ANUAL
E180: PRESUPUESTO | F180: COMPROMETIDO
C181: 011 | D181: RECURSO HUMANO | E181: =+'DICIEMBRE DECE-5'!C198 -> 49427595 | F181: =+'DICIEMBRE DECE-5'!D198 -> 49427595
...

Sheet SEPTIEMBRE DECE-6
B7: ÀREA FINANCIERA | J7: DECE-6
A9: UNIDAD DE CIRUGIA CARDIOVASCULAR DE GUATEMALA
A10: 5a. AVENIDA 6-22 ZONA 11
A11: CORREO ELECTRÓNICO Y TELÉFONO
A12: dgunicar@yahoo.es Tel. 24163000
A14: Ejecucion fìnanciera por categoria del gasto primer cuatrimestre 2024
A16: Categoría del gasto de funcionamiento | B16: Enero | D16: Febrero | F16: Marzo | H16: Abril | J16: Total cuatrimestre
B17: Prog. | C17: Ejecutado | D17: Prog. | E17: Ejecutado | F17: Prog. | G17: Ejecutado | H17: Prog. | I17: Ejecutado | J17: Prog. | K17: Ejecutado
A18: Recurso Humano | B18: 3606534.1 | C18: 3001907.1 | D18: 3606534.1 | E18: 3000995.4 | F18: 3606534.1 | G18: 4933177.1 | H18: 3606534.1 | I18: 3626273.4 | J18: =+B18+D18+F18+H18 -> 14426136 | K18: =+C18+E18+G18+I18 -> 14562353
A19: Gastos de operación | B19: 3340 | C19: 0 | D19: 354218.4 | E19: 11403.26 | F19: 3094423 | G19: 1594516.3 | H19: 2949873.2 | I19: 1178461 | J19: =+B19+D19+F19+H19 -> 6401854.7 | K19: =+C19+E19+G19+I19 -> 2784380.5
A20: Propiedad planta y equipo | B20: 0 | C20: 0 | D20: 0 | E20: 0 | F20: 0 | G20: 0 | H20: 0 | I20: 0 | J20: =+B20+D20+F20+H20 -> 0 | K20: =+C20+E20+G20+I20 -> 0
A21: TOTAL | B21: =SUM(B18:B20) -> 3609874.1 | C21: =SUM(C18:C20) -> 3001907.1 | D21: =SUM(D18:D20) -> 3960752.5 | E21: =SUM(E18:E20) -> 3012398.6 | F21: =SUM(F18:F20) -> 6700957.1 | G21: =SUM(G18:G20) -> 6527693.4 | H21: =SUM(H18:H20) -> 6556407.3 | I21: =SUM(I18:I20) -> 4804734.4 | ... K21: =SUM(K18:K20) -> 17346734
A23: Ejecucion fìnanciera por categoria del gasto segundo cuatrimestre 2024
A25: Categoría del gasto de funcionamiento | B25: Mayo | D25: Junio | F25: Julio | H25: Agosto | J25: Total cuatrimetre | L25: Total Acumulado
B26: Prog. | C26: Ejecutado | D26: Prog. | E26: Ejecutado | F26: Prog. | G26: Ejecutado | H26: Prog. | I26: Ejecutado | J26: Prog. | K26: Ejecutado | L26: Prog. | M26: Ejecutado
A27: Recurso Humano | B27: 3606534.1 | C27: 3655693.1 | D27: 3606534.1 | E27: 3662737.1 | F27: 6646386.3 | G27: 6644750.4 | H27: 3606534.1 | I27: 3627010.2 | J27: =+B27+D27+F27+H27 -> 17465989 | K27: =+C27+E27+G27+I27 -> 17590191 | L27: =+J27+J18 -> 31892125 | M27: =+K27+K18 -> 32152544
A28: Gastos de operación | B28: 3515905.6 | C28: 3556500.3 | D28: 2834669.6 | E28: 4299904 | F28: 3437785.6 | G28: 3189628 | H28: 2802868.6 | I28: 2614010.7 | J28: =+B28+D28+F28+H28 -> 12591229 | K28: =+C28+E28+G28+I28 -> 13660043 | L28: =+J28+J19 -> 18993084 | M28: =+K28+K19 -> 16444424
A29: TOTAL | B29: =SUM(B27:B28) -> 7122439.7 | C29: =SUM(C27:C28) -> 7212193.5 | D29: =SUM(D27:D28) -> 6441203.7 | E29: =SUM(E27:E28) -> 7962641.1 | F29: =SUM(F27:F28) -> 10084172 | G29: =SUM(G27:G28) -> 9834378.4 | H29: =SUM(H27:H28) -> 6409402.7 | I29: =SUM(I27:I28) -> 6241020.9 | ... M29: =SUM(M27:M28) -> 48596968
A32: Ejecucion fìnanciera por categoria del gasto tercer cuatrimestre 2024
A34: Categoría del gasto de funcionamiento | B34: Septiembre | D34: Octubre | F34: Noviembre | H34: Diciembre | J34: Total cuatrimetre | L34: Total Acumulado anual
B35: Prog. | C35: Ejecutado | D35: Prog. | E35: Ejecutado | F35: Prog. | G35: Ejecutado | H35: Prog. | I35: Ejecutado | J35: Prog. | K35: Ejecutado | L35: Prog. | M35: Ejecutado
A36: Recurso Humano | B36: 3606534.1 | C36: 3602663.5 | J36: =+B36+D36+F36+H36 -> 3606534.1 | K36: =+C36+E36+G36+I36 -> 3602663.5 | L36: =+J36+L27 -> 35498659 | M36: =+K36+M27 -> 35755207
A37: Gastos de operación | B37: 2848701 | C37: 3324637.8 | J37: =+B37+D37+F37+H37 -> 2848701 | K37: =+C37+E37+G37+I37 -> 3324637.8 | L37: =+J37+L28 -> 21841785 | M37: =+K37+M28 -> 19769061
A38: TOTAL | B38: =SUM(B36:B37) -> 6455235.1 | C38: =SUM(C36:C37) -> 6927301.2 | D38: =SUM(D36:D37) -> 0 | E38: =SUM(E36:E37) -> 0 | F38: =SUM(F36:F37) -> 0 | G38: =SUM(G36:G37) -> 0 | H38: =SUM(H36:H37) -> 0 | I38: =SUM(I36:I37) -> 0 | ... M38: =SUM(M36:M37) -> 55524269
A40: Resumen año 2024
A41: Categoría del gasto | B41: año 2024
B42: Presupuestado | C42: Ejecutado
A43: Recurso Humano | B43: =+J18+J27+J36 -> 35498659 | C43: =+K18+K27+K36 -> 35755207
A44: Gastos de operación | B44: =+J19+J28+J37 -> 21841785 | C44: =+K19+K28+K37 -> 19769061
A45: TOTAL | B45: =SUM(B43:B44) -> 57340444 | C45: =SUM(C43:C44) -> 55524269
A69: Elaborado por: | C69: ___________________________ | F69: Autorizado por: | H69: ___________________________________
C70: Víctor Cresencio Reyes Porres | H70: Lic. Douglas Antonio Díaz Rivera
C71: Jefe de Contabilidad | H71: Representante Legal
A72: Fecha: | C72: 10 de octubre 2024

Sheet OCTUBRE DECE-6
B7: ÀREA FINANCIERA | J7: DECE-6
A9: UNIDAD DE CIRUGIA CARDIOVASCULAR DE GUATEMALA
A10: 5a. AVENIDA 6-22 ZONA 11
A11: CORREO ELECTRÓNICO Y TELÉFONO
A12: dgunicar@yahoo.es Tel. 24163000
A14: Ejecucion fìnanciera por categoria del gasto primer cuatrimestre 2024
A16: Categoría del gasto de funcionamiento | B16: Enero | D16: Febrero | F16: Marzo | H16: Abril | J16: Total cuatrimestre
B17: Prog. | C17: Ejecutado | D17: Prog. | E17: Ejecutado | F17: Prog. | G17: Ejecutado | H17: Prog. | I17: Ejecutado | J17: Prog. | K17: Ejecutado
A18: Recurso Humano | B18: 3606534.1 | C18: 3001907.1 | D18: 3606534.1 | E18: 3000995.4 | F18: 3606534.1 | G18: 4933177.1 | H18: 3606534.1 | I18: 3626273.4 | J18: =+B18+D18+F18+H18 -> 14426136 | K18: =+C18+E18+G18+I18 -> 14562353
A19: Gastos de operación | B19: 3340 | C19: 0 | D19: 354218.4 | E19: 11403.26 | F19: 3094423 | G19: 1594516.3 | H19: 2949873.2 | I19: 1178461 | J19: =+B19+D19+F19+H19 -> 6401854.7 | K19: =+C19+E19+G19+I19 -> 2784380.5
A20: Propiedad planta y equipo | B20: 0 | C20: 0 | D20: 0 | E20: 0 | F20: 0 | G20: 0 | H20: 0 | I20: 0 | J20: =+B20+D20+F20+H20 -> 0 | K20: =+C20+E20+G20+I20 -> 0
A21: TOTAL | B21: =SUM(B18:B20) -> 3609874.1 | C21: =SUM(C18:C20) -> 3001907.1 | D21: =SUM(D18:D20) -> 3960752.5 | E21: =SUM(E18:E20) -> 3012398.6 | F21: =SUM(F18:F20) -> 6700957.1 | G21: =SUM(G18:G20) -> 6527693.4 | H21: =SUM(H18:H20) -> 6556407.3 | I21: =SUM(I18:I20) -> 4804734.4 | ... K21: =SUM(K18:K20) -> 17346734
A23: Ejecucion fìnanciera por categoria del gasto segundo cuatrimestre 2024
A25: Categoría del gasto de funcionamiento | B25: Mayo | D25: Junio | F25: Julio | H25: Agosto | J25: Total cuatrimetre | L25: Total Acumulado
B26: Prog. | C26: Ejecutado | D26: Prog. | E26: Ejecutado | F26: Prog. | G26: Ejecutado | H26: Prog. | I26: Ejecutado | J26: Prog. | K26: Ejecutado | L26: Prog. | M26: Ejecutado
A27: Recurso Humano | B27: 3606534.1 | C27: 3655693.1 | D27: 3606534.1 | E27: 3662737.1 | F27: 6646386.3 | G27: 6644750.4 | H27: 3606534.1 | I27: 3627010.2 | J27: =+B27+D27+F27+H27 -> 17465989 | K27: =+C27+E27+G27+I27 -> 17590191 | L27: =+J27+J18 -> 31892125 | M27: =+K27+K18 -> 32152544
A28: Gastos de operación | B28: 3515905.6 | C28: 3556500.3 | D28: 2834669.6 | E28: 4299904 | F28: 3430327.3 | G28: 3189628 | H28: 2802868.6 | I28: 2614010.7 | J28: =+B28+D28+F28+H28 -> 12583771 | K28: =+C28+E28+G28+I28 -> 13660043 | L28: =+J28+J19 -> 18985626 | M28: =+K28+K19 -> 16444424
A29: TOTAL | B29: =SUM(B27:B28) -> 7122439.7 | C29: =SUM(C27:C28) -> 7212193.5 | D29: =SUM(D27:D28) -> 6441203.7 | E29: =SUM(E27:E28) -> 7962641.1 | F29: =SUM(F27:F28) -> 10076714 | G29: =SUM(G27:G28) -> 9834378.4 | H29: =SUM(H27:H28) -> 6409402.7 | I29: =SUM(I27:I28) -> 6241020.9 | ... M29: =SUM(M27:M28) -> 48596968
A32: Ejecucion fìnanciera por categoria del gasto tercer cuatrimestre 2024
A34: Categoría del gasto de funcionamiento | B34: Septiembre | D34: Octubre | F34: Noviembre | H34: Diciembre | J34: Total cuatrimetre | L34: Total Acumulado anual
B35: Prog. | C35: Ejecutado | D35: Prog. | E35: Ejecutado | F35: Prog. | G35: Ejecutado | H35: Prog. | I35: Ejecutado | J35: Prog. | K35: Ejecutado | L35: Prog. | M35: Ejecutado
A36: Recurso Humano | B36: 3606534.1 | C36: 3602663.5 | D36: 3606534.1 | E36: 3643861.4 | J36: =+B36+D36+F36+H36 -> 7213068.2 | K36: =+C36+E36+G36+I36 -> 7246524.8 | L36: =+J36+L27 -> 39105193 | M36: =+K36+M27 -> 39399069
A37: Gastos de operación | B37: 2804682.9 | C37: 3324637.8 | D37: 2913493.3 | E37: 3742775.2 | J37: =+B37+D37+F37+H37 -> 5718176.2 | K37: =+C37+E37+G37+I37 -> 7067413 | L37: =+J37+L28 -> 24703802 | M37: =+K37+M28 -> 23511837
A38: TOTAL | B38: =SUM(B36:B37) -> 6411217 | C38: =SUM(C36:C37) -> 6927301.2 | D38: =SUM(D36:D37) -> 6520027.4 | E38: =SUM(E36:E37) -> 7386636.6 | F38: =SUM(F36:F37) -> 0 | G38: =SUM(G36:G37) -> 0 | H38: =SUM(H36:H37) -> 0 | I38: =SUM(I36:I37) -> 0 | ... M38: =SUM(M36:M37) -> 62910905
A40: Resumen año 2024
A41: Categoría del gasto | B41: año 2024
B42: Presupuestado | C42: Ejecutado
A43: Recurso Humano | B43: =+J18+J27+J36 -> 39105193 | C43: =+K18+K27+K36 -> 39399069
A44: Gastos de operación | B44: =+J19+J28+J37 -> 24703802 | C44: =+K19+K28+K37 -> 23511837
A45: TOTAL | B45: =SUM(B43:B44) -> 63808995 | C45: =SUM(C43:C44) -> 62910905
A69: Elaborado por: | C69: ___________________________ | F69: Autorizado por: | H69: ___________________________________
C70: Víctor Cresencio Reyes Porres | H70: Lic. Douglas Antonio Díaz Rivera
C71: Jefe de Contabilidad | H71: Representante Legal
A72: Fecha: | C72: 8 de noviembre 2024

Sheet NOVIEMBRE DECE-6
B7: ÀREA FINANCIERA | J7: DECE-6
A9: UNIDAD DE CIRUGIA CARDIOVASCULAR DE GUATEMALA
A10: 5a. AVENIDA 6-22 ZONA 11
A11: CORREO ELECTRÓNICO Y TELÉFONO
A12: dgunicar@yahoo.es Tel. 24163000
A14: Ejecucion fìnanciera por categoria del gasto primer cuatrimestre 2024
A16: Categoría del gasto de funcionamiento | B16: Enero | D16: Febrero | F16: Marzo | H16: Abril | J16: Total cuatrimestre
B17: Prog. | C17: Ejecutado | D17: Prog. | E17: Ejecutado | F17: Prog. | G17: Ejecutado | H17: Prog. | I17: Ejecutado | J17: Prog. | K17: Ejecutado
A18: Recurso Humano | B18: 3606534.1 | C18: 3001907.1 | D18: 3606534.1 | E18: 3000995.4 | F18: 3606534.1 | G18: 4933177.1 | H18: 3606534.1 | I18: 3626273.4 | J18: =+B18+D18+F18+H18 -> 14426136 | K18: =+C18+E18+G18+I18 -> 14562353
A19: Gastos de operación | B19: 3340 | C19: 0 | D19: 354218.4 | E19: 11403.26 | F19: 3094423 | G19: 1594516.3 | H19: 2949873.2 | I19: 1178461 | J19: =+B19+D19+F19+H19 -> 6401854.7 | K19: =+C19+E19+G19+I19 -> 2784380.5
A20: Propiedad planta y equipo | B20: 0 | C20: 0 | D20: 0 | E20: 0 | F20: 0 | G20: 0 | H20: 0 | I20: 0 | J20: =+B20+D20+F20+H20 -> 0 | K20: =+C20+E20+G20+I20 -> 0
A21: TOTAL | B21: =SUM(B18:B20) -> 3609874.1 | C21: =SUM(C18:C20) -> 3001907.1 | D21: =SUM(D18:D20) -> 3960752.5 | E21: =SUM(E18:E20) -> 3012398.6 | F21: =SUM(F18:F20) -> 6700957.1 | G21: =SUM(G18:G20) -> 6527693.4 | H21: =SUM(H18:H20) -> 6556407.3 | I21: =SUM(I18:I20) -> 4804734.4 | ... K21: =SUM(K18:K20) -> 17346734
A23: Ejecucion fìnanciera por categoria del gasto segundo cuatrimestre 2024
A25: Categoría del gasto de funcionamiento | B25: Mayo | D25: Junio | F25: Julio | H25: Agosto | J25: Total cuatrimetre | L25: Total Acumulado
B26: Prog. | C26: Ejecutado | D26: Prog. | E26: Ejecutado | F26: Prog. | G26: Ejecutado | H26: Prog. | I26: Ejecutado | J26: Prog. | K26: Ejecutado | L26: Prog. | M26: Ejecutado
A27: Recurso Humano | B27: 3606534.1 | C27: 3655693.1 | D27: 3606534.1 | E27: 3662737.1 | F27: 6646386.3 | G27: 6644750.4 | H27: 3606534.1 | I27: 3627010.2 | J27: =+B27+D27+F27+H27 -> 17465989 | K27: =+C27+E27+G27+I27 -> 17590191 | L27: =+J27+J18 -> 31892125 | M27: =+K27+K18 -> 32152544
A28: Gastos de operación | B28: 3515905.6 | C28: 3556500.3 | D28: 2834669.6 | E28: 4299904 | F28: 3430327.3 | G28: 3189628 | H28: 2802868.6 | I28: 2614010.7 | J28: =+B28+D28+F28+H28 -> 12583771 | K28: =+C28+E28+G28+I28 -> 13660043 | L28: =+J28+J19 -> 18985626 | M28: =+K28+K19 -> 16444424
A29: TOTAL | B29: =SUM(B27:B28) -> 7122439.7 | C29: =SUM(C27:C28) -> 7212193.5 | D29: =SUM(D27:D28) -> 6441203.7 | E29: =SUM(E27:E28) -> 7962641.1 | F29: =SUM(F27:F28) -> 10076714 | G29: =SUM(G27:G28) -> 9834378.4 | H29: =SUM(H27:H28) -> 6409402.7 | I29: =SUM(I27:I28) -> 6241020.9 | ... M29: =SUM(M27:M28) -> 48596968
A32: Ejecucion fìnanciera por categoria del gasto tercer cuatrimestre 2024
A34: Categoría del gasto de funcionamiento | B34: Septiembre | D34: Octubre | F34: Noviembre | H34: Diciembre | J34: Total cuatrimetre | L34: Total Acumulado anual
B35: Prog. | C35: Ejecutado | D35: Prog. | E35: Ejecutado | F35: Prog. | G35: Ejecutado | H35: Prog. | I35: Ejecutado | J35: Prog. | K35: Ejecutado | L35: Prog. | M35: Ejecutado
A36: Recurso Humano | B36: 3606534.1 | C36: 3602663.5 | D36: 3606534.1 | E36: 3643861.4 | F36: 3606534.1 | G36: 3699488.5 | J36: =+B36+D36+F36+H36 -> 10819602 | K36: =+C36+E36+G36+I36 -> 10946013 | L36: =+J36+L27 -> 42711727 | M36: =+K36+M27 -> 43098557
A37: Gastos de operación | B37: 2804682.9 | C37: 3324637.8 | D37: 2913493.3 | E37: 3742775.2 | F37: 2956219.5 | G37: 4075865 | J37: =+B37+D37+F37+H37 -> 8674395.8 | K37: =+C37+E37+G37+I37 -> 11143278 | L37: =+J37+L28 -> 27660022 | M37: =+K37+M28 -> 27587702
A38: TOTAL | B38: =SUM(B36:B37) -> 6411217 | C38: =SUM(C36:C37) -> 6927301.2 | D38: =SUM(D36:D37) -> 6520027.4 | E38: =SUM(E36:E37) -> 7386636.6 | F38: =SUM(F36:F37) -> 6562753.6 | G38: =SUM(G36:G37) -> 7775353.6 | H38: =SUM(H36:H37) -> 0 | I38: =SUM(I36:I37) -> 0 | ... M38: =SUM(M36:M37) -> 70686259
A40: Resumen año 2024
A41: Categoría del gasto | B41: año 2024
B42: Presupuestado | C42: Ejecutado
A43: Recurso Humano | B43: =+J18+J27+J36 -> 42711727 | C43: =+K18+K27+K36 -> 43098557
A44: Gastos de operación | B44: =+J19+J28+J37 -> 27660022 | C44: =+K19+K28+K37 -> 27587702
A45: TOTAL | B45: =SUM(B43:B44) -> 70371749 | C45: =SUM(C43:C44) -> 70686259
A69: Elaborado por: | C69: ___________________________ | F69: Autorizado por: | H69: ___________________________________
C70: Víctor Cresencio Reyes Porres | H70: Lic. Douglas Antonio Díaz Rivera
C71: Jefe de Contabilidad | H71: Representante Legal
A72: Fecha: | C72: 10 de diciembre 2024

Sheet DICIEMBRE DECE-6
B7: ÀREA FINANCIERA | J7: DECE-6
A9: UNIDAD DE CIRUGIA CARDIOVASCULAR DE GUATEMALA
A10: 5a. AVENIDA 6-22 ZONA 11
A11: CORREO ELECTRÓNICO Y TELÉFONO
A12: dgunicar@yahoo.es Tel. 24163000
A14: Ejecucion fìnanciera por categoria del gasto primer cuatrimestre 2024
A16: Categoría del gasto de funcionamiento | B16: Enero | D16: Febrero | F16: Marzo | H16: Abril | J16: Total cuatrimestre
B17: Prog. | C17: Ejecutado | D17: Prog. | E17: Ejecutado | F17: Prog. | G17: Ejecutado | H17: Prog. | I17: Ejecutado | J17: Prog. | K17: Ejecutado
A18: Recurso Humano | B18: 3606534.1 | C18: 3001907.1 | D18: 3606534.1 | E18: 3000995.4 | F18: 3606534.1 | G18: 4933177.1 | H18: 3606534.1 | I18: 3626273.4 | J18: =+B18+D18+F18+H18 -> 14426136 | K18: =+C18+E18+G18+I18 -> 14562353
A19: Gastos de operación | B19: 3340 | C19: 0 | D19: 354218.4 | E19: 11403.26 | F19: 3094423 | G19: 1594516.3 | H19: 2949873.2 | I19: 1178461 | J19: =+B19+D19+F19+H19 -> 6401854.7 | K19: =+C19+E19+G19+I19 -> 2784380.5
A20: Propiedad planta y equipo | B20: 0 | C20: 0 | D20: 0 | E20: 0 | F20: 0 | G20: 0 | H20: 0 | I20: 0 | J20: =+B20+D20+F20+H20 -> 0 | K20: =+C20+E20+G20+I20 -> 0
A21: TOTAL | B21: =SUM(B18:B20) -> 3609874.1 | C21: =SUM(C18:C20) -> 3001907.1 | D21: =SUM(D18:D20) -> 3960752.5 | E21: =SUM(E18:E20) -> 3012398.6 | F21: =SUM(F18:F20) -> 6700957.1 | G21: =SUM(G18:G20) -> 6527693.4 | H21: =SUM(H18:H20) -> 6556407.3 | I21: =SUM(I18:I20) -> 4804734.4 | ... K21: =SUM(K18:K20) -> 17346734
A23: Ejecucion fìnanciera por categoria del gasto segundo cuatrimestre 2024
A25: Categoría del gasto de funcionamiento | B25: Mayo | D25: Junio | F25: Julio | H25: Agosto | J25: Total cuatrimetre | L25: Total Acumulado
B26: Prog. | C26: Ejecutado | D26: Prog. | E26: Ejecutado | F26: Prog. | G26: Ejecutado | H26: Prog. | I26: Ejecutado | J26: Prog. | K26: Ejecutado | L26: Prog. | M26: Ejecutado
A27: Recurso Humano | B27: 3606534.1 | C27: 3655693.1 | D27: 3606534.1 | E27: 3662737.1 | F27: 6646386.3 | G27: 6644750.4 | H27: 3606534.1 | I27: 3627010.2 | J27: =+B27+D27+F27+H27 -> 17465989 | K27: =+C27+E27+G27+I27 -> 17590191 | L27: =+J27+J18 -> 31892125 | M27: =+K27+K18 -> 32152544
A28: Gastos de operación | B28: 3515905.6 | C28: 3556500.3 | D28: 2834669.6 | E28: 4299904 | F28: 3430327.3 | G28: 3189628 | H28: 2802868.6 | I28: 2614010.7 | J28: =+B28+D28+F28+H28 -> 12583771 | K28: =+C28+E28+G28+I28 -> 13660043 | L28: =+J28+J19 -> 18985626 | M28: =+K28+K19 -> 16444424
A29: TOTAL | B29: =SUM(B27:B28) -> 7122439.7 | C29: =SUM(C27:C28) -> 7212193.5 | D29: =SUM(D27:D28) -> 6441203.7 | E29: =SUM(E27:E28) -> 7962641.1 | F29: =SUM(F27:F28) -> 10076714 | G29: =SUM(G27:G28) -> 9834378.4 | H29: =SUM(H27:H28) -> 6409402.7 | I29: =SUM(I27:I28) -> 6241020.9 | ... M29: =SUM(M27:M28) -> 48596968
A32: Ejecucion fìnanciera por categoria del gasto tercer cuatrimestre 2024
A34: Categoría del gasto de funcionamiento | B34: Septiembre | D34: Octubre | F34: Noviembre | H34: Diciembre | J34: Total cuatrimetre | L34: Total Acumulado anual
B35: Prog. | C35: Ejecutado | D35: Prog. | E35: Ejecutado | F35: Prog. | G35: Ejecutado | H35: Prog. | I35: Ejecutado | J35: Prog. | K35: Ejecutado | L35: Prog. | M35: Ejecutado
A36: Recurso Humano | B36: 3606534.1 | C36: 3602663.5 | D36: 3606534.1 | E36: 3643861.4 | F36: 3606534.1 | G36: 3699488.5 | H36: 6715867.3 | I36: 6329037.3 | J36: =+B36+D36+F36+H36 -> 17535470 | K36: =+C36+E36+G36+I36 -> 17275051 | L36: =+J36+L27 -> 49427595 | M36: =+K36+M27 -> 49427595
A37: Gastos de operación | B37: 2804682.9 | C37: 3324637.8 | D37: 2913493.3 | E37: 3742775.2 | F37: 2956219.5 | G37: 4075865 | H37: 2912383.9 | I37: 2983966.9 | J37: =+B37+D37+F37+H37 -> 11586780 | K37: =+C37+E37+G37+I37 -> 14127245 | L37: =+J37+L28 -> 30572405 | M37: =+K37+M28 -> 30571669
A38: TOTAL | B38: =SUM(B36:B37) -> 6411217 | C38: =SUM(C36:C37) -> 6927301.2 | D38: =SUM(D36:D37) -> 6520027.4 | E38: =SUM(E36:E37) -> 7386636.6 | F38: =SUM(F36:F37) -> 6562753.6 | G38: =SUM(G36:G37) -> 7775353.6 | H38: =SUM(H36:H37) -> 9628251.2 | I38: =SUM(I36:I37) -> 9313004.2 | ... M38: =SUM(M36:M37) -> 79999263
K39: DEPOSITO FONDO COMUN | M39: 736.9
A40: Resumen año 2024 | K40: SUMAS IGUALES
A41: Categoría del gasto | B41: año 2024
B42: Presupuestado | C42: Ejecutado
A43: Recurso Humano | B43: =+J18+J27+J36 -> 49427595 | C43: =+K18+K27+K36 -> 49427595
A44: Gastos de operación | B44: =+J19+J28+J37 -> 30572405 | C44: =+K19+K28+K37 -> 30571669
A45: TOTAL | B45: =SUM(B43:B44) -> 80000000 | C45: =SUM(C43:C44) -> 79999263
K46: SUMAS IGUALES | L46: =+L38 -> 80000000 | M46: =+M39+M38 -> 80000000
A69: Elaborado por: | C69: ___________________________ | F69: Autorizado por: | H69: ____________________________________
C70: Víctor Cresencio Reyes Porres | H70: Dr. Walter Antonio Mazariegos Samayoa
C71: Jefe de Contabilidad | H71: Director General
A72: Fecha: | C72: 10 de enero 2025

Sheet EJEC. FISICA SEPTIEMBRE DECE-8 
L2: DECE-8
A6: UNIDAD DE CIRUGIA CARDIOVASCULAR DE GUATEMALA
A7: 5a. AVENIDA 6-22 ZONA 11
A8: dgunicar@yahoo.es Tel. 24163000
B10: Ejecucion y/o avance de cumplimiento de metas fisicas correspondiente al primer cuatrimestre
A11: No. | B11: Meta/Servicio | C11: Enero | E11: Febrero | G11: Marzo | I11: Abril | K11: Total cuatrimestre
C12: Programado | D12: Ejecutado | E12: Programado | F12: Ejecutado | G12: Programado | H12: Ejecutado | I12: Programado | J12: Ejecutado | K12: Programado | L12: Ejecutado
A13: 1 | B13: CIRUGIA DE ADULTOS | C13: 7 | D13: 20 | E13: 14 | F13: 13 | G13: 15 | H13: 17 | I13: 13 | J13: 9 | K13: =+C13+E13+G13+I13 -> 49 | L13: =+D13+F13+H13+J13 -> 59
A14: 2 | B14: CIRUGIA DE PEDIATRIA | C14: 7 | D14: 21 | E14: 15 | F14: 6 | G14: 11 | H14: 12 | I14: 15 | J14: 17 | K14: =+C14+E14+G14+I14 -> 48 | L14: =+D14+F14+H14+J14 -> 56
A15: 3 | B15: HEMODINAMIA ADULTOS | C15: 39 | D15: 96 | E15: 85 | F15: 86 | G15: 80 | H15: 59 | I15: 86 | J15: 103 | K15: =+C15+E15+G15+I15 -> 290 | L15: =+D15+F15+H15+J15 -> 344
A16: 4 | B16: HEMODINAMIA PEDIATRIA | C16: 6 | D16: 18 | E16: 15 | F16: 7 | G16: 12 | H16: 12 | I16: 15 | J16: 16 | K16: =+C16+E16+G16+I16 -> 48 | L16: =+D16+F16+H16+J16 -> 53
A17: 5 | B17: ECOCARDIOGRAMA ADULTOS | C17: 201 | D17: 451 | E17: 443 | F17: 442 | G17: 435 | H17: 405 | I17: 443 | J17: 526 | K17: =+C17+E17+G17+I17 -> 1522 | L17: =+D17+F17+H17+J17 -> 1824
A18: 6 | B18: ECOCARDIOGRAMA PEDIATRIA | C18: 167 | D18: 422 | E18: 367 | F18: 345 | G18: 363 | H18: 309 | I18: 367 | J18: 414 | K18: =+C18+E18+G18+I18 -> 1264 | L18: =+D18+F18+H18+J18 -> 1490
A19: 7 | B19: ELECTROCARDIOGRAMAS ADULTOS | C19: 64 | D19: 147 | E19: 138 | F19: 139 | G19: 138 | H19: 107 | I19: 138 | J19: 173 | K19: =+C19+E19+G19+I19 -> 478 | L19: =+D19+F19+H19+J19 -> 566
A20: 8 | B20: ELECTROCARDIOGRAMAS PEDIATRIA | C20: 77 | D20: 161 | E20: 170 | F20: 151 | G20: 166 | H20: 117 | I20: 170 | J20: 135 | K20: =+C20+E20+G20+I20 -> 583 | L20: =+D20+F20+H20+J20 -> 564
A21: 9 | B21: CONSULTAS MEDICAS ADULTOS | C21: 491 | D21: 1121 | E21: 1080 | F21: 1114 | G21: 1078 | H21: 918 | I21: 1080 | J21: 1100 | K21: =+C21+E21+G21+I21 -> 3729 | L21: =+D21+F21+H21+J21 -> 4253
A22: 10 | B22: CONSULTA MEDICAS PEDIATRICAS | C22: 205 | D22: 496 | E22: 449 | F22: 408 | G22: 449 | H22: 358 | I22: 449 | J22: 428 | K22: =+C22+E22+G22+I22 -> 1552 | L22: =+D22+F22+H22+J22 -> 1690
A23: 11 | B23: ESTOMATOLOGIA | C23: 22 | D23: 44 | E23: 47 | F23: 42 | G23: 43 | H23: 38 | I23: 47 | J23: 66 | K23: =+C23+E23+G23+I23 -> 159 | L23: =+D23+F23+H23+J23 -> 190
A24: 12 | B24: ENCAMAMIENTO POR COMPLICACIONES | C24: 9 | D24: 21 | E24: 20 | F24: 18 | G24: 16 | H24: 8 | I24: 20 | J24: 21 | K24: =+C24+E24+G24+I24 -> 65 | L24: =+D24+F24+H24+J24 -> 68
... A28: 16 | B28: MONITOREO DE PRESION ARTERIAL | C28: 4 | D28: 11 | E28: 8 | F28: 6 | G28: 2 | H28: 4 | I28: 8 | J28: 4 | K28: =+C28+E28+G28+I28 -> 22 | L28: =+D28+F28+H28+J28 -> 25
A29: Total servicios/beneficiarios | C29: =SUM(C13:C28) -> 1370 | D29: =SUM(D13:D28) -> 3214 | E29: =SUM(E13:E28) -> 3006 | F29: =SUM(F13:F28) -> 2898 | G29: =SUM(G13:G28) -> 2954 | H29: =SUM(H13:H28) -> 2463 | I29: =SUM(I13:I28) -> 3006 | J29: =SUM(J13:J28) -> 3181 | ... L29: =SUM(L13:L28) -> 11756
B31: Ejecucion y/o avance de cumplimiento de metas fisicas correspondiente al segundo cuatrimestre
A32: No. | B32: Meta/Servicio | C32: Mayo | E32: Junio | G32: Julio | I32: Agosto | K32: Total cuatrimestre | M32: Total acumulado
C33: Programado | D33: Ejecutado | E33: Programado | F33: Ejecutado | G33: Programado | H33: Ejecutado | I33: Programado | J33: Ejecutado | K33: Programado | L33: Ejecutado | M33: Programado | N33: Ejecutado
A34: 1 | B34: CIRUGIA DE ADULTOS | C34: 15 | D34: 13 | E34: 15 | F34: 16 | G34: 15 | H34: 18 | I34: 15 | J34: 13 | K34: =+C34+E34+G34+I34 -> 60 | L34: =+D34+F34+H34+J34 -> 60 | M34: =+K34+K13 -> 109 | N34: =+L34+L13 -> 119
A35: 2 | B35: CIRUGIA DE PEDIATRIA | C35: 15 | D35: 13 | E35: 15 | F35: 23 | G35: 15 | H35: 15 | I35: 15 | J35: 19 | K35: =+C35+E35+G35+I35 -> 60 | L35: =+D35+F35+H35+J35 -> 70 | M35: =+K35+K14 -> 108 | N35: =+L35+L14 -> 126
A36: 3 | B36: HEMODINAMIA ADULTOS | C36: 86 | D36: 81 | E36: 86 | F36: 72 | G36: 86 | H36: 75 | I36: 86 | J36: 68 | K36: =+C36+E36+G36+I36 -> 344 | L36: =+D36+F36+H36+J36 -> 296 | M36: =+K36+K15 -> 634 | N36: =+L36+L15 -> 640
A37: 4 | B37: HEMODINAMIA PEDIATRIA | C37: 15 | D37: 15 | E37: 15 | F37: 19 | G37: 15 | H37: 17 | I37: 15 | J37: 11 | K37: =+C37+E37+G37+I37 -> 60 | L37: =+D37+F37+H37+J37 -> 62 | M37: =+K37+K16 -> 108 | N37: =+L37+L16 -> 115
A38: 5 | B38: ECOCARDIOGRAMA ADULTOS | C38: 443 | D38: 492 | E38: 443 | F38: 386 | G38: 443 | H38: 367 | I38: 443 | J38: 420 | K38: =+C38+E38+G38+I38 -> 1772 | L38: =+D38+F38+H38+J38 -> 1665 | M38: =+K38+K17 -> 3294 | N38: =+L38+L17 -> 3489
A39: 6 | B39: ECOCARDIOGRAMA PEDIATRIA | C39: 367 | D39: 443 | E39: 367 | F39: 356 | G39: 367 | H39: 375 | I39: 367 | J39: 351 | K39: =+C39+E39+G39+I39 -> 1468 | L39: =+D39+F39+H39+J39 -> 1525 | M39: =+K39+K18 -> 2732 | N39: =+L39+L18 -> 3015
A40: 7 | B40: ELECTROCARDIOGRAMAS ADULTOS | C40: 138 | D40: 147 | E40: 138 | F40: 124 | G40: 138 | H40: 165 | I40: 138 | J40: 150 | K40: =+C40+E40+G40+I40 -> 552 | L40: =+D40+F40+H40+J40 -> 586 | M40: =+K40+K19 -> 1030 | N40: =+L40+L19 -> 1152
A41: 8 | B41: ELECTROCARDIOGRAMAS PEDIATRIA | C41: 170 | D41: 181 | E41: 170 | F41: 136 | G41: 170 | H41: 161 | I41: 170 | J41: 189 | K41: =+C41+E41+G41+I41 -> 680 | L41: =+D41+F41+H41+J41 -> 667 | M41: =+K41+K20 -> 1263 | N41: =+L41+L20 -> 1231
A42: 9 | B42: CONSULTAS MEDICAS ADULTOS | C42: 1080 | D42: 1233 | E42: 1080 | F42: 909 | G42: 1080 | H42: 1078 | I42: 1080 | J42: 1185 | K42: =+C42+E42+G42+I42 -> 4320 | L42: =+D42+F42+H42+J42 -> 4405 | M42: =+K42+K21 -> 8049 | N42: =+L42+L21 -> 8658
A43: 10 | B43: CONSULTA MEDICAS PEDIATRICAS | C43: 449 | D43: 478 | E43: 449 | F43: 419 | G43: 449 | H43: 422 | I43: 449 | J43: 327 | K43: =+C43+E43+G43+I43 -> 1796 | L43: =+D43+F43+H43+J43 -> 1646 | M43: =+K43+K22 -> 3348 | N43: =+L43+L22 -> 3336
A44: 11 | B44: ESTOMATOLOGIA | C44: 47 | D44: 53 | E44: 47 | F44: 42 | G44: 47 | H44: 52 | I44: 47 | J44: 48 | K44: =+C44+E44+G44+I44 -> 188 | L44: =+D44+F44+H44+J44 -> 195 | M44: =+K44+K23 -> 347 | N44: =+L44+L23 -> 385
A45: 12 | B45: ENCAMAMIENTO POR COMPLICACIONES | C45: 20 | D45: 23 | E45: 20 | F45: 24 | G45: 20 | H45: 27 | I45: 20 | J45: 30 | K45: =+C45+E45+G45+I45 -> 80 | L45: =+D45+F45+H45+J45 -> 104 | M45: =+K45+K24 -> 145 | N45: =+L45+L24 -> 172
... A49: 16 | B49: MONITOREO DE PRESION ARTERIAL | C49: 8 | D49: 8 | E49: 8 | F49: 7 | G49: 8 | H49: 7 | I49: 8 | J49: 6 | K49: =+C49+E49+G49+I49 -> 32 | L49: =+D49+F49+H49+J49 -> 28 | M49: =+K49+K28 -> 54 | N49: =+L49+L28 -> 53
A50: Total servicios/beneficiarios | C50: =SUM(C34:C49) -> 3008 | D50: =SUM(D34:D49) -> 3339 | E50: =SUM(E34:E49) -> 3008 | F50: =SUM(F34:F49) -> 2765 | G50: =SUM(G34:G49) -> 3008 | H50: =SUM(H34:H49) -> 3076 | I50: =SUM(I34:I49) -> 3008 | J50: =SUM(J34:J49) -> 2988 | ... N50: =SUM(N34:N49) -> 23924
B52: Ejecucion y/o avance de cumplimiento de metas fisicas correspondiente al tercer cuatrimestre
A53: No. | B53: Meta/Servicio | C53: Septiembre | E53: Octubre | G53: Noviembre | I53: Diciembre | K53: Totales | M53: Total acumulado anual
C54: Programado | D54: Ejecutado | E54: Programado | F54: Ejecutado | G54: Programado | H54: Ejecutado | I54: Programado | J54: Ejecutado | K54: Programado | L54: Ejecutado | M54: Programado | N54: Ejecutado
A55: 1 | B55: CIRUGIA DE ADULTOS | C55: 15 | D55: 12 | K55: =+C55+E55+G55+I55 -> 15 | L55: =+D55+F55+H55+J55 -> 12 | M55: =+K55+M34 -> 124 | N55: =+L55+N34 -> 131
A56: 2 | B56: CIRUGIA DE PEDIATRIA | C56: 15 | D56: 22 | K56: =+C56+E56+G56+I56 -> 15 | L56: =+D56+F56+H56+J56 -> 22 | M56: =+K56+M35 -> 123 | N56: =+L56+N35 -> 148
A57: 3 | B57: HEMODINAMIA ADULTOS | C57: 86 | D57: 69 | K57: =+C57+E57+G57+I57 -> 86 | L57: =+D57+F57+H57+J57 -> 69 | M57: =+K57+M36 -> 720 | N57: =+L57+N36 -> 709
A58: 4 | B58: HEMODINAMIA PEDIATRIA | C58: 15 | D58: 10 | K58: =+C58+E58+G58+I58 -> 15 | L58: =+D58+F58+H58+J58 -> 10 | M58: =+K58+M37 -> 123 | N58: =+L58+N37 -> 125
A59: 5 | B59: ECOCARDIOGRAMA ADULTOS | C59: 443 | D59: 365 | K59: =+C59+E59+G59+I59 -> 443 | L59: =+D59+F59+H59+J59 -> 365 | M59: =+K59+M38 -> 3737 | N59: =+L59+N38 -> 3854
A60: 6 | B60: ECOCARDIOGRAMA PEDIATRIA | C60: 367 | D60: 290 | K60: =+C60+E60+G60+I60 -> 367 | L60: =+D60+F60+H60+J60 -> 290 | M60: =+K60+M39 -> 3099 | N60: =+L60+N39 -> 3305
A61: 7 | B61: ELECTROCARDIOGRAMAS ADULTOS | C61: 139 | D61: 127 | K61: =+C61+E61+G61+I61 -> 139 | L61: =+D61+F61+H61+J61 -> 127 | M61: =+K61+M40 -> 1169 | N61: =+L61+N40 -> 1279
A62: 8 | B62: ELECTROCARDIOGRAMAS PEDIATRIA | C62: 170 | D62: 286 | K62: =+C62+E62+G62+I62 -> 170 | L62: =+D62+F62+H62+J62 -> 286 | M62: =+K62+M41 -> 1433 | N62: =+L62+N41 -> 1517
A63: 9 | B63: CONSULTAS MEDICAS ADULTOS | C63: 1080 | D63: 964 | K63: =+C63+E63+G63+I63 -> 1080 | L63: =+D63+F63+H63+J63 -> 964 | M63: =+K63+M42 -> 9129 | N63: =+L63+N42 -> 9622
A64: 10 | B64: CONSULTA MEDICAS PEDIATRICAS | C64: 449 | D64: 375 | K64: =+C64+E64+G64+I64 -> 449 | L64: =+D64+F64+H64+J64 -> 375 | M64: =+K64+M43 -> 3797 | N64: =+L64+N43 -> 3711
A65: 11 | B65: ESTOMATOLOGIA | C65: 47 | D65: 42 | K65: =+C65+E65+G65+I65 -> 47 | L65: =+D65+F65+H65+J65 -> 42 | M65: =+K65+M44 -> 394 | N65: =+L65+N44 -> 427
A66: 12 | B66: ENCAMAMIENTO POR COMPLICACIONES | C66: 20 | D66: 18 | K66: =+C66+E66+G66+I66 -> 20 | L66: =+D66+F66+H66+J66 -> 18 | M66: =+K66+M45 -> 165 | N66: =+L66+N45 -> 190
... A70: 16 | B70: MONITOREO DE PRESION ARTERIAL | C70: 8 | D70: 5 | K70: =+C70+E70+G70+I70 -> 8 | L70: =+D70+F70+H70+J70 -> 5 | M70: =+K70+M49 -> 62 | N70: =+L70+N49 -> 58
A71: Total | C71: =SUM(C55:C70) -> 3009 | D71: =SUM(D55:D70) -> 2696 | E71: =SUM(E55:E70) -> 0 | F71: =SUM(F55:F70) -> 0 | G71: =SUM(G55:G70) -> 0 | H71: =SUM(H55:H70) -> 0 | I71: =SUM(I55:I70) -> 0 | J71: =SUM(J55:J70) -> 0 | ... N71: =SUM(N55:N70) -> 26620
B97: Elaborado por: | C97: ___________________________ | F97: Autorizado por: | H97: _______________________________________
C98: VÍctor Cresencio Reyes Porres | H98: Lic. Douglas Antonio Díaz Rivera
C99: Jefe de Contabilidad | H99: Representante Legal
B100: Fecha: | C100: 10 de octubre 2,024

Sheet EJEC. FISICA OCTUBRE DECE-8
L2: DECE-8
A6: UNIDAD DE CIRUGIA CARDIOVASCULAR DE GUATEMALA
A7: 5a. AVENIDA 6-22 ZONA 11
A8: dgunicar@yahoo.es Tel. 24163000
B10: Ejecucion y/o avance de cumplimiento de metas fisicas correspondiente al primer cuatrimestre
A11: No. | B11: Meta/Servicio | C11: Enero | E11: Febrero | G11: Marzo | I11: Abril | K11: Total cuatrimestre
C12: Programado | D12: Ejecutado | E12: Programado | F12: Ejecutado | G12: Programado | H12: Ejecutado | I12: Programado | J12: Ejecutado | K12: Programado | L12: Ejecutado
A13: 1 | B13: CIRUGIA DE ADULTOS | C13: 7 | D13: 20 | E13: 14 | F13: 13 | G13: 15 | H13: 17 | I13: 13 | J13: 9 | K13: =+C13+E13+G13+I13 -> 49 | L13: =+D13+F13+H13+J13 -> 59
A14: 2 | B14: CIRUGIA DE PEDIATRIA | C14: 7 | D14: 21 | E14: 15 | F14: 6 | G14: 11 | H14: 12 | I14: 15 | J14: 17 | K14: =+C14+E14+G14+I14 -> 48 | L14: =+D14+F14+H14+J14 -> 56
A15: 3 | B15: HEMODINAMIA ADULTOS | C15: 39 | D15: 96 | E15: 85 | F15: 86 | G15: 80 | H15: 59 | I15: 86 | J15: 103 | K15: =+C15+E15+G15+I15 -> 290 | L15: =+D15+F15+H15+J15 -> 344
A16: 4 | B16: HEMODINAMIA PEDIATRIA | C16: 6 | D16: 18 | E16: 15 | F16: 7 | G16: 12 | H16: 12 | I16: 15 | J16: 16 | K16: =+C16+E16+G16+I16 -> 48 | L16: =+D16+F16+H16+J16 -> 53
A17: 5 | B17: ECOCARDIOGRAMA ADULTOS | C17: 201 | D17: 451 | E17: 443 | F17: 442 | G17: 435 | H17: 405 | I17: 443 | J17: 526 | K17: =+C17+E17+G17+I17 -> 1522 | L17: =+D17+F17+H17+J17 -> 1824
A18: 6 | B18: ECOCARDIOGRAMA PEDIATRIA | C18: 167 | D18: 422 | E18: 367 | F18: 345 | G18: 363 | H18: 309 | I18: 367 | J18: 414 | K18: =+C18+E18+G18+I18 -> 1264 | L18: =+D18+F18+H18+J18 -> 1490
A19: 7 | B19: ELECTROCARDIOGRAMAS ADULTOS | C19: 64 | D19: 147 | E19: 138 | F19: 139 | G19: 138 | H19: 107 | I19: 138 | J19: 173 | K19: =+C19+E19+G19+I19 -> 478 | L19: =+D19+F19+H19+J19 -> 566
A20: 8 | B20: ELECTROCARDIOGRAMAS PEDIATRIA | C20: 77 | D20: 161 | E20: 170 | F20: 151 | G20: 166 | H20: 117 | I20: 170 | J20: 135 | K20: =+C20+E20+G20+I20 -> 583 | L20: =+D20+F20+H20+J20 -> 564
A21: 9 | B21: CONSULTAS MEDICAS ADULTOS | C21: 491 | D21: 1121 | E21: 1080 | F21: 1114 | G21: 1078 | H21: 918 | I21: 1080 | J21: 1100 | K21: =+C21+E21+G21+I21 -> 3729 | L21: =+D21+F21+H21+J21 -> 4253
A22: 10 | B22: CONSULTA MEDICAS PEDIATRICAS | C22: 205 | D22: 496 | E22: 449 | F22: 408 | G22: 449 | H22: 358 | I22: 449 | J22: 428 | K22: =+C22+E22+G22+I22 -> 1552 | L22: =+D22+F22+H22+J22 -> 1690
A23: 11 | B23: ESTOMATOLOGIA | C23: 22 | D23: 44 | E23: 47 | F23: 42 | G23: 43 | H23: 38 | I23: 47 | J23: 66 | K23: =+C23+E23+G23+I23 -> 159 | L23: =+D23+F23+H23+J23 -> 190
A24: 12 | B24: ENCAMAMIENTO POR COMPLICACIONES | C24: 9 | D24: 21 | E24: 20 | F24: 18 | G24: 16 | H24: 8 | I24: 20 | J24: 21 | K24: =+C24+E24+G24+I24 -> 65 | L24: =+D24+F24+H24+J24 -> 68
... A28: 16 | B28: MONITOREO DE PRESION ARTERIAL | C28: 4 | D28: 11 | E28: 8 | F28: 6 | G28: 2 | H28: 4 | I28: 8 | J28: 4 | K28: =+C28+E28+G28+I28 -> 22 | L28: =+D28+F28+H28+J28 -> 25
A29: Total servicios/beneficiarios | C29: =SUM(C13:C28) -> 1370 | D29: =SUM(D13:D28) -> 3214 | E29: =SUM(E13:E28) -> 3006 | F29: =SUM(F13:F28) -> 2898 | G29: =SUM(G13:G28) -> 2954 | H29: =SUM(H13:H28) -> 2463 | I29: =SUM(I13:I28) -> 3006 | J29: =SUM(J13:J28) -> 3181 | ... L29: =SUM(L13:L28) -> 11756
B31: Ejecucion y/o avance de cumplimiento de metas fisicas correspondiente al segundo cuatrimestre
A32: No. | B32: Meta/Servicio | C32: Mayo | E32: Junio | G32: Julio | I32: Agosto | K32: Total cuatrimestre | M32: Total acumulado
C33: Programado | D33: Ejecutado | E33: Programado | F33: Ejecutado | G33: Programado | H33: Ejecutado | I33: Programado | J33: Ejecutado | K33: Programado | L33: Ejecutado | M33: Programado | N33: Ejecutado
A34: 1 | B34: CIRUGIA DE ADULTOS | C34: 15 | D34: 13 | E34: 15 | F34: 16 | G34: 15 | H34: 18 | I34: 15 | J34: 13 | K34: =+C34+E34+G34+I34 -> 60 | L34: =+D34+F34+H34+J34 -> 60 | M34: =+K34+K13 -> 109 | N34: =+L34+L13 -> 119
A35: 2 | B35: CIRUGIA DE PEDIATRIA | C35: 15 | D35: 13 | E35: 15 | F35: 23 | G35: 15 | H35: 15 | I35: 15 | J35: 19 | K35: =+C35+E35+G35+I35 -> 60 | L35: =+D35+F35+H35+J35 -> 70 | M35: =+K35+K14 -> 108 | N35: =+L35+L14 -> 126
A36: 3 | B36: HEMODINAMIA ADULTOS | C36: 86 | D36: 81 | E36: 86 | F36: 72 | G36: 86 | H36: 75 | I36: 86 | J36: 68 | K36: =+C36+E36+G36+I36 -> 344 | L36: =+D36+F36+H36+J36 -> 296 | M36: =+K36+K15 -> 634 | N36: =+L36+L15 -> 640
A37: 4 | B37: HEMODINAMIA PEDIATRIA | C37: 15 | D37: 15 | E37: 15 | F37: 19 | G37: 15 | H37: 17 | I37: 15 | J37: 11 | K37: =+C37+E37+G37+I37 -> 60 | L37: =+D37+F37+H37+J37 -> 62 | M37: =+K37+K16 -> 108 | N37: =+L37+L16 -> 115
A38: 5 | B38: ECOCARDIOGRAMA ADULTOS | C38: 443 | D38: 492 | E38: 443 | F38: 386 | G38: 443 | H38: 367 | I38: 443 | J38: 420 | K38: =+C38+E38+G38+I38 -> 1772 | L38: =+D38+F38+H38+J38 -> 1665 | M38: =+K38+K17 -> 3294 | N38: =+L38+L17 -> 3489
A39: 6 | B39: ECOCARDIOGRAMA PEDIATRIA | C39: 367 | D39: 443 | E39: 367 | F39: 356 | G39: 367 | H39: 375 | I39: 367 | J39: 351 | K39: =+C39+E39+G39+I39 -> 1468 | L39: =+D39+F39+H39+J39 -> 1525 | M39: =+K39+K18 -> 2732 | N39: =+L39+L18 -> 3015
A40: 7 | B40: ELECTROCARDIOGRAMAS ADULTOS | C40: 138 | D40: 147 | E40: 138 | F40: 124 | G40: 138 | H40: 165 | I40: 138 | J40: 150 | K40: =+C40+E40+G40+I40 -> 552 | L40: =+D40+F40+H40+J40 -> 586 | M40: =+K40+K19 -> 1030 | N40: =+L40+L19 -> 1152
A41: 8 | B41: ELECTROCARDIOGRAMAS PEDIATRIA | C41: 170 | D41: 181 | E41: 170 | F41: 136 | G41: 170 | H41: 161 | I41: 170 | J41: 189 | K41: =+C41+E41+G41+I41 -> 680 | L41: =+D41+F41+H41+J41 -> 667 | M41: =+K41+K20 -> 1263 | N41: =+L41+L20 -> 1231
A42: 9 | B42: CONSULTAS MEDICAS ADULTOS | C42: 1080 | D42: 1233 | E42: 1080 | F42: 909 | G42: 1080 | H42: 1078 | I42: 1080 | J42: 1185 | K42: =+C42+E42+G42+I42 -> 4320 | L42: =+D42+F42+H42+J42 -> 4405 | M42: =+K42+K21 -> 8049 | N42: =+L42+L21 -> 8658
A43: 10 | B43: CONSULTA MEDICAS PEDIATRICAS | C43: 449 | D43: 478 | E43: 449 | F43: 419 | G43: 449 | H43: 422 | I43: 449 | J43: 327 | K43: =+C43+E43+G43+I43 -> 1796 | L43: =+D43+F43+H43+J43 -> 1646 | M43: =+K43+K22 -> 3348 | N43: =+L43+L22 -> 3336
A44: 11 | B44: ESTOMATOLOGIA | C44: 47 | D44: 53 | E44: 47 | F44: 42 | G44: 47 | H44: 52 | I44: 47 | J44: 48 | K44: =+C44+E44+G44+I44 -> 188 | L44: =+D44+F44+H44+J44 -> 195 | M44: =+K44+K23 -> 347 | N44: =+L44+L23 -> 385
A45: 12 | B45: ENCAMAMIENTO POR COMPLICACIONES | C45: 20 | D45: 23 | E45: 20 | F45: 24 | G45: 20 | H45: 27 | I45: 20 | J45: 30 | K45: =+C45+E45+G45+I45 -> 80 | L45: =+D45+F45+H45+J45 -> 104 | M45: =+K45+K24 -> 145 | N45: =+L45+L24 -> 172
... A49: 16 | B49: MONITOREO DE PRESION ARTERIAL | C49: 8 | D49: 8 | E49: 8 | F49: 7 | G49: 8 | H49: 7 | I49: 8 | J49: 6 | K49: =+C49+E49+G49+I49 -> 32 | L49: =+D49+F49+H49+J49 -> 28 | M49: =+K49+K28 -> 54 | N49: =+L49+L28 -> 53
A50: Total servicios/beneficiarios | C50: =SUM(C34:C49) -> 3008 | D50: =SUM(D34:D49) -> 3339 | E50: =SUM(E34:E49) -> 3008 | F50: =SUM(F34:F49) -> 2765 | G50: =SUM(G34:G49) -> 3008 | H50: =SUM(H34:H49) -> 3076 | I50: =SUM(I34:I49) -> 3008 | J50: =SUM(J34:J49) -> 2988 | ... N50: =SUM(N34:N49) -> 23924
B52: Ejecucion y/o avance de cumplimiento de metas fisicas correspondiente al tercer cuatrimestre
A53: No. | B53: Meta/Servicio | C53: Septiembre | E53: Octubre | G53: Noviembre | I53: Diciembre | K53: Totales | M53: Total acumulado anual
C54: Programado | D54: Ejecutado | E54: Programado | F54: Ejecutado | G54: Programado | H54: Ejecutado | I54: Programado | J54: Ejecutado | K54: Programado | L54: Ejecutado | M54: Programado | N54: Ejecutado
A55: 1 | B55: CIRUGIA DE ADULTOS | C55: 15 | D55: 12 | E55: 15 | F55: 21 | K55: =+C55+E55+G55+I55 -> 30 | L55: =+D55+F55+H55+J55 -> 33 | M55: =+K55+M34 -> 139 | N55: =+L55+N34 -> 152
A56: 2 | B56: CIRUGIA DE PEDIATRIA | C56: 15 | D56: 22 | E56: 15 | F56: 8 | K56: =+C56+E56+G56+I56 -> 30 | L56: =+D56+F56+H56+J56 -> 30 | M56: =+K56+M35 -> 138 | N56: =+L56+N35 -> 156
A57: 3 | B57: HEMODINAMIA ADULTOS | C57: 86 | D57: 69 | E57: 86 | F57: 88 | K57: =+C57+E57+G57+I57 -> 172 | L57: =+D57+F57+H57+J57 -> 157 | M57: =+K57+M36 -> 806 | N57: =+L57+N36 -> 797
A58: 4 | B58: HEMODINAMIA PEDIATRIA | C58: 15 | D58: 10 | E58: 15 | F58: 10 | K58: =+C58+E58+G58+I58 -> 30 | L58: =+D58+F58+H58+J58 -> 20 | M58: =+K58+M37 -> 138 | N58: =+L58+N37 -> 135
A59: 5 | B59: ECOCARDIOGRAMA ADULTOS | C59: 443 | D59: 365 | E59: 443 | F59: 493 | K59: =+C59+E59+G59+I59 -> 886 | L59: =+D59+F59+H59+J59 -> 858 | M59: =+K59+M38 -> 4180 | N59: =+L59+N38 -> 4347
A60: 6 | B60: ECOCARDIOGRAMA PEDIATRIA | C60: 367 | D60: 290 | E60: 367 | F60: 262 | K60: =+C60+E60+G60+I60 -> 734 | L60: =+D60+F60+H60+J60 -> 552 | M60: =+K60+M39 -> 3466 | N60: =+L60+N39 -> 3567
A61: 7 | B61: ELECTROCARDIOGRAMAS ADULTOS | C61: 139 | D61: 127 | E61: 139 | F61: 159 | K61: =+C61+E61+G61+I61 -> 278 | L61: =+D61+F61+H61+J61 -> 286 | M61: =+K61+M40 -> 1308 | N61: =+L61+N40 -> 1438
A62: 8 | B62: ELECTROCARDIOGRAMAS PEDIATRIA | C62: 170 | D62: 286 | E62: 170 | F62: 270 | K62: =+C62+E62+G62+I62 -> 340 | L62: =+D62+F62+H62+J62 -> 556 | M62: =+K62+M41 -> 1603 | N62: =+L62+N41 -> 1787
A63: 9 | B63: CONSULTAS MEDICAS ADULTOS | C63: 1080 | D63: 964 | E63: 1080 | F63: 1099 | K63: =+C63+E63+G63+I63 -> 2160 | L63: =+D63+F63+H63+J63 -> 2063 | M63: =+K63+M42 -> 10209 | N63: =+L63+N42 -> 10721
A64: 10 | B64: CONSULTA MEDICAS PEDIATRICAS | C64: 449 | D64: 375 | E64: 449 | F64: 368 | K64: =+C64+E64+G64+I64 -> 898 | L64: =+D64+F64+H64+J64 -> 743 | M64: =+K64+M43 -> 4246 | N64: =+L64+N43 -> 4079
A65: 11 | B65: ESTOMATOLOGIA | C65: 47 | D65: 42 | E65: 47 | F65: 38 | K65: =+C65+E65+G65+I65 -> 94 | L65: =+D65+F65+H65+J65 -> 80 | M65: =+K65+M44 -> 441 | N65: =+L65+N44 -> 465
A66: 12 | B66: ENCAMAMIENTO POR COMPLICACIONES | C66: 20 | D66: 18 | E66: 20 | F66: 21 | K66: =+C66+E66+G66+I66 -> 40 | L66: =+D66+F66+H66+J66 -> 39 | M66: =+K66+M45 -> 185 | N66: =+L66+N45 -> 211
... A70: 16 | B70: MONITOREO DE PRESION ARTERIAL | C70: 8 | D70: 5 | E70: 7 | F70: 9 | K70: =+C70+E70+G70+I70 -> 15 | L70: =+D70+F70+H70+J70 -> 14 | M70: =+K70+M49 -> 69 | N70: =+L70+N49 -> 67
A71: Total | C71: =SUM(C55:C70) -> 3009 | D71: =SUM(D55:D70) -> 2696 | E71: =SUM(E55:E70) -> 3008 | F71: =SUM(F55:F70) -> 2983 | G71: =SUM(G55:G70) -> 0 | H71: =SUM(H55:H70) -> 0 | I71: =SUM(I55:I70) -> 0 | J71: =SUM(J55:J70) -> 0 | ... N71: =SUM(N55:N70) -> 29603
B97: Elaborado por: | C97: ___________________________ | F97: Autorizado por: | H97: _______________________________________
C98: VÍctor Cresencio Reyes Porres | H98: Lic. Douglas Antonio Díaz Rivera
C99: Jefe de Contabilidad | H99: Representante Legal
B100: Fecha: | C100: 10 de octubre 2,024

Sheet EJEC. FISICA NOVIEMBRE DECE-8
L2: DECE-8
A6: UNIDAD DE CIRUGIA CARDIOVASCULAR DE GUATEMALA
A7: 5a. AVENIDA 6-22 ZONA 11
A8: dgunicar@yahoo.es Tel. 24163000
B10: Ejecucion y/o avance de cumplimiento de metas fisicas correspondiente al primer cuatrimestre
A11: No. | B11: Meta/Servicio | C11: Enero | E11: Febrero | G11: Marzo | I11: Abril | K11: Total cuatrimestre
C12: Programado | D12: Ejecutado | E12: Programado | F12: Ejecutado | G12: Programado | H12: Ejecutado | I12: Programado | J12: Ejecutado | K12: Programado | L12: Ejecutado
A13: 1 | B13: CIRUGIA DE ADULTOS | C13: 7 | D13: 20 | E13: 14 | F13: 13 | G13: 15 | H13: 17 | I13: 13 | J13: 9 | K13: =+C13+E13+G13+I13 -> 49 | L13: =+D13+F13+H13+J13 -> 59
A14: 2 | B14: CIRUGIA DE PEDIATRIA | C14: 7 | D14: 21 | E14: 15 | F14: 6 | G14: 11 | H14: 12 | I14: 15 | J14: 17 | K14: =+C14+E14+G14+I14 -> 48 | L14: =+D14+F14+H14+J14 -> 56
A15: 3 | B15: HEMODINAMIA ADULTOS | C15: 39 | D15: 96 | E15: 85 | F15: 86 | G15: 80 | H15: 59 | I15: 86 | J15: 103 | K15: =+C15+E15+G15+I15 -> 290 | L15: =+D15+F15+H15+J15 -> 344
A16: 4 | B16: HEMODINAMIA PEDIATRIA | C16: 6 | D16: 18 | E16: 15 | F16: 7 | G16: 12 | H16: 12 | I16: 15 | J16: 16 | K16: =+C16+E16+G16+I16 -> 48 | L16: =+D16+F16+H16+J16 -> 53
A17: 5 | B17: ECOCARDIOGRAMA ADULTOS | C17: 201 | D17: 451 | E17: 443 | F17: 442 | G17: 435 | H17: 405 | I17: 443 | J17: 526 | K17: =+C17+E17+G17+I17 -> 1522 | L17: =+D17+F17+H17+J17 -> 1824
A18: 6 | B18: ECOCARDIOGRAMA PEDIATRIA | C18: 167 | D18: 422 | E18: 367 | F18: 345 | G18: 363 | H18: 309 | I18: 367 | J18: 414 | K18: =+C18+E18+G18+I18 -> 1264 | L18: =+D18+F18+H18+J18 -> 1490
A19: 7 | B19: ELECTROCARDIOGRAMAS ADULTOS | C19: 64 | D19: 147 | E19: 138 | F19: 139 | G19: 138 | H19: 107 | I19: 138 | J19: 173 | K19: =+C19+E19+G19+I19 -> 478 | L19: =+D19+F19+H19+J19 -> 566
A20: 8 | B20: ELECTROCARDIOGRAMAS PEDIATRIA | C20: 77 | D20: 161 | E20: 170 | F20: 151 | G20: 166 | H20: 117 | I20: 170 | J20: 135 | K20: =+C20+E20+G20+I20 -> 583 | L20: =+D20+F20+H20+J20 -> 564
A21: 9 | B21: CONSULTAS MEDICAS ADULTOS | C21: 491 | D21: 1121 | E21: 1080 | F21: 1114 | G21: 1078 | H21: 918 | I21: 1080 | J21: 1100 | K21: =+C21+E21+G21+I21 -> 3729 | L21: =+D21+F21+H21+J21 -> 4253
A22: 10 | B22: CONSULTA MEDICAS PEDIATRICAS | C22: 205 | D22: 496 | E22: 449 | F22: 408 | G22: 449 | H22: 358 | I22: 449 | J22: 428 | K22: =+C22+E22+G22+I22 -> 1552 | L22: =+D22+F22+H22+J22 -> 1690
A23: 11 | B23: ESTOMATOLOGIA | C23: 22 | D23: 44 | E23: 47 | F23: 42 | G23: 43 | H23: 38 | I23: 47 | J23: 66 | K23: =+C23+E23+G23+I23 -> 159 | L23: =+D23+F23+H23+J23 -> 190
A24: 12 | B24: ENCAMAMIENTO POR COMPLICACIONES | C24: 9 | D24: 21 | E24: 20 | F24: 18 | G24: 16 | H24: 8 | I24: 20 | J24: 21 | K24: =+C24+E24+G24+I24 -> 65 | L24: =+D24+F24+H24+J24 -> 68
... A28: 16 | B28: MONITOREO DE PRESION ARTERIAL | C28: 4 | D28: 11 | E28: 8 | F28: 6 | G28: 2 | H28: 4 | I28: 8 | J28: 4 | K28: =+C28+E28+G28+I28 -> 22 | L28: =+D28+F28+H28+J28 -> 25
A29: Total servicios/beneficiarios | C29: =SUM(C13:C28) -> 1370 | D29: =SUM(D13:D28) -> 3214 | E29: =SUM(E13:E28) -> 3006 | F29: =SUM(F13:F28) -> 2898 | G29: =SUM(G13:G28) -> 2954 | H29: =SUM(H13:H28) -> 2463 | I29: =SUM(I13:I28) -> 3006 | J29: =SUM(J13:J28) -> 3181 | ... L29: =SUM(L13:L28) -> 11756
B31: Ejecucion y/o avance de cumplimiento de metas fisicas correspondiente al segundo cuatrimestre
A32: No. | B32: Meta/Servicio | C32: Mayo | E32: Junio | G32: Julio | I32: Agosto | K32: Total cuatrimestre | M32: Total acumulado
C33: Programado | D33: Ejecutado | E33: Programado | F33: Ejecutado | G33: Programado | H33: Ejecutado | I33: Programado | J33: Ejecutado | K33: Programado | L33: Ejecutado | M33: Programado | N33: Ejecutado
A34: 1 | B34: CIRUGIA DE ADULTOS | C34: 15 | D34: 13 | E34: 15 | F34: 16 | G34: 15 | H34: 18 | I34: 15 | J34: 13 | K34: =+C34+E34+G34+I34 -> 60 | L34: =+D34+F34+H34+J34 -> 60 | M34: =+K34+K13 -> 109 | N34: =+L34+L13 -> 119
A35: 2 | B35: CIRUGIA DE PEDIATRIA | C35: 15 | D35: 13 | E35: 15 | F35: 23 | G35: 15 | H35: 15 | I35: 15 | J35: 19 | K35: =+C35+E35+G35+I35 -> 60 | L35: =+D35+F35+H35+J35 -> 70 | M35: =+K35+K14 -> 108 | N35: =+L35+L14 -> 126
A36: 3 | B36: HEMODINAMIA ADULTOS | C36: 86 | D36: 81 | E36: 86 | F36: 72 | G36: 86 | H36: 75 | I36: 86 | J36: 68 | K36: =+C36+E36+G36+I36 -> 344 | L36: =+D36+F36+H36+J36 -> 296 | M36: =+K36+K15 -> 634 | N36: =+L36+L15 -> 640
A37: 4 | B37: HEMODINAMIA PEDIATRIA | C37: 15 | D37: 15 | E37: 15 | F37: 19 | G37: 15 | H37: 17 | I37: 15 | J37: 11 | K37: =+C37+E37+G37+I37 -> 60 | L37: =+D37+F37+H37+J37 -> 62 | M37: =+K37+K16 -> 108 | N37: =+L37+L16 -> 115
A38: 5 | B38: ECOCARDIOGRAMA ADULTOS | C38: 443 | D38: 492 | E38: 443 | F38: 386 | G38: 443 | H38: 367 | I38: 443 | J38: 420 | K38: =+C38+E38+G38+I38 -> 1772 | L38: =+D38+F38+H38+J38 -> 1665 | M38: =+K38+K17 -> 3294 | N38: =+L38+L17 -> 3489
A39: 6 | B39: ECOCARDIOGRAMA PEDIATRIA | C39: 367 | D39: 443 | E39: 367 | F39: 356 | G39: 367 | H39: 375 | I39: 367 | J39: 351 | K39: =+C39+E39+G39+I39 -> 1468 | L39: =+D39+F39+H39+J39 -> 1525 | M39: =+K39+K18 -> 2732 | N39: =+L39+L18 -> 3015
A40: 7 | B40: ELECTROCARDIOGRAMAS ADULTOS | C40: 138 | D40: 147 | E40: 138 | F40: 124 | G40: 138 | H40: 165 | I40: 138 | J40: 150 | K40: =+C40+E40+G40+I40 -> 552 | L40: =+D40+F40+H40+J40 -> 586 | M40: =+K40+K19 -> 1030 | N40: =+L40+L19 -> 1152
A41: 8 | B41: ELECTROCARDIOGRAMAS PEDIATRIA | C41: 170 | D41: 181 | E41: 170 | F41: 136 | G41: 170 | H41: 161 | I41: 170 | J41: 189 | K41: =+C41+E41+G41+I41 -> 680 | L41: =+D41+F41+H41+J41 -> 667 | M41: =+K41+K20 -> 1263 | N41: =+L41+L20 -> 1231
A42: 9 | B42: CONSULTAS MEDICAS ADULTOS | C42: 1080 | D42: 1233 | E42: 1080 | F42: 909 | G42: 1080 | H42: 1078 | I42: 1080 | J42: 1185 | K42: =+C42+E42+G42+I42 -> 4320 | L42: =+D42+F42+H42+J42 -> 4405 | M42: =+K42+K21 -> 8049 | N42: =+L42+L21 -> 8658
A43: 10 | B43: CONSULTA MEDICAS PEDIATRICAS | C43: 449 | D43: 478 | E43: 449 | F43: 419 | G43: 449 | H43: 422 | I43: 449 | J43: 327 | K43: =+C43+E43+G43+I43 -> 1796 | L43: =+D43+F43+H43+J43 -> 1646 | M43: =+K43+K22 -> 3348 | N43: =+L43+L22 -> 3336
A44: 11 | B44: ESTOMATOLOGIA | C44: 47 | D44: 53 | E44: 47 | F44: 42 | G44: 47 | H44: 52 | I44: 47 | J44: 48 | K44: =+C44+E44+G44+I44 -> 188 | L44: =+D44+F44+H44+J44 -> 195 | M44: =+K44+K23 -> 347 | N44: =+L44+L23 -> 385
A45: 12 | B45: ENCAMAMIENTO POR COMPLICACIONES | C45: 20 | D45: 23 | E45: 20 | F45: 24 | G45: 20 | H45: 27 | I45: 20 | J45: 30 | K45: =+C45+E45+G45+I45 -> 80 | L45: =+D45+F45+H45+J45 -> 104 | M45: =+K45+K24 -> 145 | N45: =+L45+L24 -> 172
... A49: 16 | B49: MONITOREO DE PRESION ARTERIAL | C49: 8 | D49: 8 | E49: 8 | F49: 7 | G49: 8 | H49: 7 | I49: 8 | J49: 6 | K49: =+C49+E49+G49+I49 -> 32 | L49: =+D49+F49+H49+J49 -> 28 | M49: =+K49+K28 -> 54 | N49: =+L49+L28 -> 53
A50: Total servicios/beneficiarios | C50: =SUM(C34:C49) -> 3008 | D50: =SUM(D34:D49) -> 3339 | E50: =SUM(E34:E49) -> 3008 | F50: =SUM(F34:F49) -> 2765 | G50: =SUM(G34:G49) -> 3008 | H50: =SUM(H34:H49) -> 3076 | I50: =SUM(I34:I49) -> 3008 | J50: =SUM(J34:J49) -> 2988 | ... N50: =SUM(N34:N49) -> 23924
B52: Ejecucion y/o avance de cumplimiento de metas fisicas correspondiente al tercer cuatrimestre
A53: No. | B53: Meta/Servicio | C53: Septiembre | E53: Octubre | G53: Noviembre | I53: Diciembre | K53: Totales | M53: Total acumulado anual
C54: Programado | D54: Ejecutado | E54: Programado | F54: Ejecutado | G54: Programado | H54: Ejecutado | I54: Programado | J54: Ejecutado | K54: Programado | L54: Ejecutado | M54: Programado | N54: Ejecutado
A55: 1 | B55: CIRUGIA DE ADULTOS | C55: 15 | D55: 12 | E55: 15 | F55: 21 | G55: 15 | H55: 13 | K55: =+C55+E55+G55+I55 -> 45 | L55: =+D55+F55+H55+J55 -> 46 | M55: =+K55+M34 -> 154 | N55: =+L55+N34 -> 165
A56: 2 | B56: CIRUGIA DE PEDIATRIA | C56: 15 | D56: 22 | E56: 15 | F56: 8 | G56: 15 | H56: 10 | K56: =+C56+E56+G56+I56 -> 45 | L56: =+D56+F56+H56+J56 -> 40 | M56: =+K56+M35 -> 153 | N56: =+L56+N35 -> 166
A57: 3 | B57: HEMODINAMIA ADULTOS | C57: 86 | D57: 69 | E57: 86 | F57: 88 | G57: 85 | H57: 83 | K57: =+C57+E57+G57+I57 -> 257 | L57: =+D57+F57+H57+J57 -> 240 | M57: =+K57+M36 -> 891 | N57: =+L57+N36 -> 880
A58: 4 | B58: HEMODINAMIA PEDIATRIA | C58: 15 | D58: 10 | E58: 15 | F58: 10 | G58: 15 | H58: 14 | K58: =+C58+E58+G58+I58 -> 45 | L58: =+D58+F58+H58+J58 -> 34 | M58: =+K58+M37 -> 153 | N58: =+L58+N37 -> 149
A59: 5 | B59: ECOCARDIOGRAMA ADULTOS | C59: 443 | D59: 365 | E59: 443 | F59: 493 | G59: 443 | H59: 394 | K59: =+C59+E59+G59+I59 -> 1329 | L59: =+D59+F59+H59+J59 -> 1252 | M59: =+K59+M38 -> 4623 | N59: =+L59+N38 -> 4741
A60: 6 | B60: ECOCARDIOGRAMA PEDIATRIA | C60: 367 | D60: 290 | E60: 367 | F60: 262 | G60: 367 | H60: 308 | K60: =+C60+E60+G60+I60 -> 1101 | L60: =+D60+F60+H60+J60 -> 860 | M60: =+K60+M39 -> 3833 | N60: =+L60+N39 -> 3875
A61: 7 | B61: ELECTROCARDIOGRAMAS ADULTOS | C61: 139 | D61: 127 | E61: 139 | F61: 159 | G61: 139 | H61: 152 | K61: =+C61+E61+G61+I61 -> 417 | L61: =+D61+F61+H61+J61 -> 438 | M61: =+K61+M40 -> 1447 | N61: =+L61+N40 -> 1590
A62: 8 | B62: ELECTROCARDIOGRAMAS PEDIATRIA | C62: 170 | D62: 286 | E62: 170 | F62: 270 | G62: 170 | H62: 365 | K62: =+C62+E62+G62+I62 -> 510 | L62: =+D62+F62+H62+J62 -> 921 | M62: =+K62+M41 -> 1773 | N62: =+L62+N41 -> 2152
A63: 9 | B63: CONSULTAS MEDICAS ADULTOS | C63: 1080 | D63: 964 | E63: 1080 | F63: 1099 | G63: 1080 | H63: 1111 | K63: =+C63+E63+G63+I63 -> 3240 | L63: =+D63+F63+H63+J63 -> 3174 | M63: =+K63+M42 -> 11289 | N63: =+L63+N42 -> 11832
A64: 10 | B64: CONSULTA MEDICAS PEDIATRICAS | C64: 449 | D64: 375 | E64: 449 | F64: 368 | G64: 449 | H64: 540 | K64: =+C64+E64+G64+I64 -> 1347 | L64: =+D64+F64+H64+J64 -> 1283 | M64: =+K64+M43 -> 4695 | N64: =+L64+N43 -> 4619
A65: 11 | B65: ESTOMATOLOGIA | C65: 47 | D65: 42 | E65: 47 | F65: 38 | G65: 47 | H65: 29 | K65: =+C65+E65+G65+I65 -> 141 | L65: =+D65+F65+H65+J65 -> 109 | M65: =+K65+M44 -> 488 | N65: =+L65+N44 -> 494
A66: 12 | B66: ENCAMAMIENTO POR COMPLICACIONES | C66: 20 | D66: 18 | E66: 20 | F66: 21 | G66: 20 | H66: 20 | K66: =+C66+E66+G66+I66 -> 60 | L66: =+D66+F66+H66+J66 -> 59 | M66: =+K66+M45 -> 205 | N66: =+L66+N45 -> 231
... A70: 16 | B70: MONITOREO DE PRESION ARTERIAL | C70: 8 | D70: 5 | E70: 7 | F70: 9 | G70: 7 | H70: 10 | K70: =+C70+E70+G70+I70 -> 22 | L70: =+D70+F70+H70+J70 -> 24 | M70: =+K70+M49 -> 76 | N70: =+L70+N49 -> 77
A71: Total | C71: =SUM(C55:C70) -> 3009 | D71: =SUM(D55:D70) -> 2696 | E71: =SUM(E55:E70) -> 3008 | F71: =SUM(F55:F70) -> 2983 | G71: =SUM(G55:G70) -> 3006 | H71: =SUM(H55:H70) -> 3309 | I71: =SUM(I55:I70) -> 0 | J71: =SUM(J55:J70) -> 0 | ... N71: =SUM(N55:N70) -> 32912
B94: RESUMEN AÑO 2024
A95: No. | B95: Meta/Servicio | C95: Totales
C96: Programado | D96: Ejecutado
A97: 1 | B97: CIRUGIA DE ADULTOS | C97: =+K13+K34+K55 -> 154 | D97: =+L13+L34+L55 -> 165
A98: 2 | B98: CIRUGIA DE PEDIATRIA | C98: =+K14+K35+K56 -> 153 | D98: =+L14+L35+L56 -> 166
A99: 3 | B99: HEMODINAMIA ADULTOS | C99: =+K15+K36+K57 -> 891 | D99: =+L15+L36+L57 -> 880
A100: 4 | B100: HEMODINAMIA PEDIATRIA | C100: =+K16+K37+K58 -> 153 | D100: =+L16+L37+L58 -> 149
A101: 5 | B101: ECOCARDIOGRAMA ADULTOS | C101: =+K17+K38+K59 -> 4623 | D101: =+L17+L38+L59 -> 4741
A102: 6 | B102: ECOCARDIOGRAMA PEDIATRIA | C102: =+K18+K39+K60 -> 3833 | D102: =+L18+L39+L60 -> 3875
A103: 7 | B103: ELECTROCARDIOGRAMAS ADULTOS | C103: =+K19+K40+K61 -> 1447 | D103: =+L19+L40+L61 -> 1590
A104: 8 | B104: ELECTROCARDIOGRAMAS PEDIATRIA | C104: =+K20+K41+K62 -> 1773 | D104: =+L20+L41+L62 -> 2152
A105: 9 | B105: CONSULTAS MEDICAS ADULTOS | C105: =+K21+K42+K63 -> 11289 | D105: =+L21+L42+L63 -> 11832
A106: 10 | B106: CONSULTA MEDICAS PEDIATRICAS | C106: =+K22+K43+K64 -> 4695 | D106: =+L22+L43+L64 -> 4619
A107: 11 | B107: ESTOMATOLOGIA | C107: =+K23+K44+K65 -> 488 | D107: =+L23+L44+L65 -> 494
A108: 12 | B108: ENCAMAMIENTO POR COMPLICACIONES | C108: =+K24+K45+K66 -> 205 | D108: =+L24+L45+L66 -> 231
... A112: 16 | B112: MONITOREO DE PRESION ARTERIAL | C112: =+K28+K49+K70 -> 76 | D112: =+L28+L49+L70 -> 77
A113: Total | C113: =SUM(C97:C112) -> 31391 | D113: =SUM(D97:D112) -> 32912
B137: Elaborado por: | C137: ___________________________ | F137: Autorizado por: | H137: _______________________________________
C138: VÍctor Cresencio Reyes Porres | H138: Lic. Douglas Antonio Díaz Rivera
C139: Jefe de Contabilidad | H139: Representante Legal
B140: Fecha: | C140: 10 de diciembre 2,024

Sheet EJEC. FISICA DICIEMBRE DECE-8
L2: DECE-8
A6: UNIDAD DE CIRUGIA CARDIOVASCULAR DE GUATEMALA
A7: 5a. AVENIDA 6-22 ZONA 11
A8: dgunicar@yahoo.es Tel. 24163000
B10: Ejecucion y/o avance de cumplimiento de metas fisicas correspondiente al primer cuatrimestre
A11: No. | B11: Meta/Servicio | C11: Enero | E11: Febrero | G11: Marzo | I11: Abril | K11: Total cuatrimestre
C12: Programado | D12: Ejecutado | E12: Programado | F12: Ejecutado | G12: Programado | H12: Ejecutado | I12: Programado | J12: Ejecutado | K12: Programado | L12: Ejecutado
A13: 1 | B13: CIRUGIA DE ADULTOS | C13: 7 | D13: 20 | E13: 14 | F13: 13 | G13: 15 | H13: 17 | I13: 13 | J13: 9 | K13: =+C13+E13+G13+I13 -> 49 | L13: =+D13+F13+H13+J13 -> 59
A14: 2 | B14: CIRUGIA DE PEDIATRIA | C14: 7 | D14: 21 | E14: 15 | F14: 6 | G14: 11 | H14: 12 | I14: 15 | J14: 17 | K14: =+C14+E14+G14+I14 -> 48 | L14: =+D14+F14+H14+J14 -> 56
A15: 3 | B15: HEMODINAMIA ADULTOS | C15: 39 | D15: 96 | E15: 85 | F15: 86 | G15: 80 | H15: 59 | I15: 86 | J15: 103 | K15: =+C15+E15+G15+I15 -> 290 | L15: =+D15+F15+H15+J15 -> 344
A16: 4 | B16: HEMODINAMIA PEDIATRIA | C16: 6 | D16: 18 | E16: 15 | F16: 7 | G16: 12 | H16: 12 | I16: 15 | J16: 16 | K16: =+C16+E16+G16+I16 -> 48 | L16: =+D16+F16+H16+J16 -> 53
A17: 5 | B17: ECOCARDIOGRAMA ADULTOS | C17: 201 | D17: 451 | E17: 443 | F17: 442 | G17: 435 | H17: 405 | I17: 443 | J17: 526 | K17: =+C17+E17+G17+I17 -> 1522 | L17: =+D17+F17+H17+J17 -> 1824
A18: 6 | B18: ECOCARDIOGRAMA PEDIATRIA | C18: 167 | D18: 422 | E18: 367 | F18: 345 | G18: 363 | H18: 309 | I18: 367 | J18: 414 | K18: =+C18+E18+G18+I18 -> 1264 | L18: =+D18+F18+H18+J18 -> 1490
A19: 7 | B19: ELECTROCARDIOGRAMAS ADULTOS | C19: 64 | D19: 147 | E19: 138 | F19: 139 | G19: 138 | H19: 107 | I19: 138 | J19: 173 | K19: =+C19+E19+G19+I19 -> 478 | L19: =+D19+F19+H19+J19 -> 566
A20: 8 | B20: ELECTROCARDIOGRAMAS PEDIATRIA | C20: 77 | D20: 161 | E20: 170 | F20: 151 | G20: 166 | H20: 117 | I20: 170 | J20: 135 | K20: =+C20+E20+G20+I20 -> 583 | L20: =+D20+F20+H20+J20 -> 564
A21: 9 | B21: CONSULTAS MEDICAS ADULTOS | C21: 491 | D21: 1121 | E21: 1080 | F21: 1114 | G21: 1078 | H21: 918 | I21: 1080 | J21: 1100 | K21: =+C21+E21+G21+I21 -> 3729 | L21: =+D21+F21+H21+J21 -> 4253
A22: 10 | B22: CONSULTA MEDICAS PEDIATRICAS | C22: 205 | D22: 496 | E22: 449 | F22: 408 | G22: 449 | H22: 358 | I22: 449 | J22: 428 | K22: =+C22+E22+G22+I22 -> 1552 | L22: =+D22+F22+H22+J22 -> 1690
A23: 11 | B23: ESTOMATOLOGIA | C23: 22 | D23: 44 | E23: 47 | F23: 42 | G23: 43 | H23: 38 | I23: 47 | J23: 66 | K23: =+C23+E23+G23+I23 -> 159 | L23: =+D23+F23+H23+J23 -> 190
A24: 12 | B24: ENCAMAMIENTO POR COMPLICACIONES | C24: 9 | D24: 21 | E24: 20 | F24: 18 | G24: 16 | H24: 8 | I24: 20 | J24: 21 | K24: =+C24+E24+G24+I24 -> 65 | L24: =+D24+F24+H24+J24 -> 68
... A28: 16 | B28: MONITOREO DE PRESION ARTERIAL | C28: 4 | D28: 11 | E28: 8 | F28: 6 | G28: 2 | H28: 4 | I28: 8 | J28: 4 | K28: =+C28+E28+G28+I28 -> 22 | L28: =+D28+F28+H28+J28 -> 25
A29: Total servicios/beneficiarios | C29: =SUM(C13:C28) -> 1370 | D29: =SUM(D13:D28) -> 3214 | E29: =SUM(E13:E28) -> 3006 | F29: =SUM(F13:F28) -> 2898 | G29: =SUM(G13:G28) -> 2954 | H29: =SUM(H13:H28) -> 2463 | I29: =SUM(I13:I28) -> 3006 | J29: =SUM(J13:J28) -> 3181 | ... L29: =SUM(L13:L28) -> 11756
B31: Ejecucion y/o avance de cumplimiento de metas fisicas correspondiente al segundo cuatrimestre
A32: No. | B32: Meta/Servicio | C32: Mayo | E32: Junio | G32: Julio | I32: Agosto | K32: Total cuatrimestre | M32: Total acumulado
C33: Programado | D33: Ejecutado | E33: Programado | F33: Ejecutado | G33: Programado | H33: Ejecutado | I33: Programado | J33: Ejecutado | K33: Programado | L33: Ejecutado | M33: Programado | N33: Ejecutado
A34: 1 | B34: CIRUGIA DE ADULTOS | C34: 15 | D34: 13 | E34: 15 | F34: 16 | G34: 15 | H34: 18 | I34: 15 | J34: 13 | K34: =+C34+E34+G34+I34 -> 60 | L34: =+D34+F34+H34+J34 -> 60 | M34: =+K34+K13 -> 109 | N34: =+L34+L13 -> 119
A35: 2 | B35: CIRUGIA DE PEDIATRIA | C35: 15 | D35: 13 | E35: 15 | F35: 23 | G35: 15 | H35: 15 | I35: 15 | J35: 19 | K35: =+C35+E35+G35+I35 -> 60 | L35: =+D35+F35+H35+J35 -> 70 | M35: =+K35+K14 -> 108 | N35: =+L35+L14 -> 126
A36: 3 | B36: HEMODINAMIA ADULTOS | C36: 86 | D36: 81 | E36: 86 | F36: 72 | G36: 86 | H36: 75 | I36: 86 | J36: 68 | K36: =+C36+E36+G36+I36 -> 344 | L36: =+D36+F36+H36+J36 -> 296 | M36: =+K36+K15 -> 634 | N36: =+L36+L15 -> 640
A37: 4 | B37: HEMODINAMIA PEDIATRIA | C37: 15 | D37: 15 | E37: 15 | F37: 19 | G37: 15 | H37: 17 | I37: 15 | J37: 11 | K37: =+C37+E37+G37+I37 -> 60 | L37: =+D37+F37+H37+J37 -> 62 | M37: =+K37+K16 -> 108 | N37: =+L37+L16 -> 115
A38: 5 | B38: ECOCARDIOGRAMA ADULTOS | C38: 443 | D38: 492 | E38: 443 | F38: 386 | G38: 443 | H38: 367 | I38: 443 | J38: 420 | K38: =+C38+E38+G38+I38 -> 1772 | L38: =+D38+F38+H38+J38 -> 1665 | M38: =+K38+K17 -> 3294 | N38: =+L38+L17 -> 3489
A39: 6 | B39: ECOCARDIOGRAMA PEDIATRIA | C39: 367 | D39: 443 | E39: 367 | F39: 356 | G39: 367 | H39: 375 | I39: 367 | J39: 351 | K39: =+C39+E39+G39+I39 -> 1468 | L39: =+D39+F39+H39+J39 -> 1525 | M39: =+K39+K18 -> 2732 | N39: =+L39+L18 -> 3015
A40: 7 | B40: ELECTROCARDIOGRAMAS ADULTOS | C40: 138 | D40: 147 | E40: 138 | F40: 124 | G40: 138 | H40: 165 | I40: 138 | J40: 150 | K40: =+C40+E40+G40+I40 -> 552 | L40: =+D40+F40+H40+J40 -> 586 | M40: =+K40+K19 -> 1030 | N40: =+L40+L19 -> 1152
A41: 8 | B41: ELECTROCARDIOGRAMAS PEDIATRIA | C41: 170 | D41: 181 | E41: 170 | F41: 136 | G41: 170 | H41: 161 | I41: 170 | J41: 189 | K41: =+C41+E41+G41+I41 -> 680 | L41: =+D41+F41+H41+J41 -> 667 | M41: =+K41+K20 -> 1263 | N41: =+L41+L20 -> 1231
A42: 9 | B42: CONSULTAS MEDICAS ADULTOS | C42: 1080 | D42: 1233 | E42: 1080 | F42: 909 | G42: 1080 | H42: 1078 | I42: 1080 | J42: 1185 | K42: =+C42+E42+G42+I42 -> 4320 | L42: =+D42+F42+H42+J42 -> 4405 | M42: =+K42+K21 -> 8049 | N42: =+L42+L21 -> 8658
A43: 10 | B43: CONSULTA MEDICAS PEDIATRICAS | C43: 449 | D43: 478 | E43: 449 | F43: 419 | G43: 449 | H43: 422 | I43: 449 | J43: 327 | K43: =+C43+E43+G43+I43 -> 1796 | L43: =+D43+F43+H43+J43 -> 1646 | M43: =+K43+K22 -> 3348 | N43: =+L43+L22 -> 3336
A44: 11 | B44: ESTOMATOLOGIA | C44: 47 | D44: 53 | E44: 47 | F44: 42 | G44: 47 | H44: 52 | I44: 47 | J44: 48 | K44: =+C44+E44+G44+I44 -> 188 | L44: =+D44+F44+H44+J44 -> 195 | M44: =+K44+K23 -> 347 | N44: =+L44+L23 -> 385
A45: 12 | B45: ENCAMAMIENTO POR COMPLICACIONES | C45: 20 | D45: 23 | E45: 20 | F45: 24 | G45: 20 | H45: 27 | I45: 20 | J45: 30 | K45: =+C45+E45+G45+I45 -> 80 | L45: =+D45+F45+H45+J45 -> 104 | M45: =+K45+K24 -> 145 | N45: =+L45+L24 -> 172
... A49: 16 | B49: MONITOREO DE PRESION ARTERIAL | C49: 8 | D49: 8 | E49: 8 | F49: 7 | G49: 8 | H49: 7 | I49: 8 | J49: 6 | K49: =+C49+E49+G49+I49 -> 32 | L49: =+D49+F49+H49+J49 -> 28 | M49: =+K49+K28 -> 54 | N49: =+L49+L28 -> 53
A50: Total servicios/beneficiarios | C50: =SUM(C34:C49) -> 3008 | D50: =SUM(D34:D49) -> 3339 | E50: =SUM(E34:E49) -> 3008 | F50: =SUM(F34:F49) -> 2765 | G50: =SUM(G34:G49) -> 3008 | H50: =SUM(H34:H49) -> 3076 | I50: =SUM(I34:I49) -> 3008 | J50: =SUM(J34:J49) -> 2988 | ... N50: =SUM(N34:N49) -> 23924
B52: Ejecucion y/o avance de cumplimiento de metas fisicas correspondiente al tercer cuatrimestre
A53: No. | B53: Meta/Servicio | C53: Septiembre | E53: Octubre | G53: Noviembre | I53: Diciembre | K53: Totales | M53: Total acumulado anual
C54: Programado | D54: Ejecutado | E54: Programado | F54: Ejecutado | G54: Programado | H54: Ejecutado | I54: Programado | J54: Ejecutado | K54: Programado | L54: Ejecutado | M54: Programado | N54: Ejecutado
A55: 1 | B55: CIRUGIA DE ADULTOS | C55: 15 | D55: 12 | E55: 15 | F55: 21 | G55: 15 | H55: 13 | I55: 6 | J55: 18 | K55: =+C55+E55+G55+I55 -> 51 | L55: =+D55+F55+H55+J55 -> 64 | M55: =+K55+M34 -> 160 | N55: =+L55+N34 -> 183
A56: 2 | B56: CIRUGIA DE PEDIATRIA | C56: 15 | D56: 22 | E56: 15 | F56: 8 | G56: 15 | H56: 10 | I56: 7 | J56: 6 | K56: =+C56+E56+G56+I56 -> 52 | L56: =+D56+F56+H56+J56 -> 46 | M56: =+K56+M35 -> 160 | N56: =+L56+N35 -> 172
A57: 3 | B57: HEMODINAMIA ADULTOS | C57: 86 | D57: 69 | E57: 86 | F57: 88 | G57: 85 | H57: 83 | I57: 39 | J57: 70 | K57: =+C57+E57+G57+I57 -> 296 | L57: =+D57+F57+H57+J57 -> 310 | M57: =+K57+M36 -> 930 | N57: =+L57+N36 -> 950
A58: 4 | B58: HEMODINAMIA PEDIATRIA | C58: 15 | D58: 10 | E58: 15 | F58: 10 | G58: 15 | H58: 14 | I58: 6 | J58: 12 | K58: =+C58+E58+G58+I58 -> 51 | L58: =+D58+F58+H58+J58 -> 46 | M58: =+K58+M37 -> 159 | N58: =+L58+N37 -> 161
A59: 5 | B59: ECOCARDIOGRAMA ADULTOS | C59: 443 | D59: 365 | E59: 443 | F59: 493 | G59: 443 | H59: 394 | I59: 201 | J59: 289 | K59: =+C59+E59+G59+I59 -> 1530 | L59: =+D59+F59+H59+J59 -> 1541 | M59: =+K59+M38 -> 4824 | N59: =+L59+N38 -> 5030
A60: 6 | B60: ECOCARDIOGRAMA PEDIATRIA | C60: 367 | D60: 290 | E60: 367 | F60: 262 | G60: 367 | H60: 308 | I60: 167 | J60: 302 | K60: =+C60+E60+G60+I60 -> 1268 | L60: =+D60+F60+H60+J60 -> 1162 | M60: =+K60+M39 -> 4000 | N60: =+L60+N39 -> 4177
A61: 7 | B61: ELECTROCARDIOGRAMAS ADULTOS | C61: 139 | D61: 127 | E61: 139 | F61: 159 | G61: 139 | H61: 152 | I61: 65 | J61: 94 | K61: =+C61+E61+G61+I61 -> 482 | L61: =+D61+F61+H61+J61 -> 532 | M61: =+K61+M40 -> 1512 | N61: =+L61+N40 -> 1684
A62: 8 | B62: ELECTROCARDIOGRAMAS PEDIATRIA | C62: 170 | D62: 286 | E62: 170 | F62: 270 | G62: 170 | H62: 364 | I62: 77 | J62: 242 | K62: =+C62+E62+G62+I62 -> 587 | L62: =+D62+F62+H62+J62 -> 1162 | M62: =+K62+M41 -> 1850 | N62: =+L62+N41 -> 2393
A63: 9 | B63: CONSULTAS MEDICAS ADULTOS | C63: 1080 | D63: 964 | E63: 1080 | F63: 1099 | G63: 1080 | H63: 1111 | I63: 491 | J63: 793 | K63: =+C63+E63+G63+I63 -> 3731 | L63: =+D63+F63+H63+J63 -> 3967 | M63: =+K63+M42 -> 11780 | N63: =+L63+N42 -> 12625
A64: 10 | B64: CONSULTA MEDICAS PEDIATRICAS | C64: 449 | D64: 375 | E64: 449 | F64: 368 | G64: 449 | H64: 540 | I64: 205 | J64: 431 | K64: =+C64+E64+G64+I64 -> 1552 | L64: =+D64+F64+H64+J64 -> 1714 | M64: =+K64+M43 -> 4900 | N64: =+L64+N43 -> 5050
A65: 11 | B65: ESTOMATOLOGIA | C65: 47 | D65: 42 | E65: 47 | F65: 38 | G65: 47 | H65: 29 | I65: 22 | J65: 25 | K65: =+C65+E65+G65+I65 -> 163 | L65: =+D65+F65+H65+J65 -> 134 | M65: =+K65+M44 -> 510 | N65: =+L65+N44 -> 519
A66: 12 | B66: ENCAMAMIENTO POR COMPLICACIONES | C66: 20 | D66: 18 | E66: 20 | F66: 21 | G66: 20 | H66: 20 | I66: 10 | J66: 25 | K66: =+C66+E66+G66+I66 -> 70 | L66: =+D66+F66+H66+J66 -> 84 | M66: =+K66+M45 -> 215 | N66: =+L66+N45 -> 256
... A70: 16 | B70: MONITOREO DE PRESION ARTERIAL | C70: 8 | D70: 5 | E70: 7 | F70: 9 | G70: 7 | H70: 10 | I70: 4 | J70: 7 | K70: =+C70+E70+G70+I70 -> 26 | L70: =+D70+F70+H70+J70 -> 31 | M70: =+K70+M49 -> 80 | N70: =+L70+N49 -> 84
A71: Total | C71: =SUM(C55:C70) -> 3009 | D71: =SUM(D55:D70) -> 2696 | E71: =SUM(E55:E70) -> 3008 | F71: =SUM(F55:F70) -> 2983 | G71: =SUM(G55:G70) -> 3006 | H71: =SUM(H55:H70) -> 3308 | I71: =SUM(I55:I70) -> 1371 | J71: =SUM(J55:J70) -> 2507 | ... N71: =SUM(N55:N70) -> 35418
B94: RESUMEN AÑO 2024
A95: No. | B95: Meta/Servicio | C95: Totales
C96: Programado | D96: Ejecutado
A97: 1 | B97: CIRUGIA DE ADULTOS | C97: =+K13+K34+K55 -> 160 | D97: =+L13+L34+L55 -> 183
A98: 2 | B98: CIRUGIA DE PEDIATRIA | C98: =+K14+K35+K56 -> 160 | D98: =+L14+L35+L56 -> 172
A99: 3 | B99: HEMODINAMIA ADULTOS | C99: =+K15+K36+K57 -> 930 | D99: =+L15+L36+L57 -> 950
A100: 4 | B100: HEMODINAMIA PEDIATRIA | C100: =+K16+K37+K58 -> 159 | D100: =+L16+L37+L58 -> 161
A101: 5 | B101: ECOCARDIOGRAMA ADULTOS | C101: =+K17+K38+K59 -> 4824 | D101: =+L17+L38+L59 -> 5030
A102: 6 | B102: ECOCARDIOGRAMA PEDIATRIA | C102: =+K18+K39+K60 -> 4000 | D102: =+L18+L39+L60 -> 4177
A103: 7 | B103: ELECTROCARDIOGRAMAS ADULTOS | C103: =+K19+K40+K61 -> 1512 | D103: =+L19+L40+L61 -> 1684
A104: 8 | B104: ELECTROCARDIOGRAMAS PEDIATRIA | C104: =+K20+K41+K62 -> 1850 | D104: =+L20+L41+L62 -> 2393
A105: 9 | B105: CONSULTAS MEDICAS ADULTOS | C105: =+K21+K42+K63 -> 11780 | D105: =+L21+L42+L63 -> 12625
A106: 10 | B106: CONSULTA MEDICAS PEDIATRICAS | C106: =+K22+K43+K64 -> 4900 | D106: =+L22+L43+L64 -> 5050
A107: 11 | B107: ESTOMATOLOGIA | C107: =+K23+K44+K65 -> 510 | D107: =+L23+L44+L65 -> 519
A108: 12 | B108: ENCAMAMIENTO POR COMPLICACIONES | C108: =+K24+K45+K66 -> 215 | D108: =+L24+L45+L66 -> 256
... A112: 16 | B112: MONITOREO DE PRESION ARTERIAL | C112: =+K28+K49+K70 -> 80 | D112: =+L28+L49+L70 -> 84
A113: Total | C113: =SUM(C97:C112) -> 32762 | D113: =SUM(D97:D112) -> 35418
B137: Elaborado por: | C137: ___________________________ | F137: Autorizado por: | H137: _______________________________________
C138: VÍctor Cresencio Reyes Porres | H138: Lic. Douglas Antonio Díaz Rivera
C139: Jefe de Contabilidad | H139: Representante Legal
B140: Fecha: | C140: 10 de enero 2,025

Sheet PRESUPUESTO SEPTIEMBRE
A1: UNIDAD DE CIRUGIA CARDIOVASCULAR DE GUATEMALA
A2: FONDOS ESTATALES
A3: PRESUPUESTO SEPTIEMBRE 2024
C4: PRESUPUESTO 2024 | D4: TRANSFERENCIAS (+-), AMPLIACION | E4: PRESUPUESTO AJUSTADO 2,020 | F4: EJECUTADO | G4: SALDO
B5: ASIGNACION DEL ESTADO | C5: 80000000 | E5: =+C5+D5 -> 80000000 | F5: 0 | G5: =+E5-F5 -> 80000000
B6: TOTAL ASIGNACION DEL ESTADO | C6: =SUM(C5) -> 80000000 | D6: =SUM(D5) -> 0 | E6: =SUM(E5) -> 80000000 | F6: =SUM(F5) -> 0 | G6: =SUM(G5) -> 80000000
C8: =+C4 -> PRESUPUESTO 2024 | D8: TRANSFERENCIAS (+-) | E8: =+E4 -> PRESUPUESTO AJUSTADO 2,020 | F8: =+F4 -> EJECUTADO | G8: SALDO
A9: 011 | B9: SUELDOS, CUOTA PATRONAL, BONO 14 Y AGUINALDO | C9: 49427595 | E9: =+C9+D9 -> 49427595 | G9: =+E9-F9 -> 49427595
B10: TOTAL RECURSO HUMANO | C10: =SUM(C9) -> 49427595 | D10: =SUM(D9) -> 0 | E10: =SUM(E9) -> 49427595 | F10: =SUM(F9) -> 0 | G10: =SUM(G9) -> 49427595
B12: GASTOS DE OPERACIÓN | C12: =+C8 -> PRESUPUESTO 2024 | D12: TRANSFERENCIAS (+-) | E12: =+E8 -> PRESUPUESTO AJUSTADO 2,020 | F12: =+F8 -> EJECUTADO | G12: SALDO
A13: 111 | B13: ENERGIA ELECTRICA | C13: 1078000 | E13: =+C13+D13 -> 1078000 | G13: =+E13-F13 -> 1078000
A14: 113 | B14: SERVICIO DE INTERNET Y TELEFONIA | C14: 127545 | E14: =+C14+D14 -> 127545 | G14: =+E14-F14 -> 127545
